Workbook

Sheet Sommaire
A2: Rapport sur les finances communales - exercice 2021
B4: Sommaire
A6: 1 | B6: Population
A7: 1.1 | B7: Population | C7: Population
A9: 2 | B9: Compte de résultat
A10: 2.1 | B10: Compte de résultats par nature par commune | C10: Compte de résultats
A11: 2.2 | B11: Compte de résultats pas nature en Fr. par habitant | C11: Compte de résultats en Fr. par habitant
A12: 2.3 | B12: Compte de résultats par nature en Fr. par habitant par commune | C12: Compte de résultats en Fr. par commune
A13: 2.4 | B13: Vue d'ensemble | C13: Vue d'ensemble
A14: 2.5 | B14: Vue d'ensemble par commune | C14: Vue d'ensemble par commune
A15: 2.6 | B15: Résultats à 3 niveaux | C15: Résultats à 3 niveaux
A16: 2.7 | B16: Résultats à 3 nivaux par commune | C16: Résultats à 3 niveaux par commune
A17: 2.8 | B17: Autofinancement | C17: Autofinancement
A18: 2.9 | B18: Autofinancement par commune | C18: Autofinancement par commune
A19: 2.1 | B19: Compte de résultats par fonction | C19: Compte de résultats par fonction
A20: 2.11 | B20: Compte de résultats par fonction par commune | C20: Compte de résultats fonctionnel par commune
A22: 3 | B22: Bilan
A23: 3.2 | B23: Bilan de l'ensemble des communes | C23: Bilan de l'ensemble des communes
A24: 3.3 | B24: Bilan par commune | C24: Bilan par commune
A25: 3.4 | B25: Tableau du bilan | C25: Tableau du bilan
A26: 3.5 | B26: Tableau de l'endettement | C26: Endettement
A27: 3.6 | B27: Tableau de l'endettement par commune | C27: Endettement par commune
A29: 4 | B29: Comptes des investissements
A30: 4.1 | B30: Investissements de l'ensemble des communes | C30: Investissements
A31: 4.2 | B31: Investissements par commune | C31: Investissements par commune
A33: 5 | B33: Indicateurs financiers
A34: 5.1 | B34: Définition des indicateurs financiers | C34: Définition des indicateurs financiers
A35: 5.2 | B35: Quotient de l'endettement net et degré d'autofinancement | C35: Degré d'autofinancement
A36: 5.3 | B36: Quotité de la charge des intérêts et dette brute par rapport aux revenus | C36: Dette brute par rapport aux revenus
A37: 5.4 | B37: Quotité d'investissement et quotité de la charge financière | C37: Quotités d'investissement et charges financière
A38: 5.5 | B38: Quotité d'autofinancement et quotité de la charge des intérêts nets | C38: Quotité d''autofinancement
A39: 5.6 | B39: Quotient de l'excédent au bilan | C39: Quotient excédent du bilan
A40: 5.7 | B40: Récapitulatif de l'ensemble des communes | C40: Récapitulatif
A41: 5.8 | B41: Récapitulatif par commune | C41: Récapitulatif par commune

Sheet Base de données pop.
A1: N° | B1: Communes | C1: 2022 | M1: N° | N1: Communes | O1: 2022
A2: 1 | B2: Boécourt | C2: 951 | G2: Ne pas effectuer de tri avec cette feuille, c'est la base de donnée. | M2: 1 | N2: Alle | O2: =C34 -> 1882
A3: 2 | B3: Bourrignon | C3: 258 | M3: 2 | N3: Basse-Allaine | O3: =C36 -> 1217
A4: 3 | B4: Châtillon | C4: 471 | M4: 3 | N4: Beurnevésin | O4: =C37 -> 117
A5: 4 | B5: Courchapoix | C5: 441 | F5: Population par district | M5: 4 | N5: Boécourt | O5: =C2 -> 951
A6: 5 | B6: Courrendlin | C6: 3686 | F6: Delémont | H6: =SUM(C2:C20) -> 39309 | M6: 5 | N6: Boncourt | O6: =C38 -> 1205
A7: 6 | B7: Courroux | C7: 3313 | F7: Franches-Montagnes | H7: =SUM(C21:C33) -> 10433 | M7: 6 | N7: Bonfol | O7: =C39 -> 625
A8: 7 | B8: Courtételle | C8: 2654 | F8: Porrentruy | H8: =SUM(C34:C54) -> 24123 | M8: 7 | N8: Bourrignon | O8: =C3 -> 258
A9: 8 | B9: Delémont | C9: 12636 | H9: =SUM(H6:H8) -> 73865 | M9: 8 | N9: Bure | O9: =C40 -> 631
A10: 9 | B10: Develier | C10: 1360 | M10: 9 | N10: Châtillon | O10: =C4 -> 471
A11: 10 | B11: Ederswiler | C11: 112 | M11: 10 | N11: Clos du Doubs | O11: =C41 -> 1275
A12: 11 | B12: Haute-Sorne | C12: 7319 | M12: 11 | N12: Coeuve | O12: =C42 -> 718
A13: 12 | B13: Mervelier | C13: 522 | M13: 12 | N13: Cornol | O13: =C43 -> 1018
A14: 13 | B14: Mettembert | C14: 106 | M14: 13 | N14: Courchapoix | O14: =C5 -> 441
A15: 14 | B15: Movelier | C15: 425 | M15: 14 | N15: Courchavon | O15: =C44 -> 293
A16: 15 | B16: Pleigne | C16: 350 | M16: 15 | N16: Courgenay | O16: =C45 -> 2435
A17: 16 | B17: Rossemaison | C17: 733 | M17: 16 | N17: Courrendlin | O17: =C6 -> 3686
A18: 17 | B18: Saulcy | C18: 270 | M18: 17 | N18: Courroux | O18: =C7 -> 3313
A19: 18 | B19: Soyhières | C19: 417 | M19: 18 | N19: Courtedoux | O19: =C46 -> 786
A20: 19 | B20: Val Terbi | C20: 3285 | M20: 19 | N20: Courtételle | O20: =C8 -> 2654
A21: 20 | B21: Le Bémont | C21: 308 | M21: 20 | N21: Damphreux | O21: =C47 -> 184
A22: 21 | B22: Les Bois | C22: 1258 | M22: 21 | N22: Delémont | O22: =C9 -> 12636
A23: 22 | B23: Les Breuleux | C23: 1524 | M23: 22 | N23: Develier | O23: =C10 -> 1360
A24: 23 | B24: La Chaux-B. | C24: 87 | M24: 23 | N24: Ederswiler | O24: =C11 -> 112
A25: 24 | B25: Les Enfers | C25: 156 | M25: 24 | N25: Fahy | O25: =C48 -> 333
A26: 25 | B26: Les Genevez | C26: 510 | M26: 25 | N26: Fontenais | O26: =C49 -> 1674
A27: 26 | B27: Lajoux | C27: 705 | M27: 26 | N27: Grandfontaine | O27: =C50 -> 391
A28: 27 | B28: Montfaucon | C28: 551 | M28: 27 | N28: Haute-Ajoie | O28: =C51 -> 1052
A29: 28 | B29: Muriaux | C29: 511 | M29: 28 | N29: Haute-Sorne | O29: =C12 -> 7319
A30: 29 | B30: Le Noirmont | C30: 1902 | M30: 29 | N30: La Baroche | O30: =C35 -> 1114
A31: 30 | B31: Saignelégier | C31: 2575 | M31: 30 | N31: La Chaux-B. | O31: =C24 -> 87
A32: 31 | B32: Saint-Brais | C32: 228 | M32: 31 | N32: Lajoux | O32: =C27 -> 705
A33: 32 | B33: Soubey | C33: 118 | M33: 32 | N33: Le Bémont | O33: =C21 -> 308
A34: 33 | B34: Alle | C34: 1882 | M34: 33 | N34: Le Noirmont | O34: =C30 -> 1902
A35: 34 | B35: La Baroche | C35: 1114 | M35: 34 | N35: Les Bois | O35: =C22 -> 1258
A36: 35 | B36: Basse-Allaine | C36: 1217 | M36: 35 | N36: Les Breuleux | O36: =C23 -> 1524
A37: 36 | B37: Beurnevésin | C37: 117 | M37: 36 | N37: Les Enfers | O37: =C25 -> 156
A38: 37 | B38: Boncourt | C38: 1205 | M38: 37 | N38: Les Genevez | O38: =C26 -> 510
A39: 38 | B39: Bonfol | C39: 625 | M39: 38 | N39: Lugnez | O39: =C52 -> 186
A40: 39 | B40: Bure | C40: 631 | M40: 39 | N40: Mervelier | O40: =C13 -> 522
A41: 40 | B41: Clos du Doubs | C41: 1275 | M41: 40 | N41: Mettembert | O41: =C14 -> 106
A42: 41 | B42: Coeuve | C42: 718 | M42: 41 | N42: Montfaucon | O42: =C28 -> 551
A43: 42 | B43: Cornol | C43: 1018 | M43: 42 | N43: Movelier | O43: =C15 -> 425
A44: 43 | B44: Courchavon | C44: 293 | M44: 43 | N44: Muriaux | O44: =C29 -> 511
A45: 44 | B45: Courgenay | C45: 2435 | M45: 44 | N45: Pleigne | O45: =C16 -> 350
A46: 45 | B46: Courtedoux | C46: 786 | M46: 45 | N46: Porrentruy | O46: =C53 -> 6441
A47: 46 | B47: Damphreux | C47: 184 | M47: 46 | N47: Rossemaison | O47: =C17 -> 733
A48: 47 | B48: Fahy | C48: 333 | M48: 47 | N48: Saignelégier | O48: =C31 -> 2575
A49: 48 | B49: Fontenais | C49: 1674 | M49: 48 | N49: Saint-Brais | O49: =C32 -> 228
A50: 49 | B50: Grandfontaine | C50: 391 | M50: 49 | N50: Saulcy | O50: =C18 -> 270
A51: 50 | B51: Haute-Ajoie | C51: 1052 | M51: 50 | N51: Soubey | O51: =C33 -> 118
A52: 51 | B52: Lugnez | C52: 186 | M52: 51 | N52: Soyhières | O52: =C19 -> 417
A53: 52 | B53: Porrentruy | C53: 6441 | M53: 52 | N53: Val Terbi | O53: =C20 -> 3285
A54: 53 | B54: Vendlincourt | C54: 546 | M54: 53 | N54: Vendlincourt | O54: =C54 -> 546
B55: Total | C55: =SUM(C2:C54) -> 73865 | D55: Ok, contrôlé le 26.06.2023 | N55: Total | O55: =SUM(O2:O54) -> 73865

Sheet Population
B3: moins de 200 habitants | E3: 201 à 500 habitants | G3: 501 à 1'000 habitants | J3: 1'001 à 2'000 habitants | M3: 2001 à 3'000 habitant | P3: plus de 3'000 habitant
A5: 1 | B5: La Chaux | C5: ='Base de données pop.'!C24 -> 87 | D5: 9 | E5: Saint-Brais | F5: ='Base de données pop.'!C32 -> 228 | G5: 21 | H5: Les Genevez | I5: ='Base de données pop.'!C26 -> 510 | J5: 33 | K5: Cornol | L5: ='Base de données pop.'!C43 -> 1018 | M5: 45 | N5: Courgenay | O5: ='Base de données pop.'!C45 -> 2435 | P5: 48 | Q5: Val Terbi | R5: ='Base de données pop.'!C20 -> 3285
A6: 2 | B6: Mettembert | C6: ='Base de données pop.'!C14 -> 106 | D6: 10 | E6: Bourrignon | F6: ='Base de données pop.'!C3 -> 258 | G6: 22 | H6: Muriaux | I6: ='Base de données pop.'!C29 -> 511 | J6: 34 | K6: Haute-Ajoie | L6: ='Base de données pop.'!C51 -> 1052 | M6: 46 | N6: Saignelégier | O6: ='Base de données pop.'!C31 -> 2575 | P6: 49 | Q6: Courroux | R6: ='Base de données pop.'!C7 -> 3313
A7: 3 | B7: Ederswiler | C7: ='Base de données pop.'!C11 -> 112 | D7: 11 | E7: Saulcy | F7: ='Base de données pop.'!C18 -> 270 | G7: 23 | H7: Mervelier | I7: ='Base de données pop.'!C13 -> 522 | J7: 35 | K7: La Baroche | L7: ='Base de données pop.'!C35 -> 1114 | M7: 47 | N7: Courtételle | O7: ='Base de données pop.'!C8 -> 2654 | P7: 50 | Q7: Courrendlin | R7: ='Base de données pop.'!C6 -> 3686
A8: 4 | B8: Beurnevésin | C8: ='Base de données pop.'!C37 -> 117 | D8: 12 | E8: Courchavon | F8: ='Base de données pop.'!C44 -> 293 | G8: 24 | H8: Vendlincourt | I8: ='Base de données pop.'!C54 -> 546 | J8: 36 | K8: Boncourt | L8: ='Base de données pop.'!C38 -> 1205 | O8: =SUM(O5:O7) -> 7664 | P8: 51 | Q8: Porrentruy | R8: ='Base de données pop.'!C53 -> 6441
A9: 5 | B9: Soubey | C9: ='Base de données pop.'!C33 -> 118 | D9: 13 | E9: Le Bémont | F9: ='Base de données pop.'!C21 -> 308 | G9: 25 | H9: Montfaucon | I9: ='Base de données pop.'!C28 -> 551 | J9: 37 | K9: Basse-Allaine | L9: ='Base de données pop.'!C36 -> 1217 | N9: moyenne | O9: =O8/5 -> 1532.8 | P9: 52 | Q9: Haute-Sorne | R9: ='Base de données pop.'!C12 -> 7319
A10: 6 | B10: Les Enfers | C10: ='Base de données pop.'!C25 -> 156 | D10: 14 | E10: Fahy | F10: ='Base de données pop.'!C48 -> 333 | G10: 26 | H10: Bonfol | I10: ='Base de données pop.'!C39 -> 625 | J10: 38 | K10: Les Bois | L10: ='Base de données pop.'!C22 -> 1258 | P10: 53 | Q10: Delémont | R10: ='Base de données pop.'!C9 -> 12636
A11: 7 | B11: Lugnez | C11: ='Base de données pop.'!C52 -> 186 | D11: 15 | E11: Pleigne | F11: ='Base de données pop.'!C16 -> 350 | G11: 27 | H11: Bure | I11: ='Base de données pop.'!C40 -> 631 | J11: 39 | K11: Clos du Doubs | L11: ='Base de données pop.'!C41 -> 1275 | R11: =SUM(R5:R10) -> 36680
A12: 8 | B12: Damphreux | C12: ='Base de données pop.'!C47 -> 184 | D12: 16 | E12: Grandfontaine | F12: ='Base de données pop.'!C50 -> 391 | G12: 28 | H12: Lajoux | I12: ='Base de données pop.'!C27 -> 705 | J12: 40 | K12: Develier | L12: ='Base de données pop.'!C10 -> 1360 | Q12: moyenne | R12: =R11/4 -> 9170
C13: =SUM(C5:C12) -> 1066 | D13: 17 | E13: Soyhières | F13: ='Base de données pop.'!C19 -> 417 | G13: 29 | H13: Coeuve | I13: ='Base de données pop.'!C42 -> 718 | J13: 41 | K13: Les Breuleux | L13: ='Base de données pop.'!C23 -> 1524
B14: moyenne | C14: =C13/8 -> 133.25 | D14: 18 | E14: Movelier | F14: ='Base de données pop.'!C15 -> 425 | G14: 30 | H14: Rossemaison | I14: ='Base de données pop.'!C17 -> 733 | J14: 42 | K14: Fontenais | L14: ='Base de données pop.'!C49 -> 1674 | S14: =C13+F17+I17+L17+O8+R11 -> 73865
D15: 19 | E15: Courchapoix | F15: ='Base de données pop.'!C5 -> 441 | G15: 31 | H15: Courdedoux | I15: ='Base de données pop.'!C46 -> 786 | J15: 43 | K15: Alle | L15: ='Base de données pop.'!C34 -> 1882 | S15: =S14/53 -> 1393.6792
D16: 20 | E16: Châtillon | F16: ='Base de données pop.'!C4 -> 471 | G16: 32 | H16: Boécourt | I16: ='Base de données pop.'!C2 -> 951 | J16: 44 | K16: Le Noirmont | L16: ='Base de données pop.'!C30 -> 1902 | U16: MOINS DE 1000 HABITANTS
F17: =SUM(F5:F16) -> 4185 | I17: =SUM(I5:I16) -> 7789 | L17: =SUM(L5:L16) -> 16481 | U17: =C13+F17+I17 -> 13040
E18: moyenne | F18: =F17/13 -> 321.92308 | H18: moyenne | I18: =I17/11 -> 708.09091 | K18: moyenne | L18: =L17/12 -> 1373.4167
B21: =C13+F17+I17+L17+O8+R11 -> 73865
K23: Par Disctrict | L23: Delémont | O23: 39303
B24: 8 communes de moins 200 habitants | C24: =C13 -> 1066 | E24: =C24*100/B21 -> 1.4431734 | L24: Franches-Montagnes | O24: 10432
B25: 13 communes de 200 à 500 habitants | C25: =F17 -> 4185 | E25: =C25*100/B21 -> 5.6657416 | F25: =E24+E25 -> 7.1089149 | L25: Porrentruy | O25: 24116
B26: 11 communes de 501 à 1'000 habitants | C26: =I17 -> 7789 | E26: =C26*100/B21 -> 10.544913 | L26: Total | O26: =SUM(O23:O25) -> 73851
B27: 12 communes de 1'001 à 2'000 habitants | C27: =L17 -> 16481 | E27: =C27*100/B21 -> 22.312327
B28: 3 communes de 2'001 à 3'000 habitants | C28: =O8 -> 7664 | E28: =C28*100/B21 -> 10.375685
B29: 6 communes de plus 3'000 habitants | C29: =R11 -> 36680 | E29: =C29*100/B21 -> 49.65816
C30: =SUM(C24:C29) -> 73865 | E30: =C30*100/B21 -> 100

Sheet 4.1 Comptes 2022 natures
A2: Comptes de résultats par natures 2022
A3: Comptes consolidés de l'ensemble des communes et par district | E3: ='Base de données pop.'!C2 -> 951 | F3: ='Base de données pop.'!C3 -> 258 | G3: ='Base de données pop.'!C4 -> 471 | H3: ='Base de données pop.'!C5 -> 441 | I3: ='Base de données pop.'!C6 -> 3686 | J3: ='Base de données pop.'!C7 -> 3313 | K3: ='Base de données pop.'!C8 -> 2654 | L3: ='Base de données pop.'!C9 -> 12636 | M3: ='Base de données pop.'!C10 -> 1360 | N3: ='Base de données pop.'!C11 -> 112 | O3: ='Base de données pop.'!C12 -> 7319 | P3: ='Base de données pop.'!C13 -> 522 | Q3: ='Base de données pop.'!C14 -> 106 | R3: ='Base de données pop.'!C15 -> 425 | S3: ='Base de données pop.'!C16 -> 350 | T3: ='Base de données pop.'!C17 -> 733 | U3: ='Base de données pop.'!C18 -> 270 | V3: ='Base de données pop.'!C19 -> 417 | W3: ='Base de données pop.'!C20 -> 3285 | X3: ='Base de données pop.'!C21 -> 308 | Y3: ='Base de données pop.'!C22 -> 1258 | Z3: ='Base de données pop.'!C23 -> 1524 | AA3: ='Base de données pop.'!C24 -> 87 | AB3: ='Base de données pop.'!C25 -> 156 | AC3: ='Base de données pop.'!C26 -> 510 | AD3: ='Base de données pop.'!C27 -> 705 | AE3: ='Base de données pop.'!C28 -> 551 | AF3: ='Base de données pop.'!C29 -> 511 | AG3: ='Base de données pop.'!C30 -> 1902 | AH3: ='Base de données pop.'!C31 -> 2575 | AI3: ='Base de données pop.'!C32 -> 228 | AJ3: ='Base de données pop.'!C33 -> 118 | AK3: ='Base de données pop.'!C34 -> 1882 | AL3: ='Base de données pop.'!C35 -> 1114 | AM3: ='Base de données pop.'!C36 -> 1217 | AN3: ='Base de données pop.'!C37 -> 117 | AO3: ='Base de données pop.'!C38 -> 1205 | AP3: ='Base de données pop.'!C39 -> 625 | AQ3: ='Base de données pop.'!C40 -> 631 | AR3: ='Base de données pop.'!C41 -> 1275 | AS3: ='Base de données pop.'!C42 -> 718 | AT3: ='Base de données pop.'!C43 -> 1018 | AU3: ='Base de données pop.'!C44 -> 293 | AV3: ='Base de données pop.'!C45 -> 2435 | AW3: ='Base de données pop.'!C46 -> 786 | AX3: ='Base de données pop.'!C47 -> 184 | AY3: ='Base de données pop.'!C48 -> 333 | AZ3: ='Base de données pop.'!C49 -> 1674 | BA3: ='Base de données pop.'!C50 -> 391 | BB3: ='Base de données pop.'!C51 -> 1052 | BC3: ='Base de données pop.'!C52 -> 186 | BD3: ='Base de données pop.'!C53 -> 6441 | BE3: ='Base de données pop.'!C54 -> 546 | BF3: =SUM(E3:BE3) -> 73865 | BG3: =SUM(E3:W3) -> 39309 | BH3: =SUM(X3:AJ3) -> 10433 | BI3: =SUM(AK3:BE3) -> 24123
E4: Boécourt | F4: Bourrignon | G4: Châtillon | H4: Courchapoix | I4: Courrendlin | J4: Courroux | K4: Courtételle | L4: Delémont | M4: Develier | N4: Ederswiler | O4: Haute-Sorne | P4: Mervelier | Q4: Mettembert | R4: Movelier | S4: Pleigne | T4: Rossemaison | U4: Saulcy | V4: Soyhières | W4: Val Terbi | X4: Le Bémont | Y4: Les Bois | Z4: Les Breuleux | AA4: La Chaux-B. | AB4: Les Enfers | AC4: Les Genevez | AD4: Lajoux | AE4: Montfaucon | AF4: Muriaux | AG4: Le Noirmont | AH4: Saignelégier | AI4: Saint-Brais | AJ4: Soubey | AK4: Alle | AL4: La Baroche | AM4: Basse-Allaine | AN4: Beurnevésin | AO4: Boncourt | AP4: Bonfol | AQ4: Bure | AR4: Clos du Doubs | AS4: Coeuve | AT4: Cornol | AU4: Courchavon | AV4: Courgenay | AW4: Courtedoux | AX4: Damphreux | AY4: Fahy | AZ4: Fontenais | BA4: Grandfontaine | BB4: Haute-Ajoie | BC4: Lugnez | BD4: Porrentruy | BE4: Vendlincourt | BF4: Total | BG4: Delémont | BH4: Franches-Montagnes | BI4: Porrentruy
A5: 3 | D5: Charges | E5: =E6+E16+E28+E32+E40+E44+E54+E57+E65 -> 3735431.2 | F5: =F6+F16+F28+F32+F40+F44+F54+F57+F65 -> 1254678.5 | G5: =G6+G16+G28+G32+G40+G44+G54+G57+G65 -> 1612463.1 | H5: =H6+H16+H28+H32+H40+H44+H54+H57+H65 -> 1979558 | I5: =I6+I16+I28+I32+I40+I44+I54+I57+I65 -> 16511229 | J5: =J6+J16+J28+J32+J40+J44+J54+J57+J65 -> 14125789 | K5: =K6+K16+K28+K32+K40+K44+K54+K57+K65 -> 11523053 | L5: =L6+L16+L28+L32+L40+L44+L54+L57+L65 -> 1.0891553e+08 | ... BI5: =BI6+BI16+BI28+BI32+BI40+BI44+BI54+BI57+BI65 -> 1.2822921e+08
B6: 30 | D6: Charges du personnel | E6: =E7+E8+E9+E10+E11+E12+E13+E14 -> 474056.55 | F6: =F7+F8+F9+F10+F11+F12+F13+F14 -> 55628.95 | G6: =G7+G8+G9+G10+G11+G12+G13+G14 -> 130298.9 | H6: =H7+H8+H9+H10+H11+H12+H13+H14 -> 307735.6 | I6: =I7+I8+I9+I10+I11+I12+I13+I14 -> 2761930.8 | J6: =J7+J8+J9+J10+J11+J12+J13+J14 -> 3005501.5 | K6: =K7+K8+K9+K10+K11+K12+K13+K14 -> 1153633.3 | L6: =L7+L8+L9+L10+L11+L12+L13+L14 -> 24870275 | ... BI6: =BI7+BI8+BI9+BI10+BI11+BI12+BI13+BI14 -> 22472528
C7: 300 | D7: Autorités et commissions | E7: 44845 | F7: 21132.75 | G7: 26642.7 | H7: 44106.25 | I7: 176465 | J7: 143841.3 | K7: 125738 | L7: 806929.25 | M7: 70262.5 | N7: 17893.15 | O7: 340805.95 | P7: 45128.1 | Q7: 15849.5 | R7: 18700 | S7: 27910 | T7: 58838.5 | U7: 12409.65 | V7: 56077.35 | W7: 102827 | X7: 49656.85 | Y7: 54372.85 | Z7: 84720 | AA7: 6985 | AB7: 11829 | AC7: 21150.95 | AD7: 25124.8 | AE7: 46623.75 | AF7: 25752.75 | AG7: 93148 | AH7: 59454.6 | AI7: 19774.4 | AJ7: 12915 | AK7: 85620.8 | AL7: 48441.6 | AM7: 51637.9 | AN7: 20267.65 | AO7: 92365 | AP7: 32375.6 | AQ7: 44417.5 | AR7: 83728.75 | AS7: 49195.5 | AT7: 41404.5 | AU7: 13040 | AV7: 59512.5 | AW7: 53031.5 | AX7: 11468.8 | AY7: 15690 | AZ7: 55634 | BA7: 18938.75 | BB7: 55198.4 | BC7: 16066.15 | BD7: 247922.05 | BE7: 26953.4 | BF7: =SUM(E7:BE7) -> 3790820.2 | BG7: =SUM(E7:W7) -> 2156402 | BH7: =SUM(X7:AJ7) -> 511507.95 | BI7: =SUM(AK7:BE7) -> 1122910.3
C8: 301 | D8: Personnel administratif et d'exploitation | E8: 356986.4 | F8: 30302.5 | G8: 86406.3 | H8: 217464.7 | I8: 2064785.9 | J8: 2272423.5 | K8: 813652.5 | L8: 19725388 | M8: 971663.25 | N8: 34797.96 | O8: 2840284.2 | P8: 114665.05 | Q8: 46154.5 | R8: 182398.6 | S8: 116446.9 | T8: 186959.9 | U8: 84006.45 | V8: 214442.25 | W8: 1861688.7 | X8: 64217.3 | Y8: 1280372.4 | Z8: 1442294.1 | AA8: 65818.1 | AB8: 50586.75 | AC8: 308249.5 | AD8: 428392.52 | AE8: 322147.91 | AF8: 309477.2 | AG8: 785489 | AH8: 1496815.2 | AI8: 76046 | AJ8: 43583.6 | AK8: 580804.4 | AL8: 504807.55 | AM8: 367678.45 | AN8: 40113.65 | AO8: 1095629.9 | AP8: 681378.1 | AQ8: 147476.7 | AR8: 982174.14 | AS8: 302037.9 | AT8: 403642.15 | AU8: 76639.95 | AV8: 752461.05 | AW8: 350307.93 | AX8: 55694.21 | AY8: 117566.4 | AZ8: 660255.55 | BA8: 92898 | BB8: 1033197.9 | BC8: 50978.05 | BD8: 8973296.1 | BE8: 244328.5 | BF8: =SUM(E8:BE8) -> 56407774 | BG8: =SUM(E8:W8) -> 32220918 | BH8: =SUM(X8:AJ8) -> 6673489.6 | BI8: =SUM(AK8:BE8) -> 17513367
C9: 302 | D9: Enseignants | E9: 0 | F9: 0 | G9: 0 | H9: 0 | I9: 0 | J9: 0 | K9: 0 | L9: 0 | M9: 0 | N9: 0 | O9: 0 | P9: 0 | Q9: 0 | R9: 0 | S9: 0 | T9: 0 | U9: 0 | V9: 0 | W9: 0 | X9: 0 | Y9: 0 | Z9: 0 | AA9: 0 | AB9: 0 | AC9: 0 | AD9: 0 | AE9: 0 | AF9: 0 | AG9: 4625 | AH9: 0 | AI9: 0 | AJ9: 0 | AK9: 0 | AL9: 0 | AM9: 0 | AN9: 0 | AO9: 0 | AP9: 0 | AQ9: 0 | AR9: 0 | AS9: 0 | AT9: 0 | AU9: 0 | AV9: 0 | AW9: 0 | AX9: 0 | AY9: 0 | AZ9: 0 | BA9: 0 | BB9: 0 | BC9: 0 | BD9: 0 | BE9: 0 | BF9: =SUM(E9:BE9) -> 4625 | BG9: =SUM(E9:W9) -> 0 | BH9: =SUM(X9:AJ9) -> 4625 | BI9: =SUM(AK9:BE9) -> 0
C10: 303 | D10: Personnel temporaire administratif et d'exploitation | E10: 0 | F10: 0 | G10: 0 | H10: 0 | I10: 0 | J10: 0 | K10: 0 | L10: 0 | M10: 3679.75 | N10: 0 | O10: 0 | P10: 0 | Q10: 0 | R10: 0 | S10: 0 | T10: 0 | U10: 0 | V10: 0 | W10: 0 | X10: 0 | Y10: 0 | Z10: 0 | AA10: 0 | AB10: 0 | AC10: 0 | AD10: 0 | AE10: 0 | AF10: 0 | AG10: 0 | AH10: 0 | AI10: 0 | AJ10: 0 | AK10: 0 | AL10: 0 | AM10: 3431.25 | AN10: 0 | AO10: 0 | AP10: 0 | AQ10: 0 | AR10: 0 | AS10: 348 | AT10: 0 | AU10: 0 | AV10: 0 | AW10: 225 | AX10: 0 | AY10: 0 | AZ10: 0 | BA10: 0 | BB10: 0 | BC10: 0 | BD10: 0 | BE10: 0 | BF10: =SUM(E10:BE10) -> 7684 | BG10: =SUM(E10:W10) -> 3679.75 | BH10: =SUM(X10:AJ10) -> 0 | BI10: =SUM(AK10:BE10) -> 4004.25
C11: 304 | D11: Allocations et indemnités | E11: 0 | F11: 0 | G11: 0 | H11: 0 | I11: 0 | J11: 17914.6 | K11: 0 | L11: 0 | M11: 0 | N11: 0 | O11: 0 | P11: 0 | Q11: 0 | R11: 0 | S11: 0 | T11: 0 | U11: 0 | V11: 0 | W11: 0 | X11: 0 | Y11: 0 | Z11: 0 | AA11: 0 | AB11: 0 | AC11: 0 | AD11: 0 | AE11: 0 | AF11: 0 | AG11: 1788.35 | AH11: 4000 | AI11: 0 | AJ11: 0 | AK11: 0 | AL11: 0 | AM11: 0 | AN11: 0 | AO11: 0 | AP11: 0 | AQ11: 0 | AR11: 0 | AS11: 0 | AT11: 0 | AU11: 0 | AV11: 0 | AW11: 0 | AX11: 0 | AY11: 0 | AZ11: 0 | BA11: 0 | BB11: 0 | BC11: 0 | BD11: 0 | BE11: 0 | BF11: =SUM(E11:BE11) -> 23702.95 | BG11: =SUM(E11:W11) -> 17914.6 | BH11: =SUM(X11:AJ11) -> 5788.35 | BI11: =SUM(AK11:BE11) -> 0
C12: 305 | D12: Charges de l'employeur | E12: 71318.15 | F12: 3616.15 | G12: 14481.45 | H12: 43486.25 | I12: 486452.1 | J12: 535838.55 | K12: 195261.25 | L12: 4055630 | M12: 181566.35 | N12: 5016.19 | O12: 574510.1 | P12: 23363.35 | Q12: 7793.1 | R12: 38815.7 | S12: 24657.45 | T12: 40493.9 | U12: 12159.95 | V12: 38457.55 | W12: 372993 | X12: 9332.95 | Y12: 206596.65 | Z12: 273357.25 | AA12: 9735.8 | AB12: 6703 | AC12: 60199.15 | AD12: 78957.85 | AE12: 88851.54 | AF12: 54945.95 | AG12: 185750.3 | AH12: 287917.8 | AI12: 13154.8 | AJ12: 7871.2 | AK12: 99393.95 | AL12: 109705.6 | AM12: 66203.1 | AN12: 11222.6 | AO12: 202919.85 | AP12: 131361.8 | AQ12: 32588.05 | AR12: 176659.95 | AS12: 68252 | AT12: 68440.4 | AU12: 16433.5 | AV12: 175892.18 | AW12: 66755.55 | AX12: 9850.65 | AY12: 20369.85 | AZ12: 143177.1 | BA12: 21070.36 | BB12: 203713.45 | BC12: 12126.94 | BD12: 1913749.7 | BE12: 49833.8 | BF12: =SUM(E12:BE12) -> 11609005 | BG12: =SUM(E12:W12) -> 6725910.5 | BH12: =SUM(X12:AJ12) -> 1283374.2 | BI12: =SUM(AK12:BE12) -> 3599720.3
C13: 306 | D13: Prestations sociales de l'employeur | E13: 0 | F13: 0 | G13: 0 | H13: 0 | I13: 3029.75 | J13: 0 | K13: 0 | L13: 45078.3 | M13: 0 | N13: 0 | O13: 0 | P13: 0 | Q13: 0 | R13: 0 | S13: 0 | T13: 0 | U13: 0 | V13: 0 | W13: 0 | X13: 0 | Y13: 0 | Z13: 500 | AA13: 0 | AB13: 0 | AC13: 0 | AD13: 0 | AE13: 0 | AF13: 0 | AG13: 0 | AH13: 0 | AI13: 0 | AJ13: 0 | AK13: 0 | AL13: 0 | AM13: 0 | AN13: 0 | AO13: 0 | AP13: 7581.25 | AQ13: 0 | AR13: 0 | AS13: 0 | AT13: 0 | AU13: 0 | AV13: 0 | AW13: 0 | AX13: 0 | AY13: 0 | AZ13: 0 | BA13: 0 | BB13: 0 | BC13: 0 | BD13: 0 | BE13: 0 | BF13: =SUM(E13:BE13) -> 56189.3 | BG13: =SUM(E13:W13) -> 48108.05 | BH13: =SUM(X13:AJ13) -> 500 | BI13: =SUM(AK13:BE13) -> 7581.25
C14: 309 | D14: Autres charges du personnel | E14: 907 | F14: 577.55 | G14: 2768.45 | H14: 2678.4 | I14: 31198 | J14: 35483.59 | K14: 18981.55 | L14: 237249.71 | M14: 25304.57 | N14: 3825.95 | O14: 23559.15 | P14: 8383.15 | Q14: 9066.68 | R14: 2160.15 | S14: 7802.4 | T14: 7531.35 | U14: 7250 | V14: 14077.55 | W14: 23286.15 | X14: 1758.3 | Y14: 8643.4 | Z14: 60943.79 | AA14: 731.3 | AB14: 0 | AC14: 8383.2 | AD14: 11984.15 | AE14: 9410.35 | AF14: 3477.05 | AG14: 38497.3 | AH14: 19559.6 | AI14: 240.3 | AJ14: 0 | AK14: 2749.35 | AL14: 3161.95 | AM14: 9603.2 | AN14: 1280.17 | AO14: 37740.41 | AP14: 0 | AQ14: 8856.77 | AR14: 9523.75 | AS14: 4736.5 | AT14: 8644.9 | AU14: 8284.75 | AV14: 7598.45 | AW14: 9678.2 | AX14: 1011.8 | AY14: 243.4 | AZ14: 5044.1 | BA14: 5928.7 | BB14: 22080.8 | BC14: 791.5 | BD14: 77986.68 | BE14: 0 | BF14: =SUM(E14:BE14) -> 850665.47 | BG14: =SUM(E14:W14) -> 462091.35 | BH14: =SUM(X14:AJ14) -> 163628.74 | BI14: =SUM(AK14:BE14) -> 224945.38
B16: 31 | D16: Charges de biens et de services et autres charges d'exploitation | E16: =E17+E18+E19+E20+E21+E22+E23+E24+E25+E26 -> 583887.39 | F16: =F17+F18+F19+F20+F21+F22+F23+F24+F25+F26 -> 229366.63 | G16: =G17+G18+G19+G20+G21+G22+G23+G24+G25+G26 -> 283655.17 | H16: =H17+H18+H19+H20+H21+H22+H23+H24+H25+H26 -> 418572.44 | I16: =I17+I18+I19+I20+I21+I22+I23+I24+I25+I26 -> 3969854.4 | J16: =J17+J18+J19+J20+J21+J22+J23+J24+J25+J26 -> 3095151 | K16: =K17+K18+K19+K20+K21+K22+K23+K24+K25+K26 -> 1907924.2 | L16: =L17+L18+L19+L20+L21+L22+L23+L24+L25+L26 -> 28949573 | ... BI16: =BI17+BI18+BI19+BI20+BI21+BI22+BI23+BI24+BI25+BI26 -> 23084160
C17: 310 | D17: Charges de matériel et de marchandises | E17: 71520.05 | F17: 12786.45 | G17: 27793.55 | H17: 34804.61 | I17: 350063.01 | J17: 266725.54 | K17: 198925.25 | L17: 2209272.1 | M17: 205043.2 | N17: 5446.35 | O17: 689938.1 | P17: 75534.63 | Q17: 7422.84 | R17: 34345.7 | S17: 23838.7 | T17: 63452.71 | U17: 23737.96 | V17: 56264.4 | W17: 256949.56 | X17: 87895.43 | Y17: 128006.9 | Z17: 331011.38 | AA17: 2228.8 | AB17: 41956.15 | AC17: 86336.7 | AD17: 68619.9 | AE17: 89055.25 | AF17: 94869.8 | AG17: 253021.41 | AH17: 414264.6 | AI17: 13059 | AJ17: 46940.68 | AK17: 247868 | AL17: 101058.06 | AM17: 74544.39 | AN17: 9479.4 | AO17: 213297.85 | AP17: 72147.31 | AQ17: 17352.75 | AR17: 113594.93 | AS17: 65577.54 | AT17: 100270.55 | AU17: 29621.44 | AV17: 240819.2 | AW17: 35483.79 | AX17: 12800 | AY17: 37102.08 | AZ17: 80110.96 | BA17: 14107.15 | BB17: 106800.41 | BC17: 25053.2 | BD17: 738549.21 | BE17: 51729.35 | BF17: =SUM(E17:BE17) -> 8658498.3 | BG17: =SUM(E17:W17) -> 4613864.7 | BH17: =SUM(X17:AJ17) -> 1657266 | BI17: =SUM(AK17:BE17) -> 2387367.6
C18: 311 | D18: Immobilisations ne pouvant être portées à l'actif | E18: 23290.6 | F18: 13356.35 | G18: 6434.85 | H18: 9879.55 | I18: 112567.06 | J18: 136297.13 | K18: 33984.9 | L18: 646700.14 | M18: 81939.15 | N18: 9633.65 | O18: 145570.15 | P18: 66232.9 | Q18: 2888.75 | R18: 12655.35 | S18: 10267.8 | T18: 20405.15 | U18: 129.8 | V18: 16583.25 | W18: 58433.71 | X18: 4594.59 | Y18: 36922.7 | Z18: 98887.21 | AA18: 0 | AB18: 0 | AC18: 6971.15 | AD18: 52309.89 | AE18: 16226.12 | AF18: 24665.2 | AG18: 106675.9 | AH18: 57105.67 | AI18: 3371 | AJ18: 1500 | AK18: 101201.68 | AL18: 8069.58 | AM18: 35077.35 | AN18: 29142.55 | AO18: 48653.44 | AP18: 23687.43 | AQ18: 8561.8 | AR18: 47980.7 | AS18: 24628.99 | AT18: 47491.35 | AU18: 28261.95 | AV18: 141486 | AW18: 30423.65 | AX18: 754.85 | AY18: 3013.85 | AZ18: 50554.6 | BA18: 6762.1 | BB18: 49276.78 | BC18: 0 | BD18: 251427.17 | BE18: 22578.35 | BF18: =SUM(E18:BE18) -> 2775513.8 | BG18: =SUM(E18:W18) -> 1407250.2 | BH18: =SUM(X18:AJ18) -> 409229.43 | BI18: =SUM(AK18:BE18) -> 959034.17
C19: 312 | D19: Alimentations et éliminations des biens-fonds du PA | E19: 109076.9 | F19: 49190.93 | G19: 18108.1 | H19: 163356.8 | I19: 1747285.9 | J19: 1507531.5 | K19: 553193.7 | L19: 19257306 | M19: 1168823 | N19: 15754.47 | O19: 428294.8 | P19: 48284.7 | Q19: 10436.2 | R19: 37552.35 | S19: 65939.3 | T19: 349559.05 | U19: 70241.66 | V19: 57676.8 | W19: 208619.05 | X19: 135891.95 | Y19: 282399.15 | Z19: 412005.55 | AA19: 36788.5 | AB19: 40030.2 | AC19: 145635.6 | AD19: 193801.94 | AE19: 188775.1 | AF19: 136588.4 | AG19: 328893.95 | AH19: 612699.85 | AI19: 120781.4 | AJ19: 25517.45 | AK19: 129552.5 | AL19: 87659.2 | AM19: 242078.35 | AN19: 35690.95 | AO19: 367685.05 | AP19: 238170.6 | AQ19: 102450.45 | AR19: 158196.95 | AS19: 129877.65 | AT19: 174936.4 | AU19: 61847.65 | AV19: 308335.85 | AW19: 44925 | AX19: 41951.55 | AY19: 81390.65 | AZ19: 271144.32 | BA19: 65822.45 | BB19: 252392.8 | BC19: 30316.8 | BD19: 560029.22 | BE19: 43772.95 | BF19: =SUM(E19:BE19) -> 31954267 | BG19: =SUM(E19:W19) -> 25866231 | BH19: =SUM(X19:AJ19) -> 2659809 | BI19: =SUM(AK19:BE19) -> 3428227.3
C20: 313 | D20: Prestations de services et honoraires | E20: 201212.12 | F20: 93087.69 | G20: 138066.53 | H20: 53794.03 | I20: 785408.62 | J20: 612595.12 | K20: 430831.43 | L20: 3331566.7 | M20: 276192.21 | N20: 29146.93 | O20: 1291790.9 | P20: 111670.78 | Q20: 26038.37 | R20: 70626.38 | S20: 144454.51 | T20: 155221.93 | U20: 54938.55 | V20: 246475.5 | W20: 671324.38 | X20: 214149.29 | Y20: 340542.58 | Z20: 1065764.5 | AA20: 35622.7 | AB20: 125771.85 | AC20: 285336.14 | AD20: 274256.81 | AE20: 429624.56 | AF20: 478182.96 | AG20: 596620.39 | AH20: 739548.07 | AI20: 111695.91 | AJ20: 75049.87 | AK20: 357832.28 | AL20: 577928.23 | AM20: 416157.87 | AN20: 61232.03 | AO20: 477353.59 | AP20: 100913.6 | AQ20: 131806.33 | AR20: 531749.1 | AS20: 179967.73 | AT20: 253712.89 | AU20: 114218.06 | AV20: 377408.19 | AW20: 229333.42 | AX20: 38612.98 | AY20: 65076.18 | AZ20: 390308.02 | BA20: 131856.52 | BB20: 303034.52 | BC20: 39171.86 | BD20: 2292471.7 | BE20: 144041.32 | BF20: =SUM(E20:BE20) -> 20710795 | BG20: =SUM(E20:W20) -> 8724442.7 | BH20: =SUM(X20:AJ20) -> 4772165.6 | BI20: =SUM(AK20:BE20) -> 7214186.4
C21: 314 | D21: Gros entretien et entretien courant du PA | E21: 117627.35 | F21: 37046.78 | G21: 44655.6 | H21: 36701.7 | I21: 413569.85 | J21: 266569.56 | K21: 430852.85 | L21: 1058424.1 | M21: 267836 | N21: 24921.35 | O21: 842978 | P21: 111517.45 | Q21: 5186.5 | R21: 34954.55 | S21: 71818.9 | T21: 113594.55 | U21: 52055.67 | V21: 80832.7 | W21: 185529.06 | X21: 53241.65 | Y21: 195555.35 | Z21: 433417.11 | AA21: 38698.1 | AB21: 25870.7 | AC21: 141392.71 | AD21: 105832.6 | AE21: 146072.75 | AF21: 236694.24 | AG21: 438510.41 | AH21: 583434.97 | AI21: 36314 | AJ21: 25199.25 | AK21: 265751.63 | AL21: 303854.55 | AM21: 259925.55 | AN21: 5146.35 | AO21: 578298.76 | AP21: 76537.45 | AQ21: 135297.75 | AR21: 394866.45 | AS21: 78711.8 | AT21: 108147.7 | AU21: 48276.3 | AV21: 229323.9 | AW21: 116681.94 | AX21: 70168.35 | AY21: 69223.29 | AZ21: 213848.2 | BA21: 47011.88 | BB21: 171168.99 | BC21: 21436.8 | BD21: 942530.77 | BE21: 184753.65 | BF21: =SUM(E21:BE21) -> 10977868 | BG21: =SUM(E21:W21) -> 4196672.5 | BH21: =SUM(X21:AJ21) -> 2460233.8 | BI21: =SUM(AK21:BE21) -> 4320962.1
C22: 315 | D22: Entretien des biens mobiliers et des immobilisations corporelles du PA | E22: 50105.4 | F22: 13407.45 | G22: 3413.65 | H22: 27725.6 | I22: 175135.7 | J22: 30265.7 | K22: 73128.15 | L22: 902994.89 | M22: 80403.85 | N22: 1773.9 | O22: 304774.5 | P22: 20622.4 | Q22: 1743 | R22: 51673.5 | S22: 25792.3 | T22: 6207.3 | U22: 8673.3 | V22: 44914.15 | W22: 143637.34 | X22: 1319.95 | Y22: 143480.15 | Z22: 94422.35 | AA22: 5008.9 | AB22: 6543.3 | AC22: 43185.6 | AD22: 78108.75 | AE22: 66823.65 | AF22: 17466.79 | AG22: 94300.24 | AH22: 43100 | AI22: 19142.8 | AJ22: 10271.1 | AK22: 22688.9 | AL22: 105641.31 | AM22: 53478.04 | AN22: 0 | AO22: 87830.25 | AP22: 31116.8 | AQ22: 39589.3 | AR22: 90855.4 | AS22: 40347.6 | AT22: 17483.51 | AU22: 6706.05 | AV22: 44884.95 | AW22: 59665.53 | AX22: 3904.05 | AY22: 21624.85 | AZ22: 61188 | BA22: 7670.4 | BB22: 73705.9 | BC22: 367.5 | BD22: 458697.33 | BE22: 50558.9 | BF22: =SUM(E22:BE22) -> 3867570.2 | BG22: =SUM(E22:W22) -> 1966392.1 | BH22: =SUM(X22:AJ22) -> 623173.58 | BI22: =SUM(AK22:BE22) -> 1278004.6
C23: 316 | D23: Loyers - crédits-bails (leasing) - baux à fermes - taxes d'utilisation | E23: 3877.2 | F23: 2753.2 | G23: 710.8 | H23: 64165.65 | I23: 77181.15 | J23: 36753.15 | K23: 36519.2 | L23: 785752.55 | M23: 26898.25 | N23: 1200 | O23: 109130.8 | P23: 0 | Q23: 850 | R23: 0 | S23: 0 | T23: 538.5 | U23: 0 | V23: 4800 | W23: 118451.85 | X23: 21465.5 | Y23: 32600 | Z23: 82688 | AA23: 0 | AB23: 1325.35 | AC23: 1140 | AD23: 50472.8 | AE23: 4035.95 | AF23: 0 | AG23: 6629.06 | AH23: 202920.9 | AI23: 2100 | AJ23: 0 | AK23: 0 | AL23: 7767.65 | AM23: 20411.55 | AN23: 600 | AO23: 41454.5 | AP23: 37823.4 | AQ23: 0 | AR23: 45895.1 | AS23: 24137.7 | AT23: 0 | AU23: 0 | AV23: 16096 | AW23: 19816.3 | AX23: 0 | AY23: 3461.6 | AZ23: 32964.4 | BA23: 0 | BB23: 7851.8 | BC23: 0 | BD23: 769410.55 | BE23: 600 | BF23: =SUM(E23:BE23) -> 2703250.4 | BG23: =SUM(E23:W23) -> 1269582.3 | BH23: =SUM(X23:AJ23) -> 405377.56 | BI23: =SUM(AK23:BE23) -> 1028290.6
C24: 317 | D24: Indemnités et dédommagements | E24: 22594.15 | F24: 2493.5 | G24: 1017.5 | H24: 5687.65 | I24: 79816.35 | J24: 45698.55 | K24: 24782.3 | L24: 84128.15 | M24: 23870.1 | N24: 0 | O24: 77961.85 | P24: 4229.4 | Q24: 839.1 | R24: 3822.2 | S24: 7729.45 | T24: 61241.55 | U24: 1053.65 | V24: 3530.45 | W24: 36176.15 | X24: 7133.3 | Y24: 8866 | Z24: 47721.8 | AA24: 2316.48 | AB24: 712.95 | AC24: 5629.9 | AD24: 4844.7 | AE24: 3763.3 | AF24: 0 | AG24: 33826.5 | AH24: 27168.3 | AI24: 2675 | AJ24: 1028.75 | AK24: 53473.2 | AL24: 15786.95 | AM24: 19694.65 | AN24: 391.8 | AO24: 34240.65 | AP24: 3574.8 | AQ24: 445.25 | AR24: 26123.45 | AS24: 16161.65 | AT24: 11525.85 | AU24: 1910.8 | AV24: 47736.42 | AW24: 8007.8 | AX24: 796.6 | AY24: 3034.75 | AZ24: 24639.05 | BA24: 2750.8 | BB24: 20593.9 | BC24: 110 | BD24: 52151.66 | BE24: 6780.45 | BF24: =SUM(E24:BE24) -> 982289.51 | BG24: =SUM(E24:W24) -> 486672.05 | BH24: =SUM(X24:AJ24) -> 145686.98 | BI24: =SUM(AK24:BE24) -> 349930.48
C25: 318 | D25: Réévaluations de créances | E25: -25400.88 | F25: 4844.28 | G25: 32596.24 | H25: 15620.9 | I25: 187709.23 | J25: 162075.28 | K25: 96777.45 | L25: 544662.49 | M25: 30955.2 | N25: -220.12 | O25: 209703.83 | P25: 10569.26 | Q25: 8.09 | R25: 37966.78 | S25: 26084.86 | T25: -38299.11 | U25: 14019.23 | V25: 35738.12 | W25: 91489 | X25: 2557.18 | Y25: 71055.94 | Z25: 62897.86 | AA25: 2451.91 | AB25: 7678.22 | AC25: 9823.9 | AD25: 2066.17 | AE25: 15780.62 | AF25: 19422.15 | AG25: 42045.28 | AH25: 80811.99 | AI25: 8234.28 | AJ25: 1271.83 | AK25: 72490.4 | AL25: 64794.8 | AM25: 70388.31 | AN25: 58191.57 | AO25: 42844.32 | AP25: 52185.81 | AQ25: 43139.21 | AR25: 71246.18 | AS25: 16890.65 | AT25: 82216.46 | AU25: 86491.22 | AV25: 141894.59 | AW25: 29178.3 | AX25: 1341.64 | AY25: 42060.61 | AZ25: 94265.52 | BA25: 20093.74 | BB25: 52442.7 | BC25: 13596.68 | BD25: 636680.63 | BE25: 51783.61 | BF25: =SUM(E25:BE25) -> 3507214.4 | BG25: =SUM(E25:W25) -> 1436900.1 | BH25: =SUM(X25:AJ25) -> 326097.33 | BI25: =SUM(AK25:BE25) -> 1744216.9
C26: 319 | D26: Divers charges d'exploitation | E26: 9984.5 | F26: 400 | G26: 10858.35 | H26: 6835.95 | I26: 41117.62 | J26: 30639.46 | K26: 28928.96 | L26: 128765.7 | M26: 59525.9 | N26: 8853.1 | O26: 13981.1 | P26: 1106.6 | Q26: 2333.75 | R26: 0 | S26: 10853.15 | T26: 6452.1 | U26: 1801.45 | V26: 2995.7 | W26: 9967.35 | X26: 2584.85 | Y26: 14096.05 | Z26: 16610.8 | AA26: 756 | AB26: 3185.15 | AC26: 1437.6 | AD26: 14298.7 | AE26: 1235.85 | AF26: 124.4 | AG26: 23818.3 | AH26: 28505.2 | AI26: 1271.95 | AJ26: 3301.9 | AK26: 6634.15 | AL26: 29581.15 | AM26: 6402.15 | AN26: 0 | AO26: 30844.53 | AP26: 2037.95 | AQ26: 1430.1 | AR26: 21819.55 | AS26: 6497.5 | AT26: 15202.5 | AU26: 4275.05 | AV26: 21000 | AW26: 12381.95 | AX26: 2647.75 | AY26: 0 | AZ26: 4018.16 | BA26: 2473.1 | BB26: 7493.8 | BC26: 3594.2 | BD26: 190850.1 | BE26: 4756.55 | BF26: =SUM(E26:BE26) -> 860567.73 | BG26: =SUM(E26:W26) -> 375400.74 | BH26: =SUM(X26:AJ26) -> 111226.75 | BI26: =SUM(AK26:BE26) -> 373940.24
B28: 33 | D28: Amortissements du patrimoine administratif | E28: =E29+E30 -> 273439.17 | F28: =F29+F30 -> 83034 | G28: =G29+G30 -> 78515.15 | H28: =H29+H30 -> 93170.3 | I28: =I29+I30 -> 858686.09 | J28: =J29+J30 -> 1089085.6 | K28: =K29+K30 -> 632517.34 | L28: =L29+L30 -> 5967644.8 | ... BI28: =BI29+BI30 -> 8833268
C29: 330 | D29: Amortissements des immobilisations corporelles du PA | E29: 273439.17 | F29: 70754 | G29: 76768.65 | H29: 93170.3 | I29: 858686.09 | J29: 1068489.1 | K29: 630529.64 | L29: 5850591.4 | M29: 603738.35 | N29: 50799.23 | O29: 1330450.2 | P29: 122720.55 | Q29: 12625 | R29: 87650 | S29: 105668.5 | T29: 168872.25 | U29: 40149.85 | V29: 117543 | W29: 1075545.6 | X29: 59856.25 | Y29: 291371.95 | Z29: 498784 | AA29: 98769.65 | AB29: 163116.93 | AC29: 93759.9 | AD29: 282477.6 | AE29: 124708.45 | AF29: 102124.94 | AG29: 595644.83 | AH29: 735415.9 | AI29: 62896.45 | AJ29: 158021.36 | AK29: 423638.75 | AL29: 393262.8 | AM29: 251180 | AN29: 42915 | AO29: 599537.27 | AP29: 112200 | AQ29: 224974.41 | AR29: 931593.77 | AS29: 171826.95 | AT29: 263837.2 | AU29: 129587.55 | AV29: 824557.2 | AW29: 115334.4 | AX29: 33410 | AY29: 171465 | AZ29: 527973.1 | BA29: 45390 | BB29: 391467.29 | BC29: 25245 | BD29: 2782111.7 | BE29: 92350 | BF29: =SUM(E29:BE29) -> 24458997 | BG29: =SUM(E29:W29) -> 12638191 | BH29: =SUM(X29:AJ29) -> 3266948.2 | BI29: =SUM(AK29:BE29) -> 8553857.4
C30: 332 | D30: Amortissements des immobilisations incorporelles du PA | E30: 0 | F30: 12280 | G30: 1746.5 | H30: 0 | I30: 0 | J30: 20596.49 | K30: 1987.7 | L30: 117053.37 | M30: 9430 | N30: 0 | O30: 53168.05 | P30: 0 | Q30: 0 | R30: 0 | S30: 0 | T30: 0 | U30: 0 | V30: 22248.85 | W30: 26100.57 | X30: 0 | Y30: 5000 | Z30: 0 | AA30: 0 | AB30: 0 | AC30: 0 | AD30: 0 | AE30: 0 | AF30: 0 | AG30: 15167.4 | AH30: 40165 | AI30: 0 | AJ30: 0 | AK30: 0 | AL30: 0 | AM30: 19750 | AN30: 0 | AO30: 10400 | AP30: 0 | AQ30: 0 | AR30: 40469.3 | AS30: 2200 | AT30: 768 | AU30: 0 | AV30: 17447.4 | AW30: 0 | AX30: 0 | AY30: 4500 | AZ30: 53225 | BA30: 960 | BB30: 484.45 | BC30: 0 | BD30: 129206.47 | BE30: 0 | BF30: =SUM(E30:BE30) -> 604354.55 | BG30: =SUM(E30:W30) -> 264611.53 | BH30: =SUM(X30:AJ30) -> 60332.4 | BI30: =SUM(AK30:BE30) -> 279410.62
B32: 34 | D32: Charges financières | E32: =E33+E34+E35+E36+E37+E38 -> 54405.36 | F32: =F33+F34+F35+F36+F37+F38 -> 124634.59 | G32: =G33+G34+G35+G36+G37+G38 -> 74666.79 | H32: =H33+H34+H35+H36+H37+H38 -> 80672.25 | I32: =I33+I34+I35+I36+I37+I38 -> 457925.83 | J32: =J33+J34+J35+J36+J37+J38 -> 209906.22 | K32: =K33+K34+K35+K36+K37+K38 -> 163713.56 | L32: =L33+L34+L35+L36+L37+L38 -> 2157423.1 | ... BI32: =BI33+BI34+BI35+BI36+BI37+BI38 -> 3149441.8
C33: 340 | D33: Charges d'intérets | E33: 54405.36 | F33: 28132.15 | G33: 54021.44 | H33: 57098.85 | I33: 295408.9 | J33: 193845.61 | K33: 102743.65 | L33: 1809808.4 | M33: 42381.92 | N33: 7268.05 | O33: 295834.36 | P33: 39196.45 | Q33: 8151.88 | R33: 38763.06 | S33: 64754.02 | T33: 45109.47 | U33: 10053.27 | V33: 35619.34 | W33: 166137.12 | X33: 8239.19 | Y33: 128326.63 | Z33: 10311.48 | AA33: 4795.67 | AB33: 3587.37 | AC33: 62106.16 | AD33: 57177.8 | AE33: 35078.6 | AF33: 15061.15 | AG33: 46459.57 | AH33: 132611.03 | AI33: 16870.37 | AJ33: 4578.28 | AK33: 156374.1 | AL33: 119078.56 | AM33: 129201.11 | AN33: 19633.92 | AO33: 60213.33 | AP33: 74155.97 | AQ33: 60049.79 | AR33: 78368.46 | AS33: 68359.52 | AT33: 105867.22 | AU33: 22266.65 | AV33: 190311.65 | AW33: 60249.21 | AX33: 7077.6 | AY33: 14484.84 | AZ33: 285893.94 | BA33: 18908.91 | BB33: 77937.43 | BC33: 278.1 | BD33: 754417.41 | BE33: 36891.27 | BF33: =SUM(E33:BE33) -> 6213955.6 | BG33: =SUM(E33:W33) -> 3348733.3 | BH33: =SUM(X33:AJ33) -> 525203.3 | BI33: =SUM(AK33:BE33) -> 2340019
C34: 341 | D34: Pertes sur les placements financiers et les immobilisations du PF | E34: 0 | F34: 0 | G34: 0 | H34: 0 | I34: 0 | J34: 0 | K34: 0 | L34: 0 | M34: 0 | N34: 0 | O34: 0 | P34: 0 | Q34: 0 | R34: 109160.4 | S34: 0 | T34: 0 | U34: 0 | V34: 0 | W34: 0 | X34: 0 | Y34: 0 | Z34: 0 | AA34: 0 | AB34: 0 | AC34: 0 | AD34: 6800.85 | AE34: 0 | AF34: 0 | AG34: 0 | AH34: 0 | AI34: 0 | AJ34: 0 | AK34: 0 | AL34: 1038.1 | AM34: 0 | AN34: 0 | AO34: 0 | AP34: 0 | AQ34: 0 | AR34: 0 | AS34: 0 | AT34: 0 | AU34: 0 | AV34: 0 | AW34: 0 | AX34: 0 | AY34: 0 | AZ34: 0 | BA34: 0 | BB34: 0 | BC34: 0 | BD34: 42543.14 | BE34: 0 | BF34: =SUM(E34:BE34) -> 159542.49 | BG34: =SUM(E34:W34) -> 109160.4 | BH34: =SUM(X34:AJ34) -> 6800.85 | BI34: =SUM(AK34:BE34) -> 43581.24
C35: 342 | D35: Frais d'acquisitions des capitaux et frais administratifs | E35: 0 | F35: 0 | G35: 0 | H35: 0 | I35: 0 | J35: 0 | K35: 0 | L35: 0 | M35: 0 | N35: 0 | O35: 0 | P35: 0 | Q35: 0 | R35: 0 | S35: 0 | T35: 0 | U35: 0 | V35: 0 | W35: 15.64 | X35: 0 | Y35: 0 | Z35: 0 | AA35: 0 | AB35: 0 | AC35: 0 | AD35: 0 | AE35: 0 | AF35: 0 | AG35: 0 | AH35: 0 | AI35: 200 | AJ35: 0 | AK35: 0 | AL35: 0 | AM35: 0 | AN35: 0 | AO35: 0 | AP35: 0 | AQ35: 0 | AR35: 0 | AS35: 0 | AT35: 0 | AU35: 0 | AV35: 0 | AW35: 0 | AX35: 0 | AY35: 0 | AZ35: 0 | BA35: 0 | BB35: 0 | BC35: 0 | BD35: 0 | BE35: 0 | BF35: =SUM(E35:BE35) -> 215.64 | BG35: =SUM(E35:W35) -> 15.64 | BH35: =SUM(X35:AJ35) -> 200 | BI35: =SUM(AK35:BE35) -> 0
C36: 343 | D36: Charges pour les biens-fonds du PF | E36: 0 | F36: 9181.59 | G36: 20645.35 | H36: 23573.4 | I36: 162516.93 | J36: 16060.61 | K36: 60179.27 | L36: 347614.65 | M36: 8620.1 | N36: 0 | O36: 75817.45 | P36: 8452.75 | Q36: 2314.85 | R36: 14081.3 | S36: 1109.95 | T36: 8579.4 | U36: 5381.99 | V36: 10640.35 | W36: 19387.86 | X36: -328.05 | Y36: 0 | Z36: 6621.15 | AA36: 719.15 | AB36: 8120.6 | AC36: 16425.65 | AD36: 3655.45 | AE36: 0 | AF36: 73738.1 | AG36: 39582.55 | AH36: 21541.75 | AI36: 82.25 | AJ36: 26979.25 | AK36: 19964.5 | AL36: 56815 | AM36: 22414.1 | AN36: 0 | AO36: 150065.95 | AP36: 5484.65 | AQ36: 0 | AR36: 179370.25 | AS36: 6316.67 | AT36: 46764.65 | AU36: 0 | AV36: 0 | AW36: 14884.75 | AX36: 0 | AY36: 0 | AZ36: 7440.35 | BA36: 5017.85 | BB36: 29912.35 | BC36: 351.8 | BD36: 97606.05 | BE36: 18949.2 | BF36: =SUM(E36:BE36) -> 1652653.8 | BG36: =SUM(E36:W36) -> 794157.8 | BH36: =SUM(X36:AJ36) -> 197137.85 | BI36: =SUM(AK36:BE36) -> 661358.12
C37: 344 | D37: Réévaluations des immobilisations du PF | E37: 0 | F37: 87320 | G37: 0 | H37: 0 | I37: 0 | J37: 0 | K37: 790.64 | L37: 0 | M37: 0 | N37: 0 | O37: 0 | P37: 0 | Q37: 0 | R37: 0 | S37: 0 | T37: 920.25 | U37: 0 | V37: 0 | W37: 0 | X37: 0 | Y37: 0 | Z37: 0 | AA37: 0 | AB37: 0 | AC37: 0 | AD37: 0 | AE37: 0 | AF37: 0 | AG37: 0 | AH37: 0 | AI37: 0 | AJ37: 3103 | AK37: 0 | AL37: 0 | AM37: 0 | AN37: 0 | AO37: 0 | AP37: 0 | AQ37: 0 | AR37: 0 | AS37: 0 | AT37: 0 | AU37: 0 | AV37: 0 | AW37: 0 | AX37: 200 | AY37: 0 | AZ37: 0 | BA37: 0 | BB37: 2418 | BC37: 0 | BD37: 84477 | BE37: 0 | BF37: =SUM(E37:BE37) -> 179228.89 | BG37: =SUM(E37:W37) -> 89030.89 | BH37: =SUM(X37:AJ37) -> 3103 | BI37: =SUM(AK37:BE37) -> 87095
C38: 349 | D38: Autres charges financières | E38: 0 | F38: 0.85 | G38: 0 | H38: 0 | I38: 0 | J38: 0 | K38: 0 | L38: 0 | M38: 4.43 | N38: 0 | O38: 0 | P38: 0 | Q38: 0 | R38: 0 | S38: 0 | T38: 0 | U38: 0 | V38: 0 | W38: -61 | X38: 4354.92 | Y38: 0 | Z38: 0 | AA38: 0 | AB38: 2609.35 | AC38: 0 | AD38: 0 | AE38: 0 | AF38: 0 | AG38: 7098.97 | AH38: 0 | AI38: 0.05 | AJ38: 146.5 | AK38: 0 | AL38: 8201.23 | AM38: 0 | AN38: 788.1 | AO38: 0 | AP38: 3243.7 | AQ38: 0 | AR38: 0 | AS38: 1566.23 | AT38: 0 | AU38: 0 | AV38: 0 | AW38: 229.45 | AX38: 906.55 | AY38: 0 | AZ38: 0 | BA38: 0 | BB38: 0 | BC38: 0 | BD38: 0 | BE38: 2453.2 | BF38: =SUM(E38:BE38) -> 31542.53 | BG38: =SUM(E38:W38) -> -55.72 | BH38: =SUM(X38:AJ38) -> 14209.79 | BI38: =SUM(AK38:BE38) -> 17388.46
B40: 35 | D40: Attributions aux financements spéciaux des capitaux de tiers | E40: =E41+E42 -> 13669.95 | F40: =F41+F42 -> 22425.32 | G40: =G41+G42 -> 5326.55 | H40: =H41+H42 -> 0 | I40: =I41+I42 -> 287118.55 | J40: =J41+J42 -> 8240.7 | K40: =K41+K42 -> 29873.4 | L40: =L41+L42 -> 0 | ... BI40: =BI41+BI42 -> 1002810.7
C41: 350 | D41: Attributions aux financements spéciaux des capitaux de tiers | E41: 0 | F41: 0 | G41: 0 | H41: 0 | I41: 12819.55 | J41: 0 | K41: 0 | L41: 0 | M41: 0 | N41: 19000 | O41: 0 | P41: 0 | Q41: 0 | R41: 0 | S41: 0 | T41: 0 | U41: 0 | V41: 0 | W41: 0 | X41: 0 | Y41: 0 | Z41: 0 | AA41: 0 | AB41: 0 | AC41: 0 | AD41: 0 | AE41: 0 | AF41: 0 | AG41: 0 | AH41: 0 | AI41: 105.25 | AJ41: 0 | AK41: 0 | AL41: 0 | AM41: 0 | AN41: 0 | AO41: 0 | AP41: 0 | AQ41: 0 | AR41: 0 | AS41: 0 | AT41: 20000 | AU41: 0 | AV41: 15433.45 | AW41: 0 | AX41: 0 | AY41: 0 | AZ41: 0 | BA41: 0 | BB41: 0 | BC41: 0 | BD41: 0 | BE41: 0 | BF41: =SUM(E41:BE41) -> 67358.25 | BG41: =SUM(E41:W41) -> 31819.55 | BH41: =SUM(X41:AJ41) -> 105.25 | BI41: =SUM(AK41:BE41) -> 35433.45
C42: 351 | D42: Attributions aux financements spéciaux du capital propres | E42: 13669.95 | F42: 22425.32 | G42: 5326.55 | H42: 0 | I42: 274299 | J42: 8240.7 | K42: 29873.4 | L42: 0 | M42: 94598.63 | N42: 0 | O42: 998890 | P42: 0 | Q42: 0 | R42: 0 | S42: 0 | T42: 0 | U42: 0 | V42: 0 | W42: 0 | X42: 28915.25 | Y42: 323.15 | Z42: 122878 | AA42: 12281.9 | AB42: 8938.8 | AC42: 12454 | AD42: 4699 | AE42: 16453.51 | AF42: 0 | AG42: 32708.1 | AH42: 83053.6 | AI42: 1481.35 | AJ42: 3000 | AK42: 2696.1 | AL42: 44906.47 | AM42: 8438.27 | AN42: 0 | AO42: 0 | AP42: 10.25 | AQ42: 1740 | AR42: 250436.1 | AS42: 114117.9 | AT42: 235280 | AU42: 1402.95 | AV42: 192938.14 | AW42: 16960 | AX42: 59.85 | AY42: 0 | AZ42: 1391.7 | BA42: 1144.44 | BB42: 71263.19 | BC42: 444.15 | BD42: 13630.41 | BE42: 10517.29 | BF42: =SUM(E42:BE42) -> 2741887.4 | BG42: =SUM(E42:W42) -> 1447323.6 | BH42: =SUM(X42:AJ42) -> 327186.66 | BI42: =SUM(AK42:BE42) -> 967377.21
B44: 36 | D44: Charges de transferts | E44: =E45+E46+E47+E48+E49+E50+E51+E52 -> 2335972.8 | F44: =F45+F46+F47+F48+F49+F50+F51+F52 -> 715593.75 | G44: =G45+G46+G47+G48+G49+G50+G51+G52 -> 1029040.4 | H44: =H45+H46+H47+H48+H49+H50+H51+H52 -> 1038611.9 | I44: =I45+I46+I47+I48+I49+I50+I51+I52 -> 7564693.6 | J44: =J45+J46+J47+J48+J49+J50+J51+J52 -> 6645093.5 | K44: =K45+K46+K47+K48+K49+K50+K51+K52 -> 6799432 | L44: =L45+L46+L47+L48+L49+L50+L51+L52 -> 42498373 | ... BI44: =BI45+BI46+BI47+BI48+BI49+BI50+BI51+BI52 -> 65836127
C45: 360 | D45: Parts de revenus destinés à des collectivités publiques | E45: 5823.35 | F45: 1540 | G45: 1480 | H45: 1020 | I45: 18033.75 | J45: 120560.35 | K45: 4420 | L45: 29125.75 | M45: 2720 | N45: 680 | O45: 93112.3 | P45: 1340 | Q45: 220 | R45: 1520 | S45: 1040 | T45: 6528.85 | U45: 920 | V45: 1440 | W45: 7280 | X45: 2510 | Y45: 2304.55 | Z45: 0 | AA45: 805 | AB45: 2104.5 | AC45: 4565 | AD45: 13286.15 | AE45: 4235 | AF45: 5080 | AG45: 18750 | AH45: 23240 | AI45: 2275 | AJ45: 3483.25 | AK45: 4525 | AL45: 4400 | AM45: 4665 | AN45: 936 | AO45: 1120 | AP45: 525 | AQ45: 1800 | AR45: 6475 | AS45: 2410 | AT45: 3120 | AU45: 1585 | AV45: 6000 | AW45: 1760 | AX45: 0 | AY45: 70 | AZ45: 4945 | BA45: 3275 | BB45: 6885 | BC45: 401.9 | BD45: 17530 | BE45: 2240 | BF45: =SUM(E45:BE45) -> 456110.7 | BG45: =SUM(E45:W45) -> 298804.35 | BH45: =SUM(X45:AJ45) -> 82638.45 | BI45: =SUM(AK45:BE45) -> 74667.9
C46: 361 | D46: Dédommagements aux collectivités publiques | E46: 1730003.4 | F46: 476459.45 | G46: 836856.94 | H46: 743646.4 | I46: 4724297.7 | J46: 4308067.7 | K46: 4834795.4 | L46: 18497662 | M46: 2546451.9 | N46: 141150.35 | O46: 11812216 | P46: 869096.42 | Q46: 190263.44 | R46: 655084.04 | S46: 545345.99 | T46: 1491743.5 | U46: 444383.69 | V46: 760702.18 | W46: 4341798.8 | X46: 465871.25 | Y46: 2062068 | Z46: 2369758.9 | AA46: 160288 | AB46: 260539.86 | AC46: 965885.45 | AD46: 1405504.5 | AE46: 798007.45 | AF46: 994346 | AG46: 3364191.3 | AH46: 3178730.7 | AI46: 397076.26 | AJ46: 214527.1 | AK46: 4004133.8 | AL46: 1877001.1 | AM46: 2191741.7 | AN46: 133400.9 | AO46: 1277343.9 | AP46: 1350814.4 | AQ46: 1192765 | AR46: 2241368.4 | AS46: 1507807.2 | AT46: 1833220 | AU46: 567637.02 | AV46: 5212640.2 | AW46: 1373001.1 | AX46: 318760.3 | AY46: 537273.8 | AZ46: 3042432.1 | BA46: 770575.38 | BB46: 1997511.9 | BC46: 429756.49 | BD46: 9100282.8 | BE46: 1071138.3 | BF46: =SUM(E46:BE46) -> 1.1861743e+08 | BG46: =SUM(E46:W46) -> 59950025 | BH46: =SUM(X46:AJ46) -> 16636795 | BI46: =SUM(AK46:BE46) -> 42030606
C47: 362 | D47: Péréquation financière et compensation de charges | E47: 38535 | F47: 6399 | G47: 0 | H47: 0 | I47: 144150 | J47: 132354 | K47: 212945 | L47: 426800.5 | M47: 54924 | N47: 599.97 | O47: 226089 | P47: 0 | Q47: 3413 | R47: 0 | S47: 0 | T47: 27562 | U47: 4037 | V47: 17492 | W47: 0 | X47: 0 | Y47: 0 | Z47: 3565766 | AA47: 0 | AB47: 0 | AC47: 0 | AD47: 0 | AE47: 0 | AF47: 117790 | AG47: 314160 | AH47: 0 | AI47: 0 | AJ47: 0 | AK47: 0 | AL47: 110521 | AM47: 0 | AN47: 0 | AO47: 1442298 | AP47: 10339 | AQ47: 20616 | AR47: 0 | AS47: 0 | AT47: 0 | AU47: 341674 | AV47: 0 | AW47: 0 | AX47: 0 | AY47: 0 | AZ47: 54004 | BA47: 6034 | BB47: 8093 | BC47: 0 | BD47: 679030 | BE47: 0 | BF47: =SUM(E47:BE47) -> 7965625.5 | BG47: =SUM(E47:W47) -> 1295300.5 | BH47: =SUM(X47:AJ47) -> 3997716 | BI47: =SUM(AK47:BE47) -> 2672609
C48: 363 | D48: Subventions à des collectivités publiques et des tiers | E48: 553705.75 | F48: 229359.3 | G48: 190703.45 | H48: 254348.9 | I48: 2676470.3 | J48: 2084111.4 | K48: 1602594.1 | L48: 18921066 | M48: 848719.3 | N48: 83880.05 | O48: 4299771.7 | P48: 293205.85 | Q48: 44844.8 | R48: 166022.5 | S48: 183641.1 | T48: 278672.6 | U48: 161977.39 | V48: 445330.18 | W48: 1790040.1 | X48: 221228.13 | Y48: 831015.55 | Z48: 990448.48 | AA48: 39935.64 | AB48: 103320.4 | AC48: 336868.41 | AD48: 449996.25 | AE48: 427607.8 | AF48: 237845.62 | AG48: 1334503.6 | AH48: 2689684 | AI48: 110360.83 | AJ48: 121754.21 | AK48: 1009897.1 | AL48: 732377.6 | AM48: 864965.25 | AN48: 129495.5 | AO48: 1201881.7 | AP48: 570460.22 | AQ48: 310915.75 | AR48: 842447.17 | AS48: 413947.5 | AT48: 753302.38 | AU48: 195947.4 | AV48: 1308624.4 | AW48: 384875.5 | AX48: 191334.5 | AY48: 187735.9 | AZ48: 786376.65 | BA48: 194701 | BB48: 618405.9 | BC48: 120230.75 | BD48: 9790045.8 | BE48: 398728.8 | BF48: =SUM(E48:BE48) -> 64009731 | BG48: =SUM(E48:W48) -> 35108465 | BH48: =SUM(X48:AJ48) -> 7894568.9 | BI48: =SUM(AK48:BE48) -> 21006697
C49: 364 | D49: Réévaluations des prets du PA | E49: 0 | F49: 0 | G49: 0 | H49: 0 | I49: 0 | J49: 0 | K49: 0 | L49: 0 | M49: 0 | N49: 0 | O49: 0 | P49: 0 | Q49: 0 | R49: 0 | S49: 0 | T49: 0 | U49: 0 | V49: 0 | W49: 0 | X49: 0 | Y49: 0 | Z49: 0 | AA49: 0 | AB49: 0 | AC49: 0 | AD49: 0 | AE49: 0 | AF49: 0 | AG49: 0 | AH49: 0 | AI49: 0 | AJ49: 0 | AK49: 0 | AL49: 0 | AM49: 0 | AN49: 0 | AO49: 0 | AP49: 0 | AQ49: 0 | AR49: 0 | AS49: 0 | AT49: 0 | AU49: 0 | AV49: 0 | AW49: 0 | AX49: 0 | AY49: 0 | AZ49: 0 | BA49: 0 | BB49: 0 | BC49: 0 | BD49: 0 | BE49: 0 | BF49: =SUM(E49:BE49) -> 0 | BG49: =SUM(E49:W49) -> 0 | BH49: =SUM(X49:AJ49) -> 0 | BI49: =SUM(AK49:BE49) -> 0
C50: 365 | D50: Réévaluations des participations du PA | E50: 0 | F50: 0 | G50: 0 | H50: 0 | I50: 0 | J50: 0 | K50: 0 | L50: 0 | M50: 0 | N50: 0 | O50: 0 | P50: 0 | Q50: 0 | R50: 0 | S50: 0 | T50: 0 | U50: 8100 | V50: 0 | W50: 0 | X50: 0 | Y50: 0 | Z50: 0 | AA50: 0 | AB50: 0 | AC50: 0 | AD50: 0 | AE50: 0 | AF50: 0 | AG50: 0 | AH50: 0 | AI50: 0 | AJ50: 0 | AK50: 0 | AL50: 0 | AM50: 0 | AN50: 0 | AO50: 0 | AP50: 0 | AQ50: 0 | AR50: 0 | AS50: 0 | AT50: 0 | AU50: 0 | AV50: 0 | AW50: 0 | AX50: 0 | AY50: 0 | AZ50: 13000 | BA50: 0 | BB50: 0 | BC50: 0 | BD50: 0 | BE50: 0 | BF50: =SUM(E50:BE50) -> 21100 | BG50: =SUM(E50:W50) -> 8100 | BH50: =SUM(X50:AJ50) -> 0 | BI50: =SUM(AK50:BE50) -> 13000
C51: 366 | D51: Amortissements des subventions des investissements | E51: 7905.29 | F51: 0 | G51: 0 | H51: 0 | I51: 1741.8 | J51: 0 | K51: 144677.5 | L51: 0 | M51: 10700 | N51: 0 | O51: 71002.24 | P51: 0 | Q51: 0 | R51: 0 | S51: 0 | T51: 0 | U51: 667.55 | V51: 0 | W51: 133028 | X51: 0 | Y51: 0 | Z51: 0 | AA51: 0 | AB51: 0 | AC51: 0 | AD51: 0 | AE51: 0 | AF51: 0 | AG51: 0 | AH51: 0 | AI51: 0 | AJ51: 0 | AK51: 0 | AL51: 0 | AM51: 0 | AN51: 0 | AO51: 0 | AP51: 736 | AQ51: 567 | AR51: 0 | AS51: 422 | AT51: 0 | AU51: 338 | AV51: 0 | AW51: 633 | AX51: 207 | AY51: 311 | AZ51: 1597 | BA51: 319 | BB51: 1083 | BC51: 235 | BD51: 0 | BE51: 0 | BF51: =SUM(E51:BE51) -> 376170.38 | BG51: =SUM(E51:W51) -> 369722.38 | BH51: =SUM(X51:AJ51) -> 0 | BI51: =SUM(AK51:BE51) -> 6448
C52: 369 | D52: Différentes charges de transfert à des collectivités publiques et tiers | E52: 0 | F52: 1836 | G52: 0 | H52: 39596.59 | I52: 0 | J52: 0 | K52: 0 | L52: 4623719.2 | M52: 235249.77 | N52: 0 | O52: 17863.2 | P52: 0 | Q52: 0 | R52: 3645 | S52: 0 | T52: 0 | U52: 2088 | V52: 0 | W52: 0 | X52: 0 | Y52: 7659 | Z52: 12834 | AA52: 0 | AB52: 0 | AC52: 0 | AD52: 22394.05 | AE52: 3789 | AF52: 7552.5 | AG52: 15156 | AH52: 21321 | AI52: 1161 | AJ52: 0 | AK52: 0 | AL52: 0 | AM52: 1854 | AN52: 0 | AO52: 0 | AP52: 0 | AQ52: 5589 | AR52: 7056 | AS52: 6519 | AT52: 0 | AU52: 30 | AV52: 0 | AW52: 0 | AX52: 1656 | AY52: 2835 | AZ52: 0 | BA52: 0 | BB52: 0 | BC52: 1602 | BD52: 0 | BE52: 4959 | BF52: =SUM(E52:BE52) -> 5047964.4 | BG52: =SUM(E52:W52) -> 4923997.8 | BH52: =SUM(X52:AJ52) -> 91866.55 | BI52: =SUM(AK52:BE52) -> 32100
B54: 37 | D54: Subventions à redistribuer | E54: =E55 -> 0 | F54: =F55 -> 0 | G54: =G55 -> 0 | H54: =H55 -> 0 | I54: =I55 -> 0 | J54: =J55 -> 0 | K54: =K55 -> 0 | L54: =L55 -> 0 | ... BI54: =BI55 -> 109995.55
C55: 370 | D55: Subventions à redistribuer à des collectivités publiques et des tiers | E55: 0 | F55: 0 | G55: 0 | H55: 0 | I55: 0 | J55: 0 | K55: 0 | L55: 0 | M55: 0 | N55: 0 | O55: 0 | P55: 0 | Q55: 0 | R55: 0 | S55: 0 | T55: 0 | U55: 0 | V55: 0 | W55: 0 | X55: 429761.85 | Y55: 0 | Z55: 428988.05 | AA55: 159801.5 | AB55: 177389.45 | AC55: 157194.6 | AD55: 0 | AE55: 239155.5 | AF55: 593828 | AG55: 388007.35 | AH55: 0 | AI55: 4182.45 | AJ55: 0 | AK55: 0 | AL55: 0 | AM55: 0 | AN55: 0 | AO55: 0 | AP55: 1343.5 | AQ55: 0 | AR55: 56609 | AS55: 0 | AT55: 0 | AU55: 0 | AV55: 42383.05 | AW55: 9660 | AX55: 0 | AY55: 0 | AZ55: 0 | BA55: 0 | BB55: 0 | BC55: 0 | BD55: 0 | BE55: 0 | BF55: =SUM(E55:BE55) -> 2688304.3 | BG55: =SUM(E55:W55) -> 0 | BH55: =SUM(X55:AJ55) -> 2578308.8 | BI55: =SUM(AK55:BE55) -> 109995.55
B57: 38 | D57: Charges extraordinaires | E57: =E58+E59+E60+E61+E62+E63 -> 0 | F57: =F58+F59+F60+F61+F62+F63 -> 0 | G57: =G58+G59+G60+G61+G62+G63 -> 0 | H57: =H58+H59+H60+H61+H62+H63 -> 339.5 | I57: =I58+I59+I60+I61+I62+I63 -> 299720.06 | J57: =J58+J59+J60+J61+J62+J63 -> 7340 | K57: =K58+K59+K60+K61+K62+K63 -> 650000 | L57: =L58+L59+L60+L61+L62+L63 -> 0 | ... BI57: =BI58+BI59+BI60+BI61+BI62+BI63 -> 3016706.1
C58: 380 | D58: Charges extraordinaires du personnel administratif et d'exploitation | E58: 0 | F58: 0 | G58: 0 | H58: 0 | I58: 0 | J58: 0 | K58: 0 | L58: 0 | M58: 0 | N58: 0 | O58: 0 | P58: 0 | Q58: 0 | R58: 0 | S58: 0 | T58: 0 | U58: 0 | V58: 0 | W58: 0 | X58: 0 | Y58: 0 | Z58: 0 | AA58: 0 | AB58: 0 | AC58: 0 | AD58: 0 | AE58: 0 | AF58: 0 | AG58: 0 | AH58: 0 | AI58: 0 | AJ58: 0 | AK58: 0 | AL58: 0 | AM58: 0 | AN58: 0 | AO58: 0 | AP58: 0 | AQ58: 0 | AR58: 0 | AS58: 0 | AT58: 0 | AU58: 0 | AV58: 0 | AW58: 0 | AX58: 0 | AY58: 0 | AZ58: 0 | BA58: 0 | BB58: 0 | BC58: 0 | BD58: 0 | BE58: 0 | BF58: =SUM(E58:BE58) -> 0 | BG58: =SUM(E58:W58) -> 0 | BH58: =SUM(X58:AJ58) -> 0 | BI58: =SUM(AK58:BE58) -> 0
C59: 381 | D59: charges extraordinaires de biens et de services d'exploitation | E59: 0 | F59: 0 | G59: 0 | H59: 339.5 | I59: 0 | J59: 7340 | K59: 0 | L59: 0 | M59: 0 | N59: 0 | O59: 144.45 | P59: 0 | Q59: 946.6 | R59: 0 | S59: 0 | T59: 0 | U59: 0 | V59: 0 | W59: 0 | X59: 0 | Y59: 0 | Z59: 0 | AA59: 0 | AB59: 0 | AC59: 0 | AD59: 0 | AE59: 0 | AF59: 0 | AG59: 0 | AH59: 0 | AI59: 0 | AJ59: 0 | AK59: 0 | AL59: 0 | AM59: 0 | AN59: 0 | AO59: 0 | AP59: 0 | AQ59: 0 | AR59: 0 | AS59: 0 | AT59: 0 | AU59: 0 | AV59: 0 | AW59: 0 | AX59: 0 | AY59: 0 | AZ59: 0 | BA59: 0 | BB59: 0 | BC59: 0 | BD59: 0 | BE59: 0 | BF59: =SUM(E59:BE59) -> 8770.55 | BG59: =SUM(E59:W59) -> 8770.55 | BH59: =SUM(X59:AJ59) -> 0 | BI59: =SUM(AK59:BE59) -> 0
C60: 384 | D60: Charges extraordinaires financières et comptables | E60: 0 | F60: 0 | G60: 0 | H60: 0 | I60: -279.94 | J60: 0 | K60: 0 | L60: 0 | M60: 0 | N60: 0 | O60: 0 | P60: 0 | Q60: 0 | R60: 0 | S60: 0 | T60: 0 | U60: 0 | V60: 0 | W60: 0 | X60: 0 | Y60: 100 | Z60: 0 | AA60: 0 | AB60: 0 | AC60: 0 | AD60: 0 | AE60: 0 | AF60: 0 | AG60: 0 | AH60: 0 | AI60: 0 | AJ60: 0 | AK60: 0 | AL60: 0 | AM60: 0 | AN60: 745.97 | AO60: 0 | AP60: 0 | AQ60: 0 | AR60: 0 | AS60: 0 | AT60: 0 | AU60: 0 | AV60: 0 | AW60: 0 | AX60: 0 | AY60: 0 | AZ60: 0 | BA60: 0 | BB60: 0 | BC60: 0 | BD60: 0 | BE60: 0 | BF60: =SUM(E60:BE60) -> 566.03 | BG60: =SUM(E60:W60) -> -279.94 | BH60: =SUM(X60:AJ60) -> 100 | BI60: =SUM(AK60:BE60) -> 745.97
C61: 385 | D61: Attributions extraordinaires aux financements spéciaux | E61: 0 | F61: 0 | G61: 0 | H61: 0 | I61: 0 | J61: 0 | K61: 0 | L61: 0 | M61: 0 | N61: 0 | O61: 0 | P61: 0 | Q61: 0 | R61: 0 | S61: 0 | T61: 0 | U61: 0 | V61: 0 | W61: 0 | X61: 0 | Y61: 0 | Z61: 0 | AA61: 0 | AB61: 0 | AC61: 0 | AD61: 0 | AE61: 0 | AF61: 0 | AG61: 0 | AH61: 0 | AI61: 0 | AJ61: 0 | AK61: 0 | AL61: 0 | AM61: 0 | AN61: 0 | AO61: 0 | AP61: 0 | AQ61: 0 | AR61: 0 | AS61: 0 | AT61: 0 | AU61: 0 | AV61: 0 | AW61: 0 | AX61: 0 | AY61: 0 | AZ61: 0 | BA61: 0 | BB61: 0 | BC61: 0 | BD61: 0 | BE61: 0 | BF61: =SUM(E61:BE61) -> 0 | BG61: =SUM(E61:W61) -> 0 | BH61: =SUM(X61:AJ61) -> 0 | BI61: =SUM(AK61:BE61) -> 0
C62: 386 | D62: Charges de transfert extraordinaires au collectivités et aux tiers | E62: 0 | F62: 0 | G62: 0 | H62: 0 | I62: 0 | J62: 0 | K62: 0 | L62: 0 | M62: 0 | N62: 0 | O62: 0 | P62: 0 | Q62: 0 | R62: 0 | S62: 0 | T62: 0 | U62: 0 | V62: 0 | W62: 0 | X62: 0 | Y62: 0 | Z62: 0 | AA62: 0 | AB62: 0 | AC62: 0 | AD62: 2270 | AE62: 0 | AF62: 0 | AG62: 0 | AH62: 0 | AI62: 0 | AJ62: 0 | AK62: 0 | AL62: 0 | AM62: 0 | AN62: 0 | AO62: 0 | AP62: 0 | AQ62: 0 | AR62: 0 | AS62: 0 | AT62: 0 | AU62: 0 | AV62: 0 | AW62: 0 | AX62: 0 | AY62: 0 | AZ62: 0 | BA62: 0 | BB62: 0 | BC62: 0 | BD62: 0 | BE62: 0 | BF62: =SUM(E62:BE62) -> 2270 | BG62: =SUM(E62:W62) -> 0 | BH62: =SUM(X62:AJ62) -> 2270 | BI62: =SUM(AK62:BE62) -> 0
C63: 389 | D63: Attributions au capital propre | E63: 0 | F63: 0 | G63: 0 | H63: 0 | I63: 300000 | J63: 0 | K63: 650000 | L63: 0 | M63: 0 | N63: 0 | O63: 383300 | P63: 337.1 | Q63: 0 | R63: 0 | S63: 0 | T63: 95000 | U63: 0 | V63: 0 | W63: 600000 | X63: 0 | Y63: 0 | Z63: 1000000 | AA63: 0 | AB63: 35000 | AC63: 0 | AD63: 0 | AE63: 0 | AF63: 0 | AG63: 0 | AH63: 350000 | AI63: 50000 | AJ63: 170000 | AK63: 367367.02 | AL63: 163343.7 | AM63: 0 | AN63: 12358 | AO63: 1900000 | AP63: 0 | AQ63: 0 | AR63: 20000 | AS63: 0 | AT63: 0 | AU63: 0 | AV63: 100000 | AW63: 200000 | AX63: 1717.95 | AY63: 0 | AZ63: 0 | BA63: 920 | BB63: 250253.45 | BC63: 0 | BD63: 0 | BE63: 0 | BF63: =SUM(E63:BE63) -> 6649597.2 | BG63: =SUM(E63:W63) -> 2028637.1 | BH63: =SUM(X63:AJ63) -> 1605000 | BI63: =SUM(AK63:BE63) -> 3015960.1
B65: 39 | D65: Imputations internes | E65: =E66+E67+E68+E69+E70+E71+E72+E73 -> 0 | F65: =F66+F67+F68+F69+F70+F71+F72+F73 -> 23995.28 | G65: =G66+G67+G68+G69+G70+G71+G72+G73 -> 10960.2 | H65: =H66+H67+H68+H69+H70+H71+H72+H73 -> 40456 | I65: =I66+I67+I68+I69+I70+I71+I72+I73 -> 311300 | J65: =J66+J67+J68+J69+J70+J71+J72+J73 -> 65470 | K65: =K66+K67+K68+K69+K70+K71+K72+K73 -> 185959.25 | L65: =L66+L67+L68+L69+L70+L71+L72+L73 -> 4472239.8 | ... BI65: =BI66+BI67+BI68+BI69+BI70+BI71+BI72+BI73 -> 724172.68
C66: 390 | D66: Approvisionnement en matériel et en marchandises | E66: 0 | F66: 200 | G66: 0 | H66: 0 | I66: 0 | J66: 0 | K66: 0 | L66: 50000 | M66: 1200 | N66: 0 | O66: 0 | P66: 0 | Q66: 0 | R66: 0 | S66: 0 | T66: 0 | U66: 0 | V66: 0 | W66: 13000 | X66: 0 | Y66: 0 | Z66: 0 | AA66: 0 | AB66: 0 | AC66: 0 | AD66: 1350 | AE66: 0 | AF66: 0 | AG66: 4616.2 | AH66: 2790.65 | AI66: 0 | AJ66: 0 | AK66: 0 | AL66: 0 | AM66: 0 | AN66: 0 | AO66: 0 | AP66: 800 | AQ66: 0 | AR66: 0 | AS66: 0 | AT66: 0 | AU66: 0 | AV66: 0 | AW66: 0 | AX66: 0 | AY66: 0 | AZ66: 0 | BA66: 0 | BB66: 0 | BC66: 0 | BD66: 0 | BE66: 0 | BF66: =SUM(E66:BE66) -> 73956.85 | BG66: =SUM(E66:W66) -> 64400 | BH66: =SUM(X66:AJ66) -> 8756.85 | BI66: =SUM(AK66:BE66) -> 800
C67: 391 | D67: Prestations de services | E67: 0 | F67: 3916.8 | G67: 4681.6 | H67: 40100 | I67: 8500 | J67: 65470 | K67: 111315 | L67: 1470128.9 | M67: 55142.5 | N67: 0 | O67: 186891 | P67: 29305.55 | Q67: 0 | R67: 57467.6 | S67: 0 | T67: 0 | U67: 0 | V67: 59200 | W67: 87600 | X67: 0 | Y67: 0 | Z67: 0 | AA67: 15000 | AB67: 0 | AC67: 0 | AD67: 47927.34 | AE67: 42750 | AF67: 109873.3 | AG67: 2658.45 | AH67: 28500 | AI67: 0 | AJ67: 0 | AK67: 93000 | AL67: 0 | AM67: 3520 | AN67: 240 | AO67: 68595.55 | AP67: 68629.7 | AQ67: 0 | AR67: 0 | AS67: 48710.5 | AT67: 39687.45 | AU67: 2000 | AV67: 57192.25 | AW67: 0 | AX67: 0 | AY67: 0 | AZ67: 102184.75 | BA67: 0 | BB67: 46285.83 | BC67: 0 | BD67: 0 | BE67: 15500 | BF67: =SUM(E67:BE67) -> 2971974 | BG67: =SUM(E67:W67) -> 2179718.9 | BH67: =SUM(X67:AJ67) -> 246709.09 | BI67: =SUM(AK67:BE67) -> 545546.03
C68: 392 | D68: Loyer, baux à ferme et frais d'utilisation | E68: 0 | F68: 0 | G68: 0 | H68: 0 | I68: 0 | J68: 0 | K68: 0 | L68: 60000 | M68: 0 | N68: 0 | O68: 0 | P68: 0 | Q68: 0 | R68: 0 | S68: 0 | T68: 0 | U68: 0 | V68: 0 | W68: 0 | X68: 0 | Y68: 0 | Z68: 84000 | AA68: 0 | AB68: 0 | AC68: 0 | AD68: 0 | AE68: 0 | AF68: 0 | AG68: 0 | AH68: 0 | AI68: 0 | AJ68: 0 | AK68: 0 | AL68: 0 | AM68: 0 | AN68: 0 | AO68: 0 | AP68: 0 | AQ68: 0 | AR68: 0 | AS68: 0 | AT68: 0 | AU68: 0 | AV68: 0 | AW68: 0 | AX68: 0 | AY68: 0 | AZ68: 0 | BA68: 0 | BB68: 0 | BC68: 0 | BD68: 0 | BE68: 0 | BF68: =SUM(E68:BE68) -> 144000 | BG68: =SUM(E68:W68) -> 60000 | BH68: =SUM(X68:AJ68) -> 84000 | BI68: =SUM(AK68:BE68) -> 0
C69: 393 | D69: Frais administratifs et d'exploitation | E69: 0 | F69: 0 | G69: 3036.5 | H69: 0 | I69: 0 | J69: 0 | K69: 15093 | L69: 0 | M69: 0 | N69: 0 | O69: 0 | P69: 0 | Q69: 0 | R69: 0 | S69: 0 | T69: 0 | U69: 0 | V69: 0 | W69: 5300 | X69: 0 | Y69: 0 | Z69: 0 | AA69: 0 | AB69: 0 | AC69: 0 | AD69: 0 | AE69: 0 | AF69: 0 | AG69: 0 | AH69: 0 | AI69: 0 | AJ69: 0 | AK69: 0 | AL69: 0 | AM69: 0 | AN69: 0 | AO69: 0 | AP69: 0 | AQ69: 0 | AR69: 0 | AS69: 13939.55 | AT69: 0 | AU69: 0 | AV69: 0 | AW69: 0 | AX69: 0 | AY69: 0 | AZ69: 0 | BA69: 0 | BB69: 0 | BC69: 0 | BD69: 0 | BE69: 0 | BF69: =SUM(E69:BE69) -> 37369.05 | BG69: =SUM(E69:W69) -> 23429.5 | BH69: =SUM(X69:AJ69) -> 0 | BI69: =SUM(AK69:BE69) -> 13939.55
C70: 394 | D70: Intérêts et charges financières théoriques | E70: 0 | F70: 19878.48 | G70: 3242.1 | H70: 0 | I70: 302800 | J70: 0 | K70: 59551.25 | L70: 499217 | M70: 32296.14 | N70: 0 | O70: 0 | P70: 0 | Q70: 0 | R70: 0 | S70: 0 | T70: 0 | U70: 0 | V70: 0 | W70: 0 | X70: 0 | Y70: 0 | Z70: 0 | AA70: 0 | AB70: 0 | AC70: 0 | AD70: 0 | AE70: 0 | AF70: 0 | AG70: 0 | AH70: 0 | AI70: 0 | AJ70: 0 | AK70: 0 | AL70: 60365.9 | AM70: 0 | AN70: 0 | AO70: 0 | AP70: 32337.1 | AQ70: 0 | AR70: 0 | AS70: 58993.7 | AT70: 0 | AU70: 0 | AV70: 0 | AW70: 0 | AX70: 7038.5 | AY70: 0 | AZ70: 0 | BA70: 0 | BB70: 0 | BC70: 1651.9 | BD70: 0 | BE70: 0 | BF70: =SUM(E70:BE70) -> 1077372.1 | BG70: =SUM(E70:W70) -> 916984.97 | BH70: =SUM(X70:AJ70) -> 0 | BI70: =SUM(AK70:BE70) -> 160387.1
C71: 395 | D71: Amortissements planifiés et non planifiés du PA | E71: 0 | F71: 0 | G71: 0 | H71: 356 | I71: 0 | J71: 0 | K71: 0 | L71: 0 | M71: 0 | N71: 0 | O71: 0 | P71: 0 | Q71: 0 | R71: 0 | S71: 0 | T71: 0 | U71: 0 | V71: 0 | W71: 0 | X71: 0 | Y71: 0 | Z71: 0 | AA71: 0 | AB71: 0 | AC71: 0 | AD71: 0 | AE71: 0 | AF71: 0 | AG71: 0 | AH71: 0 | AI71: 0 | AJ71: 0 | AK71: 0 | AL71: 0 | AM71: 0 | AN71: 0 | AO71: 0 | AP71: 0 | AQ71: 0 | AR71: 0 | AS71: 0 | AT71: 0 | AU71: 0 | AV71: 0 | AW71: 0 | AX71: 0 | AY71: 0 | AZ71: 0 | BA71: 0 | BB71: 0 | BC71: 0 | BD71: 0 | BE71: 0 | BF71: =SUM(E71:BE71) -> 356 | BG71: =SUM(E71:W71) -> 356 | BH71: =SUM(X71:AJ71) -> 0 | BI71: =SUM(AK71:BE71) -> 0
C72: 398 | D72: Virements comptabiles | E72: 0 | F72: 0 | G72: 0 | H72: 0 | I72: 0 | J72: 0 | K72: 0 | L72: 2394832.9 | M72: 0 | N72: 0 | O72: 0 | P72: 0 | Q72: 0 | R72: 0 | S72: 0 | T72: 0 | U72: 0 | V72: 0 | W72: 0 | X72: 0 | Y72: 0 | Z72: 0 | AA72: 0 | AB72: 0 | AC72: 0 | AD72: 0 | AE72: 0 | AF72: 0 | AG72: 0 | AH72: 0 | AI72: 0 | AJ72: 0 | AK72: 0 | AL72: 0 | AM72: 0 | AN72: 0 | AO72: 0 | AP72: 0 | AQ72: 0 | AR72: 0 | AS72: 0 | AT72: 0 | AU72: 0 | AV72: 0 | AW72: 0 | AX72: 0 | AY72: 0 | AZ72: 0 | BA72: 0 | BB72: 0 | BC72: 0 | BD72: 0 | BE72: 0 | BF72: =SUM(E72:BE72) -> 2394832.9 | BG72: =SUM(E72:W72) -> 2394832.9 | BH72: =SUM(X72:AJ72) -> 0 | BI72: =SUM(AK72:BE72) -> 0
C73: 399 | D73: Autres imputations internes | E73: 0 | F73: 0 | G73: 0 | H73: 0 | I73: 0 | J73: 0 | K73: 0 | L73: -1938.97 | M73: 0 | N73: 0 | O73: 0 | P73: 0 | Q73: 0 | R73: 0 | S73: 0 | T73: 0 | U73: 0 | V73: 0 | W73: 5400 | X73: 0 | Y73: 0 | Z73: 0 | AA73: 0 | AB73: 0 | AC73: 0 | AD73: 0 | AE73: 0 | AF73: 0 | AG73: 0 | AH73: 0 | AI73: 0 | AJ73: 0 | AK73: 0 | AL73: 0 | AM73: 0 | AN73: 0 | AO73: 0 | AP73: 0 | AQ73: 0 | AR73: 0 | AS73: 0 | AT73: 0 | AU73: 0 | AV73: 0 | AW73: 0 | AX73: 0 | AY73: 0 | AZ73: 3500 | BA73: 0 | BB73: 0 | BC73: 0 | BD73: 0 | BE73: 0 | BF73: =SUM(E73:BE73) -> 6961.03 | BG73: =SUM(E73:W73) -> 3461.03 | BH73: =SUM(X73:AJ73) -> 0 | BI73: =SUM(AK73:BE73) -> 3500
A76: 4 | D76: Revenus | E76: =E77+E83+E89+E100+E106+E118+E122+E129+E132+E141 -> 3851613.9 | F76: =F77+F83+F89+F100+F106+F118+F122+F129+F132+F141 -> 1053880.1 | G76: =G77+G83+G89+G100+G106+G118+G122+G129+G132+G141 -> 1889903.8 | H76: =H77+H83+H89+H100+H106+H118+H122+H129+H132+H141 -> 1924662 | I76: =I77+I83+I89+I100+I106+I118+I122+I129+I132+I141 -> 16678004 | J76: =J77+J83+J89+J100+J106+J118+J122+J129+J132+J141 -> 14443183 | K76: =K77+K83+K89+K100+K106+K118+K122+K129+K132+K141 -> 11992735 | L76: =L77+L83+L89+L100+L106+L118+L122+L129+L132+L141 -> 1.078734e+08 | ... BI76: =BI77+BI83+BI89+BI100+BI106+BI118+BI122+BI129+BI132+BI141 -> 1.2991087e+08
B77: 40 | D77: Revenus fiscaux | E77: =E78+E79+E80+E81 -> 2612689 | F77: =F78+F79+F80+F81 -> 538794.5 | G77: =G78+G79+G80+G81 -> 1322190.5 | H77: =H78+H79+H80+H81 -> 1061305.5 | I77: =I78+I79+I80+I81 -> 9435219.5 | J77: =J78+J79+J80+J81 -> 9146314.4 | K77: =K78+K79+K80+K81 -> 8272966.9 | L77: =L78+L79+L80+L81 -> 37935666 | ... BI77: =BI78+BI79+BI80+BI81 -> 76932424
C78: 400 | D78: Impôts directs des personnes physiques | E78: 2262700.1 | F78: 394584.4 | G78: 1139128 | H78: 950656.41 | I78: 7671730.7 | J78: 7674816 | K78: 6509158.8 | L78: 29188230 | M78: 3029773 | N78: 191379.45 | O78: 14939846 | P78: 1017923.8 | Q78: 207778.13 | R78: 999136.44 | S78: 640644.31 | T78: 2080807.3 | U78: 447890.85 | V78: 1095422.7 | W78: 6728443.9 | X78: 746834.75 | Y78: 4344563.7 | Z78: 3016734.6 | AA78: 162980.45 | AB78: 290960.59 | AC78: 1263965.1 | AD78: 1550453.6 | AE78: 1150391.3 | AF78: 1344189.1 | AG78: 4697662.2 | AH78: 6280726.4 | AI78: 432541.64 | AJ78: 246941.98 | AK78: 4913883.2 | AL78: 2112923.7 | AM78: 2384568.1 | AN78: 269179 | AO78: 3543366 | AP78: 1427538.3 | AQ78: 1396587.7 | AR78: 2314628.3 | AS78: 1555418.9 | AT78: 2260301.7 | AU78: 665145.5 | AV78: 5397412.5 | AW78: 1851760.6 | AX78: 313766.1 | AY78: 678698.3 | AZ78: 4101354 | BA78: 693667.73 | BB78: 2709049.8 | BC78: 301178.4 | BD78: 17855510 | BE78: 1216929.4 | BF78: =SUM(E78:BE78) -> 1.7066186e+08 | BG78: =SUM(E78:W78) -> 87170050 | BH78: =SUM(X78:AJ78) -> 25528946 | BI78: =SUM(AK78:BE78) -> 57962867
C79: 401 | D79: Impôts directs des personnes morales | E79: 104082.17 | F79: 4199.7 | G79: -8741.45 | H79: -15810.9 | I79: 410566.15 | J79: 435109.2 | K79: 1158851.5 | L79: 4132816.7 | M79: 169303.3 | N79: 10437.31 | O79: 1422894.6 | P79: 1536.15 | Q79: 400.65 | R79: 634.11 | S79: 2644.55 | T79: -10344.4 | U79: 4057.45 | V79: 242179.35 | W79: 414822.18 | X79: 4574.2 | Y79: 112507.6 | Z79: 6938409.8 | AA79: 102.2 | AB79: -5685.3 | AC79: 72681.35 | AD79: 74341.35 | AE79: 23967.7 | AF79: 48888.36 | AG79: 1308463.1 | AH79: 480060.95 | AI79: 20202.71 | AJ79: -559.15 | AK79: 381200.4 | AL79: 15337.65 | AM79: 70712.15 | AN79: 41575 | AO79: 4126565.5 | AP79: -20679.21 | AQ79: 126129.7 | AR79: 12170.65 | AS79: 24447.4 | AT79: 18304.88 | AU79: 124189.1 | AV79: 395818.19 | AW79: 374940.27 | AX79: 7008.05 | AY79: 11008.4 | AZ79: 49702.4 | BA79: 16074.4 | BB79: 302844.1 | BC79: 10835.15 | BD79: 2575460.2 | BE79: 115443.55 | BF79: =SUM(E79:BE79) -> 26336681 | BG79: =SUM(E79:W79) -> 8479638.2 | BH79: =SUM(X79:AJ79) -> 9077954.8 | BI79: =SUM(AK79:BE79) -> 8779087.9
C80: 402 | D80: Autres impôts directs | E80: 232616.5 | F80: 134798.4 | G80: 185978.35 | H80: 123590.03 | I80: 1290471.2 | J80: 1014914.2 | K80: 583017.75 | L80: 4520498.4 | M80: 380573.95 | N80: 27755.9 | O80: 2239996.1 | P80: 199185.77 | Q80: 63778.1 | R80: 105021.25 | S80: 136211.6 | T80: 234255.15 | U80: 56002 | V80: 132074.25 | W80: 1053641.1 | X80: 137531.1 | Y80: 363171.6 | Z80: 441259.63 | AA80: 67345.6 | AB80: 50604.15 | AC80: 179387.8 | AD80: 244804.55 | AE80: 216397.45 | AF80: 205025.8 | AG80: 680175 | AH80: 860106.65 | AI80: 99649.35 | AJ80: 69457.65 | AK80: 692041.56 | AL80: 451447.16 | AM80: 465405.75 | AN80: 35823.95 | AO80: 486190.75 | AP80: 188734.8 | AQ80: 166180.05 | AR80: 609945.18 | AS80: 261776.1 | AT80: 248060.15 | AU80: 88152 | AV80: 1001432.9 | AW80: 303470.05 | AX80: 78838.94 | AY80: 146578.96 | AZ80: 652921.75 | BA80: 134055 | BB80: 488431.12 | BC80: 69493.05 | BD80: 2935619.6 | BE80: 202287.74 | BF80: =SUM(E80:BE80) -> 26036183 | BG80: =SUM(E80:W80) -> 12714380 | BH80: =SUM(X80:AJ80) -> 3614916.3 | BI80: =SUM(AK80:BE80) -> 9706886.6
C81: 403 | D81: Impôts sur la possession et les dépenses | E81: 13290.2 | F81: 5212 | G81: 5825.6 | H81: 2870 | I81: 62451.4 | J81: 21475 | K81: 21938.9 | L81: 94120 | M81: 5198.4 | N81: 14599.65 | O81: 55716.6 | P81: 3591.2 | Q81: 5157.2 | R81: 16630.3 | S81: 12203 | T81: 3730 | U81: 12070.65 | V81: 5997 | W81: 42133.25 | X81: 32436.2 | Y81: 26579.7 | Z81: 12311.2 | AA81: 2100 | AB81: 3406.2 | AC81: 11647.7 | AD81: 17370.6 | AE81: 36867.8 | AF81: 10715.8 | AG81: 26322 | AH81: 85890.1 | AI81: 8714.15 | AJ81: 42475.3 | AK81: 9400 | AL81: 52850 | AM81: 22291.4 | AN81: 5080 | AO81: 2084.8 | AP81: 12269.6 | AQ81: 7680.4 | AR81: 132156.1 | AS81: 3620.4 | AT81: 15195 | AU81: 5190 | AV81: 13606.6 | AW81: 4626.8 | AX81: 1133.15 | AY81: 5875 | AZ81: 22703.6 | BA81: 15101.6 | BB81: 75964.85 | BC81: 3178.4 | BD81: 65155.75 | BE81: 8418.8 | BF81: =SUM(E81:BE81) -> 1204629.4 | BG81: =SUM(E81:W81) -> 404210.35 | BH81: =SUM(X81:AJ81) -> 316836.75 | BI81: =SUM(AK81:BE81) -> 483582.25
B83: 41 | D83: Revenus de patentes et de concessions | E83: =E84+E85+E86+E87 -> 0 | F83: =F84+F85+F86+F87 -> 12860.46 | G83: =G84+G85+G86+G87 -> 0 | H83: =H84+H85+H86+H87 -> 0 | I83: =I84+I85+I86+I87 -> 0 | J83: =J84+J85+J86+J87 -> 0 | K83: =K84+K85+K86+K87 -> 0 | L83: =L84+L85+L86+L87 -> 0 | ... BI83: =BI84+BI85+BI86+BI87 -> 421407
C84: 410 | D84: Revenus de patentes | E84: 0 | F84: 0 | G84: 0 | H84: 0 | I84: 0 | J84: 0 | K84: 0 | L84: 0 | M84: 0 | N84: 0 | O84: 0 | P84: 0 | Q84: 0 | R84: 0 | S84: 0 | T84: 0 | U84: 0 | V84: 0 | W84: 0 | X84: 0 | Y84: 0 | Z84: 0 | AA84: 0 | AB84: 0 | AC84: 0 | AD84: 0 | AE84: 0 | AF84: 0 | AG84: 0 | AH84: 0 | AI84: 0 | AJ84: 0 | AK84: 0 | AL84: 0 | AM84: 0 | AN84: 0 | AO84: 0 | AP84: 0 | AQ84: 0 | AR84: 0 | AS84: 1200 | AT84: 0 | AU84: 0 | AV84: 0 | AW84: 0 | AX84: 0 | AY84: 0 | AZ84: 0 | BA84: 0 | BB84: 0 | BC84: 0 | BD84: 0 | BE84: 250 | BF84: =SUM(E84:BE84) -> 1450 | BG84: =SUM(E84:W84) -> 0 | BH84: =SUM(X84:AJ84) -> 0 | BI84: =SUM(AK84:BE84) -> 1450
C85: 411 | D85: Revenus de la Banque Nationale | E85: 0 | F85: 0 | G85: 0 | H85: 0 | I85: 0 | J85: 0 | K85: 0 | L85: 0 | M85: 0 | N85: 0 | O85: 0 | P85: 0 | Q85: 0 | R85: 0 | S85: 0 | T85: 0 | U85: 0 | V85: 0 | W85: 0 | X85: 0 | Y85: 0 | Z85: 0 | AA85: 0 | AB85: 0 | AC85: 0 | AD85: 0 | AE85: 0 | AF85: 0 | AG85: 0 | AH85: 0 | AI85: 0 | AJ85: 0 | AK85: 0 | AL85: 0 | AM85: 0 | AN85: 0 | AO85: 0 | AP85: 0 | AQ85: 0 | AR85: 0 | AS85: 0 | AT85: 0 | AU85: 0 | AV85: 0 | AW85: 0 | AX85: 0 | AY85: 0 | AZ85: 0 | BA85: 0 | BB85: 0 | BC85: 0 | BD85: 0 | BE85: 0 | BF85: =SUM(E85:BE85) -> 0 | BG85: =SUM(E85:W85) -> 0 | BH85: =SUM(X85:AJ85) -> 0 | BI85: =SUM(AK85:BE85) -> 0
C86: 412 | D86: Revenus des concessions | E86: 0 | F86: 12860.46 | G86: 0 | H86: 0 | I86: 0 | J86: 0 | K86: 0 | L86: 0 | M86: 51651 | N86: 0 | O86: 64892 | P86: 10735 | Q86: 0 | R86: 0 | S86: 7376.4 | T86: 0 | U86: 0 | V86: 0 | W86: 7233 | X86: 0 | Y86: 0 | Z86: 511101.5 | AA86: 568 | AB86: 292 | AC86: 2904.7 | AD86: 0 | AE86: 0 | AF86: 16873 | AG86: 10483.9 | AH86: 71604.65 | AI86: 20772.95 | AJ86: 8000 | AK86: 0 | AL86: 0 | AM86: 0 | AN86: 0 | AO86: 0 | AP86: 0 | AQ86: 0 | AR86: 320.2 | AS86: 165.05 | AT86: 59174.5 | AU86: 0 | AV86: 8854.85 | AW86: 0 | AX86: 9070 | AY86: 0 | AZ86: 7406.7 | BA86: 0 | BB86: 36459.3 | BC86: 11030.85 | BD86: 286894.8 | BE86: 580.75 | BF86: =SUM(E86:BE86) -> 1217305.6 | BG86: =SUM(E86:W86) -> 154747.86 | BH86: =SUM(X86:AJ86) -> 642600.7 | BI86: =SUM(AK86:BE86) -> 419957
C87: 413 | D87: Parts des revenus de loterie et paris | E87: 0 | F87: 0 | G87: 0 | H87: 0 | I87: 0 | J87: 0 | K87: 0 | L87: 0 | M87: 0 | N87: 0 | O87: 0 | P87: 0 | Q87: 0 | R87: 0 | S87: 0 | T87: 0 | U87: 0 | V87: 0 | W87: 0 | X87: 0 | Y87: 0 | Z87: 0 | AA87: 0 | AB87: 0 | AC87: 0 | AD87: 0 | AE87: 0 | AF87: 0 | AG87: 0 | AH87: 0 | AI87: 0 | AJ87: 0 | AK87: 0 | AL87: 0 | AM87: 0 | AN87: 0 | AO87: 0 | AP87: 0 | AQ87: 0 | AR87: 0 | AS87: 0 | AT87: 0 | AU87: 0 | AV87: 0 | AW87: 0 | AX87: 0 | AY87: 0 | AZ87: 0 | BA87: 0 | BB87: 0 | BC87: 0 | BD87: 0 | BE87: 0 | BF87: =SUM(E87:BE87) -> 0 | BG87: =SUM(E87:W87) -> 0 | BH87: =SUM(X87:AJ87) -> 0 | BI87: =SUM(AK87:BE87) -> 0
B89: 42 | D89: Taxes | E89: =E90+E91+E92+E93+E94+E95+E96+E97+E98 -> 758551.3 | F89: =F90+F91+F92+F93+F94+F95+F96+F97+F98 -> 199397.87 | G89: =G90+G91+G92+G93+G94+G95+G96+G97+G98 -> 200691 | H89: =H90+H91+H92+H93+H94+H95+H96+H97+H98 -> 541558.78 | I89: =I90+I91+I92+I93+I94+I95+I96+I97+I98 -> 4295788.5 | J89: =J90+J91+J92+J93+J94+J95+J96+J97+J98 -> 3563628.5 | K89: =K90+K91+K92+K93+K94+K95+K96+K97+K98 -> 2036977 | L89: =L90+L91+L92+L93+L94+L95+L96+L97+L98 -> 35515440 | ... BI89: =BI90+BI91+BI92+BI93+BI94+BI95+BI96+BI97+BI98 -> 20478167
C90: 420 | D90: Taxes d'exemption et de compensation | E90: 36366.4 | F90: 8550.95 | G90: 21066.1 | H90: 15200.55 | I90: 170019.5 | J90: 151736.9 | K90: 134226.6 | L90: 521247.45 | M90: 57943.35 | N90: 1014.1 | O90: 293270.85 | P90: 16859.85 | Q90: 2691.85 | R90: 15873.5 | S90: 10717.95 | T90: 42662 | U90: 11299.85 | V90: 19396.55 | W90: 114470.55 | X90: 7183.2 | Y90: 47260.85 | Z90: 63844.9 | AA90: 4017.3 | AB90: 5308.25 | AC90: 17178.15 | AD90: 43864.6 | AE90: 20707.3 | AF90: 9727.25 | AG90: 93026.3 | AH90: 113282.1 | AI90: 5757.5 | AJ90: 1855.5 | AK90: 74919 | AL90: 24448.95 | AM90: 28679.85 | AN90: 706.35 | AO90: 27795.55 | AP90: 13042.4 | AQ90: 16922.05 | AR90: 36967.7 | AS90: 30651.45 | AT90: 38865.68 | AU90: 8884.45 | AV90: 0 | AW90: 20092.45 | AX90: 5085.15 | AY90: 6456.7 | AZ90: 54512.95 | BA90: 6870.4 | BB90: 26840.35 | BC90: 4486.85 | BD90: 183387.2 | BE90: 12196.4 | BF90: =SUM(E90:BE90) -> 2699439.9 | BG90: =SUM(E90:W90) -> 1644614.9 | BH90: =SUM(X90:AJ90) -> 433013.2 | BI90: =SUM(AK90:BE90) -> 621811.88
C91: 421 | D91: Emoluments administratif | E91: 14767.55 | F91: 2174.95 | G91: 2066 | H91: 11219.75 | I91: 96152.27 | J91: 47809.65 | K91: 27559.8 | L91: 1095193.6 | M91: 18812.9 | N91: 1776.81 | O91: 248443.85 | P91: 13597.44 | Q91: 3577.2 | R91: 5488.25 | S91: 38314.05 | T91: 19736.35 | U91: 5804.25 | V91: 13540 | W91: 61786.12 | X91: 3594.85 | Y91: 12331.09 | Z91: 17139.3 | AA91: 0 | AB91: 1460.5 | AC91: 0 | AD91: 22931.99 | AE91: 7949 | AF91: 6054.75 | AG91: 25243 | AH91: 35298.09 | AI91: 3506.35 | AJ91: 1888.75 | AK91: 46792.17 | AL91: 9895 | AM91: 20439.6 | AN91: 1271.95 | AO91: 46113.52 | AP91: 11235.27 | AQ91: 7086 | AR91: 27195.51 | AS91: 12140.35 | AT91: 29890.05 | AU91: 6154.65 | AV91: 36453.15 | AW91: 9807.57 | AX91: 6405 | AY91: 971.2 | AZ91: 23336.1 | BA91: 4395.25 | BB91: 20956.01 | BC91: 268.05 | BD91: 561194.56 | BE91: 13845.63 | BF91: =SUM(E91:BE91) -> 2761065 | BG91: =SUM(E91:W91) -> 1727820.8 | BH91: =SUM(X91:AJ91) -> 137397.67 | BI91: =SUM(AK91:BE91) -> 895846.59
C92: 422 | D92: Taxes et émoluments hospitaliers et médico-sociaux et foyers | E92: 0 | F92: 0 | G92: 0 | H92: 0 | I92: 0 | J92: 0 | K92: 0 | L92: 0 | M92: 0 | N92: 0 | O92: 0 | P92: 0 | Q92: 0 | R92: 0 | S92: 0 | T92: 0 | U92: 0 | V92: 0 | W92: 0 | X92: 0 | Y92: 0 | Z92: 0 | AA92: 0 | AB92: 0 | AC92: 0 | AD92: 0 | AE92: 0 | AF92: 0 | AG92: 0 | AH92: 0 | AI92: 0 | AJ92: 0 | AK92: 0 | AL92: 0 | AM92: 0 | AN92: 0 | AO92: 0 | AP92: 0 | AQ92: 0 | AR92: 0 | AS92: 0 | AT92: 0 | AU92: 0 | AV92: 0 | AW92: 0 | AX92: 0 | AY92: 0 | AZ92: 0 | BA92: 0 | BB92: 0 | BC92: 0 | BD92: 0 | BE92: 0 | BF92: =SUM(E92:BE92) -> 0 | BG92: =SUM(E92:W92) -> 0 | BH92: =SUM(X92:AJ92) -> 0 | BI92: =SUM(AK92:BE92) -> 0
C93: 423 | D93: Frais d'écolage | E93: 2720 | F93: 0 | G93: 0 | H93: 0 | I93: 3940 | J93: 0 | K93: 0 | L93: 41657 | M93: 0 | N93: 157 | O93: 0 | P93: 0 | Q93: 0 | R93: 3600 | S93: 0 | T93: 0 | U93: 0 | V93: 9100 | W93: 6650 | X93: 30210.9 | Y93: 0 | Z93: 317918.4 | AA93: 0 | AB93: 0 | AC93: 0 | AD93: 0 | AE93: 0 | AF93: 0 | AG93: 0 | AH93: 111643.1 | AI93: 0 | AJ93: 0 | AK93: 0 | AL93: 0 | AM93: 21682.55 | AN93: 0 | AO93: 0 | AP93: 0 | AQ93: 0 | AR93: 7881 | AS93: 39015 | AT93: 0 | AU93: 10790 | AV93: 0 | AW93: 0 | AX93: 0 | AY93: 0 | AZ93: 0 | BA93: 8610.8 | BB93: 13845.55 | BC93: 0 | BD93: 77900 | BE93: 0 | BF93: =SUM(E93:BE93) -> 707321.3 | BG93: =SUM(E93:W93) -> 67824 | BH93: =SUM(X93:AJ93) -> 459772.4 | BI93: =SUM(AK93:BE93) -> 179724.9
C94: 424 | D94: Taxes d'utilisation et de prestation de services | E94: 615870.45 | F94: 177175.42 | G94: 166467.45 | H94: 471261.14 | I94: 3846499.3 | J94: 3250305.6 | K94: 1571025.6 | L94: 32902421 | M94: 2136370.2 | N94: 41532.9 | O94: 3661932 | P94: 121412.9 | Q94: 43236.6 | R94: 141489.2 | S94: 195740.35 | T94: 715408.06 | U94: 153609.75 | V94: 191559.85 | W94: 1490366.7 | X94: 233290.25 | Y94: 1011745.6 | Z94: 1329400.2 | AA94: 62066 | AB94: 130234 | AC94: 418580.95 | AD94: 489548.85 | AE94: 381884.3 | AF94: 379694.75 | AG94: 1651534.9 | AH94: 2338513.7 | AI94: 197508.7 | AJ94: 102780.6 | AK94: 996978.98 | AL94: 587868.29 | AM94: 598056.75 | AN94: 86804.8 | AO94: 1179866.1 | AP94: 570453.75 | AQ94: 310074.3 | AR94: 829041.15 | AS94: 315649.5 | AT94: 680284.15 | AU94: 274045.9 | AV94: 1194814.1 | AW94: 363443.75 | AX94: 90246.3 | AY94: 212119.48 | AZ94: 819963.13 | BA94: 283596.15 | BB94: 845371.83 | BC94: 94918.85 | BD94: 5452564.6 | BE94: 241731.8 | BF94: =SUM(E94:BE94) -> 76648361 | BG94: =SUM(E94:W94) -> 51893685 | BH94: =SUM(X94:AJ94) -> 8726782.8 | BI94: =SUM(AK94:BE94) -> 16027894
C95: 425 | D95: Revenus des ventes | E95: 12011.4 | F95: 6920.4 | G95: 54.4 | H95: 540 | I95: 52526.5 | J95: 35569.74 | K95: 21609.95 | L95: 293842.9 | M95: 37551.8 | N95: 0 | O95: 93687.28 | P95: 18467.59 | Q95: 840.6 | R95: 9905.53 | S95: 779.7 | T95: 0 | U95: 4753.65 | V95: 10806.17 | W95: 50365.22 | X95: 131807.07 | Y95: 30148.18 | Z95: 14766.4 | AA95: 0 | AB95: 102824.2 | AC95: 216506.15 | AD95: 125672 | AE95: 160517.14 | AF95: 429287.64 | AG95: 236076.46 | AH95: 224618.1 | AI95: 46188.55 | AJ95: 10342.35 | AK95: 150705.04 | AL95: 449719.3 | AM95: 556.9 | AN95: 74474.1 | AO95: 0 | AP95: 257486 | AQ95: 8534.65 | AR95: 8968.15 | AS95: 146956.25 | AT95: 11215.45 | AU95: 67818.88 | AV95: 13477.7 | AW95: 71431.6 | AX95: 68627.65 | AY95: 1160.3 | AZ95: 23470.32 | BA95: 5084.5 | BB95: 7646.2 | BC95: 73077.65 | BD95: 91183.17 | BE95: 108945.3 | BF95: =SUM(E95:BE95) -> 4019526.2 | BG95: =SUM(E95:W95) -> 650232.83 | BH95: =SUM(X95:AJ95) -> 1728754.2 | BI95: =SUM(AK95:BE95) -> 1640539.1
C96: 426 | D96: remboursements | E96: 76515.5 | F96: 4576.15 | G96: 11037.05 | H96: 43337.34 | I96: 122710.9 | J96: 77706.63 | K96: 282255.09 | L96: 482469.86 | M96: 120991.13 | N96: 0 | O96: 310609.8 | P96: 63095.2 | Q96: 434 | R96: 24537.45 | S96: 22142.9 | T96: 136152.5 | U96: 34029.75 | V96: 22792 | W96: 45878.74 | X96: 3935.53 | Y96: 71106.35 | Z96: 15552.5 | AA96: 9502.05 | AB96: 3602.8 | AC96: 51090.45 | AD96: 34953.27 | AE96: 27505.4 | AF96: 6900.25 | AG96: 22565.15 | AH96: 95279.4 | AI96: 37189.65 | AJ96: 16096.6 | AK96: 30841.25 | AL96: 50273.11 | AM96: 39294.8 | AN96: 7421.3 | AO96: 46410.75 | AP96: 33735.5 | AQ96: 36895.25 | AR96: 70775.75 | AS96: 48985.57 | AT96: 13796.45 | AU96: 2065.3 | AV96: 38245.15 | AW96: 3126.9 | AX96: 3643.05 | AY96: 11620.5 | AZ96: 73459.75 | BA96: 26493.05 | BB96: 135407.1 | BC96: 3397.81 | BD96: 265743.4 | BE96: 47256.6 | BF96: =SUM(E96:BE96) -> 3265439.7 | BG96: =SUM(E96:W96) -> 1881272 | BH96: =SUM(X96:AJ96) -> 395279.4 | BI96: =SUM(AK96:BE96) -> 988888.34
C97: 427 | D97: Amendes | E97: 300 | F97: 0 | G97: 0 | H97: 0 | I97: 3940 | J97: 500 | K97: 300 | L97: 178608.15 | M97: 0 | N97: 0 | O97: 14197.8 | P97: 100 | Q97: 0 | R97: 0 | S97: 0 | T97: 0 | U97: 0 | V97: 800 | W97: 0 | X97: 700 | Y97: 1300 | Z97: 0 | AA97: 0 | AB97: 0 | AC97: 0 | AD97: 0 | AE97: 0 | AF97: 0 | AG97: 0 | AH97: 29522 | AI97: 0 | AJ97: 0 | AK97: 0 | AL97: 0 | AM97: 139.3 | AN97: 0 | AO97: 0 | AP97: 0 | AQ97: 0 | AR97: 140 | AS97: 0 | AT97: 0 | AU97: 0 | AV97: 2800 | AW97: 0 | AX97: 0 | AY97: 0 | AZ97: 400 | BA97: 0 | BB97: 300 | BC97: 0 | BD97: 108632.2 | BE97: 0 | BF97: =SUM(E97:BE97) -> 342679.45 | BG97: =SUM(E97:W97) -> 198745.95 | BH97: =SUM(X97:AJ97) -> 31522 | BI97: =SUM(AK97:BE97) -> 112411.5
C98: 429 | D98: Autres taxes et compensations | E98: 0 | F98: 0 | G98: 0 | H98: 0 | I98: 0 | J98: 0 | K98: 0 | L98: 0 | M98: 0 | N98: 0 | O98: 2978.8 | P98: 0 | Q98: 0 | R98: 0 | S98: 0 | T98: -160 | U98: 235.2 | V98: 0 | W98: 0 | X98: 656.25 | Y98: 0 | Z98: 86126.65 | AA98: 0 | AB98: 1391 | AC98: 0 | AD98: 640 | AE98: 0 | AF98: 0 | AG98: 0 | AH98: 0 | AI98: 0 | AJ98: 5073.75 | AK98: 0 | AL98: 0 | AM98: 0 | AN98: 0 | AO98: 7601.1 | AP98: 0 | AQ98: 0 | AR98: 0 | AS98: 0 | AT98: 0 | AU98: 0 | AV98: 316.5 | AW98: 133.85 | AX98: 0 | AY98: 3000 | AZ98: 0 | BA98: 0 | BB98: 0 | BC98: 0 | BD98: 0 | BE98: 0 | BF98: =SUM(E98:BE98) -> 107993.1 | BG98: =SUM(E98:W98) -> 3054 | BH98: =SUM(X98:AJ98) -> 93887.65 | BI98: =SUM(AK98:BE98) -> 11051.45
B100: 43 | D100: Revenus divers | E100: =E101+E102+E103+E104 -> 0 | F100: =F101+F102+F103+F104 -> 1267.84 | G100: =G101+G102+G103+G104 -> 0 | H100: =H101+H102+H103+H104 -> 0 | I100: =I101+I102+I103+I104 -> 0 | J100: =J101+J102+J103+J104 -> 0 | K100: =K101+K102+K103+K104 -> 204 | L100: =L101+L102+L103+L104 -> 2114560.7 | ... BI100: =BI101+BI102+BI103+BI104 -> 46696.7
C101: 430 | D101: Revenus divers d'exploitation | E101: 0 | F101: 1267.84 | G101: 0 | H101: 0 | I101: 0 | J101: 0 | K101: 204 | L101: 2114560.7 | M101: 4936 | N101: 0 | O101: 0 | P101: 0 | Q101: 0 | R101: 0 | S101: 0 | T101: 0 | U101: 0 | V101: 0 | W101: 8623.4 | X101: 0 | Y101: 220 | Z101: 0 | AA101: 0 | AB101: 0 | AC101: 0 | AD101: 6556.84 | AE101: 0 | AF101: 0 | AG101: 0 | AH101: 54162.95 | AI101: 336 | AJ101: 0 | AK101: 0 | AL101: 43189.35 | AM101: 0 | AN101: 0 | AO101: 0 | AP101: 0 | AQ101: 0 | AR101: 261 | AS101: 365 | AT101: 0 | AU101: 0 | AV101: 0 | AW101: 0 | AX101: 0 | AY101: 0 | AZ101: 0 | BA101: 0 | BB101: 0 | BC101: 0 | BD101: 1281.35 | BE101: 0 | BF101: =SUM(E101:BE101) -> 2235964.5 | BG101: =SUM(E101:W101) -> 2129592 | BH101: =SUM(X101:AJ101) -> 61275.79 | BI101: =SUM(AK101:BE101) -> 45096.7
C102: 431 | D102: Inscriptions de prestations propres portées à l'actif | E102: 0 | F102: 0 | G102: 0 | H102: 0 | I102: 0 | J102: 0 | K102: 0 | L102: 0 | M102: 0 | N102: 0 | O102: 9225 | P102: 0 | Q102: 0 | R102: 0 | S102: 0 | T102: 0 | U102: 0 | V102: 0 | W102: 0 | X102: 0 | Y102: 0 | Z102: 0 | AA102: 0 | AB102: 2784.55 | AC102: 0 | AD102: 0 | AE102: 0 | AF102: 0 | AG102: 0 | AH102: 0 | AI102: 0 | AJ102: 0 | AK102: 0 | AL102: 0 | AM102: 0 | AN102: 0 | AO102: 0 | AP102: 0 | AQ102: 0 | AR102: 0 | AS102: 0 | AT102: 0 | AU102: 0 | AV102: 0 | AW102: 0 | AX102: 0 | AY102: 0 | AZ102: 0 | BA102: 0 | BB102: 0 | BC102: 0 | BD102: 0 | BE102: 0 | BF102: =SUM(E102:BE102) -> 12009.55 | BG102: =SUM(E102:W102) -> 9225 | BH102: =SUM(X102:AJ102) -> 2784.55 | BI102: =SUM(AK102:BE102) -> 0
C103: 432 | D103: Variation de stock | E103: 0 | F103: 0 | G103: 0 | H103: 0 | I103: 0 | J103: 0 | K103: 0 | L103: 0 | M103: 0 | N103: 0 | O103: 0 | P103: 0 | Q103: 0 | R103: 0 | S103: 0 | T103: 0 | U103: 0 | V103: -1325.85 | W103: 0 | X103: 0 | Y103: 33303.65 | Z103: 0 | AA103: 0 | AB103: 1718.45 | AC103: 0 | AD103: 0 | AE103: 0 | AF103: 0 | AG103: 0 | AH103: 0 | AI103: 0 | AJ103: 1844.05 | AK103: 0 | AL103: 0 | AM103: 0 | AN103: 0 | AO103: 0 | AP103: 0 | AQ103: 0 | AR103: 0 | AS103: 0 | AT103: 0 | AU103: 0 | AV103: 0 | AW103: 0 | AX103: 0 | AY103: 0 | AZ103: 0 | BA103: 0 | BB103: 0 | BC103: 0 | BD103: 0 | BE103: 0 | BF103: =SUM(E103:BE103) -> 35540.3 | BG103: =SUM(E103:W103) -> -1325.85 | BH103: =SUM(X103:AJ103) -> 36866.15 | BI103: =SUM(AK103:BE103) -> 0
C104: 439 | D104: Autres revenus divers | E104: 0 | F104: 0 | G104: 0 | H104: 0 | I104: 0 | J104: 0 | K104: 0 | L104: 0 | M104: 0 | N104: 16864.05 | O104: 0 | P104: 0 | Q104: 0 | R104: 0 | S104: 0 | T104: 0 | U104: 79 | V104: 2410 | W104: 0 | X104: 0 | Y104: 0 | Z104: 0 | AA104: 0 | AB104: 210.5 | AC104: 0 | AD104: 0 | AE104: 470.55 | AF104: 0 | AG104: 11300 | AH104: 0 | AI104: 0 | AJ104: 106.75 | AK104: 0 | AL104: 0 | AM104: 0 | AN104: 0 | AO104: 0 | AP104: 0 | AQ104: 0 | AR104: 0 | AS104: 0 | AT104: 0 | AU104: 0 | AV104: 0 | AW104: 1600 | AX104: 0 | AY104: 0 | AZ104: 0 | BA104: 0 | BB104: 0 | BC104: 0 | BD104: 0 | BE104: 0 | BF104: =SUM(E104:BE104) -> 33040.85 | BG104: =SUM(E104:W104) -> 19353.05 | BH104: =SUM(X104:AJ104) -> 12087.8 | BI104: =SUM(AK104:BE104) -> 1600
B106: 44 | D106: Revenus financiers | E106: =E107+E108+E109+E110+E111+E112+E113+E114+E115+E116 -> 58184.76 | F106: =F107+F108+F109+F110+F111+F112+F113+F114+F115+F116 -> 29788.6 | G106: =G107+G108+G109+G110+G111+G112+G113+G114+G115+G116 -> 243370.84 | H106: =H107+H108+H109+H110+H111+H112+H113+H114+H115+H116 -> 134945 | I106: =I107+I108+I109+I110+I111+I112+I113+I114+I115+I116 -> 577891.41 | J106: =J107+J108+J109+J110+J111+J112+J113+J114+J115+J116 -> 294068.26 | K106: =K107+K108+K109+K110+K111+K112+K113+K114+K115+K116 -> 283312.95 | L106: =L107+L108+L109+L110+L111+L112+L113+L114+L115+L116 -> 3392682.6 | ... BI106: =BI107+BI108+BI109+BI110+BI111+BI112+BI113+BI114+BI115+BI116 -> 5973770.6
C107: 440 | D107: Revenus des intérets | E107: 20774.76 | F107: 3458.6 | G107: 8650.19 | H107: 7673 | I107: 92820.74 | J107: 85392.02 | K107: 50590.25 | L107: 916525.13 | M107: 34510.09 | N107: 2550.92 | O107: 204486.74 | P107: 13949.69 | Q107: 3126.21 | R107: 5.5 | S107: 0 | T107: 20475.93 | U107: 10249.47 | V107: 14363.15 | W107: 96966.55 | X107: 5057.2 | Y107: 42079.32 | Z107: 33323.19 | AA107: 2034.5 | AB107: 2689.22 | AC107: 5857.15 | AD107: 10282.23 | AE107: 14852.94 | AF107: 296.68 | AG107: 31517.47 | AH107: 51084.21 | AI107: 5780.36 | AJ107: 2287.26 | AK107: 51399.56 | AL107: 78509.76 | AM107: 43546.25 | AN107: 6846.77 | AO107: 21251.68 | AP107: 43429.84 | AQ107: 20734.22 | AR107: 37646.34 | AS107: 24618.9 | AT107: 34333.64 | AU107: 9603.79 | AV107: 75161.23 | AW107: 15309.24 | AX107: 3910.43 | AY107: 10077.92 | AZ107: 67652.11 | BA107: 11732.29 | BB107: 53387.88 | BC107: 5670.83 | BD107: 356399.74 | BE107: 48829.78 | BF107: =SUM(E107:BE107) -> 2813762.9 | BG107: =SUM(E107:W107) -> 1586568.9 | BH107: =SUM(X107:AJ107) -> 207141.73 | BI107: =SUM(AK107:BE107) -> 1020052.2
C108: 441 | D108: Gains réalisés du PF | E108: 10419.9 | F108: 0 | G108: 0 | H108: 0 | I108: 0 | J108: 0 | K108: 0 | L108: 0 | M108: 0 | N108: 0 | O108: 0 | P108: 0 | Q108: 0 | R108: 0 | S108: 0 | T108: 0 | U108: 0 | V108: 0 | W108: 12500 | X108: -54035 | Y108: 0 | Z108: 0 | AA108: 0 | AB108: 0 | AC108: 0 | AD108: 29136 | AE108: 0 | AF108: 0 | AG108: 8220 | AH108: 43 | AI108: 0 | AJ108: 184334.5 | AK108: 0 | AL108: 0 | AM108: 0 | AN108: 0 | AO108: 0 | AP108: 0 | AQ108: 0 | AR108: 0 | AS108: 0 | AT108: 0 | AU108: 0 | AV108: 0 | AW108: 0 | AX108: 0 | AY108: 0 | AZ108: 0 | BA108: 0 | BB108: 16335 | BC108: 0 | BD108: 0 | BE108: 0 | BF108: =SUM(E108:BE108) -> 206953.4 | BG108: =SUM(E108:W108) -> 22919.9 | BH108: =SUM(X108:AJ108) -> 167698.5 | BI108: =SUM(AK108:BE108) -> 16335
C109: 442 | D109: Revenus de participations du PF | E109: 177 | F109: 0 | G109: 0 | H109: 0 | I109: 6509 | J109: 36 | K109: 0 | L109: 22013.6 | M109: 0 | N109: 0 | O109: 3959 | P109: 0 | Q109: 21 | R109: 0 | S109: 3.25 | T109: 325 | U109: 0 | V109: 0 | W109: 208 | X109: 5 | Y109: 0 | Z109: 0 | AA109: 0 | AB109: 0 | AC109: 0 | AD109: 16 | AE109: 0 | AF109: 0 | AG109: 8715 | AH109: 0 | AI109: 0 | AJ109: 0 | AK109: 0 | AL109: 1014 | AM109: 0 | AN109: 0 | AO109: 0 | AP109: 40 | AQ109: 0 | AR109: 8074.75 | AS109: 0 | AT109: 380 | AU109: 0 | AV109: 1632.5 | AW109: 2203.05 | AX109: 0 | AY109: 0 | AZ109: 0 | BA109: 0 | BB109: 108.61 | BC109: 0 | BD109: 35327 | BE109: 20 | BF109: =SUM(E109:BE109) -> 90787.76 | BG109: =SUM(E109:W109) -> 33251.85 | BH109: =SUM(X109:AJ109) -> 8736 | BI109: =SUM(AK109:BE109) -> 48799.91
C110: 443 | D110: Revenus des biens-fonds, des bâtiments et immeubles du PF | E110: 23831.5 | F110: 22320 | G110: 101852.4 | H110: 75465 | I110: 390253.15 | J110: 131630 | K110: 125140.2 | L110: 824370.55 | M110: 19882.1 | N110: 21150 | O110: 108651.25 | P110: 22790 | Q110: 10140 | R110: 28680 | S110: 14640 | T110: 43480 | U110: 0 | V110: 20005 | W110: 155612.3 | X110: 1490 | Y110: 43405 | Z110: 8731 | AA110: 15034 | AB110: 25290 | AC110: 41126.6 | AD110: 80564.5 | AE110: 1810 | AF110: 75924.7 | AG110: 87356.8 | AH110: 39189 | AI110: 0 | AJ110: 26770 | AK110: 0 | AL110: 141519.4 | AM110: 71714.75 | AN110: 7440 | AO110: 212328.05 | AP110: 25423.5 | AQ110: 20325.1 | AR110: 423015.3 | AS110: 15722.4 | AT110: 68498.5 | AU110: 31234.3 | AV110: 0 | AW110: 28453.55 | AX110: 2645 | AY110: 39981.8 | AZ110: 63599.9 | BA110: 33410.15 | BB110: 98207.05 | BC110: 42360 | BD110: 295146.6 | BE110: 44312.6 | BF110: =SUM(E110:BE110) -> 4251923 | BG110: =SUM(E110:W110) -> 2139893.5 | BH110: =SUM(X110:AJ110) -> 446691.6 | BI110: =SUM(AK110:BE110) -> 1665337.9
C111: 444 | D111: Réévaluations des immobilisations du PF | E111: 0 | F111: 0 | G111: 129798.25 | H111: 0 | I111: 18080 | J111: 40 | K111: 0 | L111: 0 | M111: 40 | N111: 0 | O111: 9351 | P111: 0 | Q111: 20 | R111: 0 | S111: 0 | T111: 0 | U111: 0 | V111: 0 | W111: 2399 | X111: 1 | Y111: 0 | Z111: 0 | AA111: 10.4 | AB111: 2416 | AC111: 3160 | AD111: 20 | AE111: 100 | AF111: 0 | AG111: 25280 | AH111: 8200 | AI111: 0 | AJ111: 60 | AK111: 0 | AL111: 4740 | AM111: 0 | AN111: 0 | AO111: 0 | AP111: 0 | AQ111: 6000 | AR111: 0 | AS111: 19750 | AT111: 20 | AU111: 0 | AV111: 0 | AW111: 6320 | AX111: 0 | AY111: 0 | AZ111: 8800 | BA111: 40 | BB111: 3700 | BC111: 0 | BD111: 909355.09 | BE111: 0 | BF111: =SUM(E111:BE111) -> 1157700.7 | BG111: =SUM(E111:W111) -> 159728.25 | BH111: =SUM(X111:AJ111) -> 39247.4 | BI111: =SUM(AK111:BE111) -> 958725.09
C112: 445 | D112: Revenus financiers de prêts et de participation du PA | E112: 0 | F112: 0 | G112: 0 | H112: 0 | I112: 0 | J112: 0 | K112: 0 | L112: 97804 | M112: 0 | N112: 0 | O112: 0 | P112: 0 | Q112: 0 | R112: 0 | S112: 0 | T112: 0 | U112: 0 | V112: 0 | W112: 0 | X112: 0 | Y112: 0 | Z112: 0 | AA112: 0 | AB112: 0 | AC112: 0 | AD112: 0 | AE112: 0 | AF112: 0 | AG112: 0 | AH112: 0 | AI112: 0 | AJ112: 0 | AK112: 0 | AL112: 0 | AM112: 0 | AN112: 0 | AO112: 0 | AP112: 0 | AQ112: 0 | AR112: 0 | AS112: 0 | AT112: 0 | AU112: 0 | AV112: 0 | AW112: 0 | AX112: 0 | AY112: 0 | AZ112: 0 | BA112: 0 | BB112: 0 | BC112: 0 | BD112: 0 | BE112: 0 | BF112: =SUM(E112:BE112) -> 97804 | BG112: =SUM(E112:W112) -> 97804 | BH112: =SUM(X112:AJ112) -> 0 | BI112: =SUM(AK112:BE112) -> 0
C113: 446 | D113: Revenus financiers d'entreprises publiques | E113: 0 | F113: 0 | G113: 0 | H113: 0 | I113: 0 | J113: 0 | K113: 0 | L113: 0 | M113: 0 | N113: 0 | O113: 0 | P113: 0 | Q113: 0 | R113: 0 | S113: 0 | T113: 0 | U113: 0 | V113: 0 | W113: 0 | X113: 0 | Y113: 0 | Z113: 0 | AA113: 0 | AB113: 0 | AC113: 0 | AD113: 0 | AE113: 0 | AF113: 0 | AG113: 0 | AH113: 0 | AI113: 0 | AJ113: 0 | AK113: 0 | AL113: 0 | AM113: 0 | AN113: 0 | AO113: 0 | AP113: 0 | AQ113: 0 | AR113: 0 | AS113: 0 | AT113: 0 | AU113: 0 | AV113: 0 | AW113: 0 | AX113: 0 | AY113: 0 | AZ113: 0 | BA113: 0 | BB113: 0 | BC113: 0 | BD113: 0 | BE113: 0 | BF113: =SUM(E113:BE113) -> 0 | BG113: =SUM(E113:W113) -> 0 | BH113: =SUM(X113:AJ113) -> 0 | BI113: =SUM(AK113:BE113) -> 0
C114: 447 | D114: Revenus des biens-fonds, des bâtiments et immeubles du PA | E114: 2981.6 | F114: 4010 | G114: 3070 | H114: 51807 | I114: 70600.79 | J114: 76970.24 | K114: 107582.5 | L114: 1531969.3 | M114: 28330.95 | N114: 0 | O114: 318884.95 | P114: 43650 | Q114: 6249 | R114: 3207.1 | S114: 3910 | T114: 13302 | U114: 22974 | V114: 36608.8 | W114: 221085.27 | X114: 58818 | Y114: 24809 | Z114: 26214.4 | AA114: 14800 | AB114: 0 | AC114: 44133.35 | AD114: 62388.95 | AE114: 16920 | AF114: 50777 | AG114: 96485 | AH114: 200300.55 | AI114: 0 | AJ114: 420 | AK114: 112192.05 | AL114: 414082 | AM114: 57984.6 | AN114: 11497.5 | AO114: 15039.1 | AP114: 66666.05 | AQ114: 39230.5 | AR114: 150109.62 | AS114: 58133.8 | AT114: 71378.05 | AU114: 12200 | AV114: 87019.3 | AW114: 11625 | AX114: 11653.4 | AY114: 12135.35 | AZ114: 25999.4 | BA114: 1650 | BB114: 134789.85 | BC114: 7707.45 | BD114: 942845.09 | BE114: 17215 | BF114: =SUM(E114:BE114) -> 5404412.9 | BG114: =SUM(E114:W114) -> 2547193.5 | BH114: =SUM(X114:AJ114) -> 596066.25 | BI114: =SUM(AK114:BE114) -> 2261153.1
C115: 448 | D115: Revenus des biens-fonds loués | E115: 0 | F115: 0 | G115: 0 | H115: 0 | I115: 0 | J115: 0 | K115: 0 | L115: 0 | M115: 0 | N115: 0 | O115: 0 | P115: 0 | Q115: 0 | R115: 0 | S115: 0 | T115: 0 | U115: 0 | V115: 0 | W115: 0 | X115: 150 | Y115: 0 | Z115: 0 | AA115: 0 | AB115: 0 | AC115: 0 | AD115: 0 | AE115: 0 | AF115: 0 | AG115: 0 | AH115: 0 | AI115: 27829.8 | AJ115: 0 | AK115: 0 | AL115: 0 | AM115: 0 | AN115: 0 | AO115: 0 | AP115: 0 | AQ115: 0 | AR115: 0 | AS115: 0 | AT115: 0 | AU115: 0 | AV115: 0 | AW115: 0 | AX115: 0 | AY115: 0 | AZ115: 0 | BA115: 0 | BB115: 0 | BC115: 0 | BD115: 0 | BE115: 0 | BF115: =SUM(E115:BE115) -> 27979.8 | BG115: =SUM(E115:W115) -> 0 | BH115: =SUM(X115:AJ115) -> 27979.8 | BI115: =SUM(AK115:BE115) -> 0
...

Sheet Graphique par nature
A4: Charges
A5: 30 Charges du personnel | B5: ='4.1 Comptes 2022 natures'!BF6 -> 72750466
A6: 31 Charges de biens et de services et autres charges d'exploitation | B6: ='4.1 Comptes 2022 natures'!BF16 -> 86997835
A7: 33 Amortissements du patrimoine administratif | B7: ='4.1 Comptes 2022 natures'!BF28 -> 25063351
A8: 34 Charges financières | B8: ='4.1 Comptes 2022 natures'!BF32 -> 8237138.9
A9: 35 Attributions aux financements spéciaux des capitaux de tiers | B9: ='4.1 Comptes 2022 natures'!BF40 -> 2809245.7
A10: 36 Charges de transferts | B10: ='4.1 Comptes 2022 natures'!BF44 -> 1.9649413e+08
A11: 37 Subventions à redistribuer | B11: ='4.1 Comptes 2022 natures'!BF54 -> 2688304.3
A12: 38 Charges extraordinaires | B12: ='4.1 Comptes 2022 natures'!BF57 -> 6661203.8
A13: 39 Imputations internes | B13: ='4.1 Comptes 2022 natures'!BF65 -> 6706821.9
A15: Revenus
A16: 40 Revenus fiscaux | B16: ='4.1 Comptes 2022 natures'!BF77 -> 2.2423936e+08
A17: 41 Revenus de patentes et de concessions | B17: ='4.1 Comptes 2022 natures'!BF83 -> 1218755.6
A18: 42 Taxes | B18: ='4.1 Comptes 2022 natures'!BF89 -> 90551826
A19: 43 Revenus divers | B19: ='4.1 Comptes 2022 natures'!BF100 -> 2316555.2
A20: 44 Revenus financiers | B20: ='4.1 Comptes 2022 natures'!BF106 -> 14057802
A21: 45 Prélèvements sur les financements spéciaux | B21: ='4.1 Comptes 2022 natures'!BF118 -> 4005363.8
A22: 46 Revenus de transfert | B22: ='4.1 Comptes 2022 natures'!BF122 -> 66093643
A23: 47 Subventions à redistribuer | B23: ='4.1 Comptes 2022 natures'!BF129 -> 2342384.3
A24: 48 Revenus extraordinaires | B24: ='4.1 Comptes 2022 natures'!BF132 -> 4457240.2
A25: 49 Imputations internes | B25: ='4.1 Comptes 2022 natures'!BF141 -> 6714147.8

Sheet Résultats par commune
A1: Clôture du compte de résutlats global par commune (90)
A3: Communes | B3: Résultat général | C3: Résultat FS | D3: Résultat global | E3: Résultat par hab. | F3: Attribution R.P.B | G3: Prélèvement R.P.B
B4: Compte 900 | C4: Compte 901 | D4: Compte 90 | E4: Compte 90 par hab. | F4: Compte 389 | G4: Compte 489
A5: Boécourt | B5: ='4.1 Comptes 2022 natures'!E155 -> -206117.81 | C5: ='4.1 Comptes 2022 natures'!E156 -> 322300.57 | D5: ='4.1 Comptes 2022 natures'!E154 -> 116182.76 | E5: ='4.9 Comptes 2022 par habitant'!E154 -> 122.16904 | F5: ='4.1 Comptes 2022 natures'!E63 -> 0 | G5: ='4.1 Comptes 2022 natures'!E139 -> 7472.67
A6: Bourrignon | B6: ='4.1 Comptes 2022 natures'!F155 -> -230931.74 | C6: ='4.1 Comptes 2022 natures'!F156 -> 30133.32 | D6: ='4.1 Comptes 2022 natures'!F154 -> -200798.42 | E6: ='4.9 Comptes 2022 par habitant'!F154 -> -778.28845 | F6: ='4.1 Comptes 2022 natures'!F63 -> 0 | G6: ='4.1 Comptes 2022 natures'!F139 -> 0
A7: Châtillon | B7: ='4.1 Comptes 2022 natures'!G155 -> 236110.02 | C7: ='4.1 Comptes 2022 natures'!G156 -> 41330.6 | D7: ='4.1 Comptes 2022 natures'!G154 -> 277440.62 | E7: ='4.9 Comptes 2022 par habitant'!G154 -> 589.0459 | F7: ='4.1 Comptes 2022 natures'!G63 -> 0 | G7: ='4.1 Comptes 2022 natures'!G139 -> 0
A8: Courchapoix | B8: ='4.1 Comptes 2022 natures'!H155 -> -99527.26 | C8: ='4.1 Comptes 2022 natures'!H156 -> 44631.25 | D8: ='4.1 Comptes 2022 natures'!H154 -> -54896.01 | E8: ='4.9 Comptes 2022 par habitant'!H154 -> -124.48075 | F8: ='4.1 Comptes 2022 natures'!H63 -> 0 | G8: ='4.1 Comptes 2022 natures'!H139 -> 0
A9: Courrendlin | B9: ='4.1 Comptes 2022 natures'!I155 -> 7190.95 | C9: ='4.1 Comptes 2022 natures'!I156 -> 159583.27 | D9: ='4.1 Comptes 2022 natures'!I154 -> 166774.22 | E9: ='4.9 Comptes 2022 par habitant'!I154 -> 45.245312 | F9: ='4.1 Comptes 2022 natures'!I63 -> 300000 | G9: ='4.1 Comptes 2022 natures'!I139 -> 0
A10: Courroux | B10: ='4.1 Comptes 2022 natures'!J155 -> 0 | C10: ='4.1 Comptes 2022 natures'!J156 -> 317394.89 | D10: ='4.1 Comptes 2022 natures'!J154 -> 317394.89 | E10: ='4.9 Comptes 2022 par habitant'!J154 -> 95.802864 | F10: ='4.1 Comptes 2022 natures'!J63 -> 0 | G10: ='4.1 Comptes 2022 natures'!J139 -> 190359.86
A11: Courtételle | B11: ='4.1 Comptes 2022 natures'!K155 -> 23773.27 | C11: ='4.1 Comptes 2022 natures'!K156 -> 445908.69 | D11: ='4.1 Comptes 2022 natures'!K154 -> 469681.96 | E11: ='4.9 Comptes 2022 par habitant'!K154 -> 176.97135 | F11: ='4.1 Comptes 2022 natures'!K63 -> 650000 | G11: ='4.1 Comptes 2022 natures'!K139 -> 144677.5
A12: Delémont | B12: ='4.1 Comptes 2022 natures'!L155 -> -3253493.7 | C12: ='4.1 Comptes 2022 natures'!L156 -> 2211365.2 | D12: ='4.1 Comptes 2022 natures'!L154 -> -1042128.6 | E12: ='4.9 Comptes 2022 par habitant'!L154 -> -82.47298 | F12: ='4.1 Comptes 2022 natures'!L63 -> 0 | G12: ='4.1 Comptes 2022 natures'!L139 -> 2500000
A13: Develier | B13: ='4.1 Comptes 2022 natures'!M155 -> -288991.67 | C13: ='4.1 Comptes 2022 natures'!M156 -> 175778.23 | D13: ='4.1 Comptes 2022 natures'!M154 -> -113213.44 | E13: ='4.9 Comptes 2022 par habitant'!M154 -> -83.245176 | F13: ='4.1 Comptes 2022 natures'!M63 -> 0 | G13: ='4.1 Comptes 2022 natures'!M139 -> 10700
A14: Ederswiler | B14: ='4.1 Comptes 2022 natures'!N155 -> 3099.99 | C14: ='4.1 Comptes 2022 natures'!N156 -> 2001.08 | D14: ='4.1 Comptes 2022 natures'!N154 -> 5101.07 | E14: ='4.9 Comptes 2022 par habitant'!N154 -> 45.545268 | F14: ='4.1 Comptes 2022 natures'!N63 -> 0 | G14: ='4.1 Comptes 2022 natures'!N139 -> 0
A15: Haute-Sorne | B15: ='4.1 Comptes 2022 natures'!O155 -> 383432.05 | C15: ='4.1 Comptes 2022 natures'!O156 -> 702588.75 | D15: ='4.1 Comptes 2022 natures'!O154 -> 1086020.8 | E15: ='4.9 Comptes 2022 par habitant'!O154 -> 148.38377 | F15: ='4.1 Comptes 2022 natures'!O63 -> 383300 | G15: ='4.1 Comptes 2022 natures'!O139 -> 60684.04
A16: Mervelier | B16: ='4.1 Comptes 2022 natures'!P155 -> -86729.27 | C16: ='4.1 Comptes 2022 natures'!P156 -> 34808.21 | D16: ='4.1 Comptes 2022 natures'!P154 -> -51921.06 | E16: ='4.9 Comptes 2022 par habitant'!P154 -> -99.465632 | F16: ='4.1 Comptes 2022 natures'!P63 -> 337.1 | G16: ='4.1 Comptes 2022 natures'!P139 -> 29578.3
A17: Mettembert | B17: ='4.1 Comptes 2022 natures'!Q155 -> 1958.96 | C17: ='4.1 Comptes 2022 natures'!Q156 -> 25374.65 | D17: ='4.1 Comptes 2022 natures'!Q154 -> 27333.61 | E17: ='4.9 Comptes 2022 par habitant'!Q154 -> 257.86425 | F17: ='4.1 Comptes 2022 natures'!Q63 -> 0 | G17: ='4.1 Comptes 2022 natures'!Q139 -> 0
A18: Movelier | B18: ='4.1 Comptes 2022 natures'!R155 -> -32883.71 | C18: ='4.1 Comptes 2022 natures'!R156 -> -20394.82 | D18: ='4.1 Comptes 2022 natures'!R154 -> -53278.53 | E18: ='4.9 Comptes 2022 par habitant'!R154 -> -125.36125 | F18: ='4.1 Comptes 2022 natures'!R63 -> 0 | G18: ='4.1 Comptes 2022 natures'!R139 -> 0
A19: Pleigne | B19: ='4.1 Comptes 2022 natures'!S155 -> 137834.77 | C19: ='4.1 Comptes 2022 natures'!S156 -> 66205.73 | D19: ='4.1 Comptes 2022 natures'!S154 -> 204040.5 | E19: ='4.9 Comptes 2022 par habitant'!S154 -> 582.97286 | F19: ='4.1 Comptes 2022 natures'!S63 -> 0 | G19: ='4.1 Comptes 2022 natures'!S139 -> 240001.25
A20: Rossemaison | B20: ='4.1 Comptes 2022 natures'!T155 -> 100618.68 | C20: ='4.1 Comptes 2022 natures'!T156 -> 168853.41 | D20: ='4.1 Comptes 2022 natures'!T154 -> 269472.09 | E20: ='4.9 Comptes 2022 par habitant'!T154 -> 367.62905 | F20: ='4.1 Comptes 2022 natures'!T63 -> 95000 | G20: ='4.1 Comptes 2022 natures'!T139 -> 26100
A21: Saulcy | B21: ='4.1 Comptes 2022 natures'!U155 -> -91225.19 | C21: ='4.1 Comptes 2022 natures'!U156 -> 38742.15 | D21: ='4.1 Comptes 2022 natures'!U154 -> -52483.04 | E21: ='4.9 Comptes 2022 par habitant'!U154 -> -194.38163 | F21: ='4.1 Comptes 2022 natures'!U63 -> 0 | G21: ='4.1 Comptes 2022 natures'!U139 -> 40667.55
A22: Soyhières | B22: ='4.1 Comptes 2022 natures'!V155 -> -83842.03 | C22: ='4.1 Comptes 2022 natures'!V156 -> 49400.92 | D22: ='4.1 Comptes 2022 natures'!V154 -> -34441.11 | E22: ='4.9 Comptes 2022 par habitant'!V154 -> -82.59259 | F22: ='4.1 Comptes 2022 natures'!V63 -> 0 | G22: ='4.1 Comptes 2022 natures'!V139 -> 0
A23: Val Terbi | B23: ='4.1 Comptes 2022 natures'!W155 -> 9425.38 | C23: ='4.1 Comptes 2022 natures'!W156 -> 409019.68 | D23: ='4.1 Comptes 2022 natures'!W154 -> 418445.06 | E23: ='4.9 Comptes 2022 par habitant'!W154 -> 127.38054 | F23: ='4.1 Comptes 2022 natures'!W63 -> 600000 | G23: ='4.1 Comptes 2022 natures'!W139 -> 133028
A24: Le Bémont | B24: ='4.1 Comptes 2022 natures'!X155 -> 71279.27 | C24: ='4.1 Comptes 2022 natures'!X156 -> -7184.85 | D24: ='4.1 Comptes 2022 natures'!X154 -> 64094.42 | E24: ='4.9 Comptes 2022 par habitant'!X154 -> 208.09877 | F24: ='4.1 Comptes 2022 natures'!X63 -> 0 | G24: ='4.1 Comptes 2022 natures'!X139 -> 0
A25: Les Bois | B25: ='4.1 Comptes 2022 natures'!Y155 -> 762175.92 | C25: ='4.1 Comptes 2022 natures'!Y156 -> 116963.83 | D25: ='4.1 Comptes 2022 natures'!Y154 -> 879139.75 | E25: ='4.9 Comptes 2022 par habitant'!Y154 -> 698.83923 | F25: ='4.1 Comptes 2022 natures'!Y63 -> 0 | G25: ='4.1 Comptes 2022 natures'!Y139 -> 0
A26: Les Breuleux | B26: ='4.1 Comptes 2022 natures'!Z155 -> 1599945.3 | C26: ='4.1 Comptes 2022 natures'!Z156 -> 266556.25 | D26: ='4.1 Comptes 2022 natures'!Z154 -> 1866501.6 | E26: ='4.9 Comptes 2022 par habitant'!Z154 -> 1224.7386 | F26: ='4.1 Comptes 2022 natures'!Z63 -> 1000000 | G26: ='4.1 Comptes 2022 natures'!Z139 -> 0
A27: La Chaux-B. | B27: ='4.1 Comptes 2022 natures'!AA155 -> -113818.35 | C27: ='4.1 Comptes 2022 natures'!AA156 -> -2759.2 | D27: ='4.1 Comptes 2022 natures'!AA154 -> -116577.55 | E27: ='4.9 Comptes 2022 par habitant'!AA154 -> -1339.9718 | F27: ='4.1 Comptes 2022 natures'!AA63 -> 0 | G27: ='4.1 Comptes 2022 natures'!AA139 -> 0
A28: Les Enfers | B28: ='4.1 Comptes 2022 natures'!AB155 -> 5979.36 | C28: ='4.1 Comptes 2022 natures'!AB156 -> 31729.85 | D28: ='4.1 Comptes 2022 natures'!AB154 -> 37709.21 | E28: ='4.9 Comptes 2022 par habitant'!AB154 -> 241.72571 | F28: ='4.1 Comptes 2022 natures'!AB63 -> 35000 | G28: ='4.1 Comptes 2022 natures'!AB139 -> 0
A29: Les Genevez | B29: ='4.1 Comptes 2022 natures'!AC155 -> 7580.24 | C29: ='4.1 Comptes 2022 natures'!AC156 -> -243.21 | D29: ='4.1 Comptes 2022 natures'!AC154 -> 7337.03 | E29: ='4.9 Comptes 2022 par habitant'!AC154 -> 14.386333 | F29: ='4.1 Comptes 2022 natures'!AC63 -> 0 | G29: ='4.1 Comptes 2022 natures'!AC139 -> 0
A30: Lajoux | B30: ='4.1 Comptes 2022 natures'!AD155 -> -70858.69 | C30: ='4.1 Comptes 2022 natures'!AD156 -> 125128.83 | D30: ='4.1 Comptes 2022 natures'!AD154 -> 54270.14 | E30: ='4.9 Comptes 2022 par habitant'!AD154 -> 76.978922 | F30: ='4.1 Comptes 2022 natures'!AD63 -> 0 | G30: ='4.1 Comptes 2022 natures'!AD139 -> 0
A31: Montfaucon | B31: ='4.1 Comptes 2022 natures'!AE155 -> -144543.5 | C31: ='4.1 Comptes 2022 natures'!AE156 -> -113762.3 | D31: ='4.1 Comptes 2022 natures'!AE154 -> -258305.8 | E31: ='4.9 Comptes 2022 par habitant'!AE154 -> -468.79456 | F31: ='4.1 Comptes 2022 natures'!AE63 -> 0 | G31: ='4.1 Comptes 2022 natures'!AE139 -> 96
A32: Muriaux | B32: ='4.1 Comptes 2022 natures'!AF155 -> -209245.59 | C32: ='4.1 Comptes 2022 natures'!AF156 -> 83282.86 | D32: ='4.1 Comptes 2022 natures'!AF154 -> -125962.73 | E32: ='4.9 Comptes 2022 par habitant'!AF154 -> -246.50241 | F32: ='4.1 Comptes 2022 natures'!AF63 -> 0 | G32: ='4.1 Comptes 2022 natures'!AF139 -> 0
A33: Le Noirmont | B33: ='4.1 Comptes 2022 natures'!AG155 -> 570704.15 | C33: ='4.1 Comptes 2022 natures'!AG156 -> 579665.13 | D33: ='4.1 Comptes 2022 natures'!AG154 -> 1150369.3 | E33: ='4.9 Comptes 2022 par habitant'!AG154 -> 604.82086 | F33: ='4.1 Comptes 2022 natures'!AG63 -> 0 | G33: ='4.1 Comptes 2022 natures'!AG139 -> 0
A34: Saignelégier | B34: ='4.1 Comptes 2022 natures'!AH155 -> 89717.45 | C34: ='4.1 Comptes 2022 natures'!AH156 -> 405918 | D34: ='4.1 Comptes 2022 natures'!AH154 -> 495635.45 | E34: ='4.9 Comptes 2022 par habitant'!AH154 -> 192.47979 | F34: ='4.1 Comptes 2022 natures'!AH63 -> 350000 | G34: ='4.1 Comptes 2022 natures'!AH139 -> 0
A35: Saint-Brais | B35: ='4.1 Comptes 2022 natures'!AI155 -> -6155.02 | C35: ='4.1 Comptes 2022 natures'!AI156 -> 54787.13 | D35: ='4.1 Comptes 2022 natures'!AI154 -> 48632.11 | E35: ='4.9 Comptes 2022 par habitant'!AI154 -> 213.29873 | F35: ='4.1 Comptes 2022 natures'!AI63 -> 50000 | G35: ='4.1 Comptes 2022 natures'!AI139 -> 0
A36: Soubey | B36: ='4.1 Comptes 2022 natures'!AJ155 -> 4342.35 | C36: ='4.1 Comptes 2022 natures'!AJ156 -> 45010.42 | D36: ='4.1 Comptes 2022 natures'!AJ154 -> 49352.77 | E36: ='4.9 Comptes 2022 par habitant'!AJ154 -> 418.24381 | F36: ='4.1 Comptes 2022 natures'!AJ63 -> 170000 | G36: ='4.1 Comptes 2022 natures'!AJ139 -> 0
A37: Alle | B37: ='4.1 Comptes 2022 natures'!AK155 -> 450000 | C37: ='4.1 Comptes 2022 natures'!AK156 -> 167262.02 | D37: ='4.1 Comptes 2022 natures'!AK154 -> 617262.02 | E37: ='4.9 Comptes 2022 par habitant'!AK154 -> 327.98194 | F37: ='4.1 Comptes 2022 natures'!AK63 -> 367367.02 | G37: ='4.1 Comptes 2022 natures'!AK139 -> 0
A38: La Baroche | B38: ='4.1 Comptes 2022 natures'!AL155 -> 42549.12 | C38: ='4.1 Comptes 2022 natures'!AL156 -> 57892.7 | D38: ='4.1 Comptes 2022 natures'!AL154 -> 100441.82 | E38: ='4.9 Comptes 2022 par habitant'!AL154 -> 90.163214 | F38: ='4.1 Comptes 2022 natures'!AL63 -> 163343.7 | G38: ='4.1 Comptes 2022 natures'!AL139 -> 40000
A39: Basse-Allaine | B39: ='4.1 Comptes 2022 natures'!AM155 -> -59505.94 | C39: ='4.1 Comptes 2022 natures'!AM156 -> 37079.43 | D39: ='4.1 Comptes 2022 natures'!AM154 -> -22426.51 | E39: ='4.9 Comptes 2022 par habitant'!AM154 -> -18.427699 | F39: ='4.1 Comptes 2022 natures'!AM63 -> 0 | G39: ='4.1 Comptes 2022 natures'!AM139 -> 0
A40: Beurnevésin | B40: ='4.1 Comptes 2022 natures'!AN155 -> -471.3 | C40: ='4.1 Comptes 2022 natures'!AN156 -> -8970.94 | D40: ='4.1 Comptes 2022 natures'!AN154 -> -9442.24 | E40: ='4.9 Comptes 2022 par habitant'!AN154 -> -80.702906 | F40: ='4.1 Comptes 2022 natures'!AN63 -> 12358 | G40: ='4.1 Comptes 2022 natures'!AN139 -> 4800
A41: Boncourt | B41: ='4.1 Comptes 2022 natures'!AO155 -> 53245.44 | C41: ='4.1 Comptes 2022 natures'!AO156 -> 59413.84 | D41: ='4.1 Comptes 2022 natures'!AO154 -> 112659.28 | E41: ='4.9 Comptes 2022 par habitant'!AO154 -> 93.493178 | F41: ='4.1 Comptes 2022 natures'!AO63 -> 1900000 | G41: ='4.1 Comptes 2022 natures'!AO139 -> 0
A42: Bonfol | B42: ='4.1 Comptes 2022 natures'!AP155 -> -71312.8 | C42: ='4.1 Comptes 2022 natures'!AP156 -> 42847.56 | D42: ='4.1 Comptes 2022 natures'!AP154 -> -28465.24 | E42: ='4.9 Comptes 2022 par habitant'!AP154 -> -45.544384 | F42: ='4.1 Comptes 2022 natures'!AP63 -> 0 | G42: ='4.1 Comptes 2022 natures'!AP139 -> 100736
A43: Bure | B43: ='4.1 Comptes 2022 natures'!AQ155 -> -102773.5 | C43: ='4.1 Comptes 2022 natures'!AQ156 -> -2741.24 | D43: ='4.1 Comptes 2022 natures'!AQ154 -> -105514.74 | E43: ='4.9 Comptes 2022 par habitant'!AQ154 -> -167.21829 | F43: ='4.1 Comptes 2022 natures'!AQ63 -> 0 | G43: ='4.1 Comptes 2022 natures'!AQ139 -> 130567
A44: Clos du Doubs | B44: ='4.1 Comptes 2022 natures'!AR155 -> 1535.82 | C44: ='4.1 Comptes 2022 natures'!AR156 -> 13765.81 | D44: ='4.1 Comptes 2022 natures'!AR154 -> 15301.63 | E44: ='4.9 Comptes 2022 par habitant'!AR154 -> 12.001278 | F44: ='4.1 Comptes 2022 natures'!AR63 -> 20000 | G44: ='4.1 Comptes 2022 natures'!AR139 -> 0
A45: Coeuve | B45: ='4.1 Comptes 2022 natures'!AS155 -> -103783.8 | C45: ='4.1 Comptes 2022 natures'!AS156 -> -59737.18 | D45: ='4.1 Comptes 2022 natures'!AS154 -> -163520.98 | E45: ='4.9 Comptes 2022 par habitant'!AS154 -> -227.7451 | F45: ='4.1 Comptes 2022 natures'!AS63 -> 0 | G45: ='4.1 Comptes 2022 natures'!AS139 -> 422
A46: Cornol | B46: ='4.1 Comptes 2022 natures'!AT155 -> -154372.34 | C46: ='4.1 Comptes 2022 natures'!AT156 -> 56544.76 | D46: ='4.1 Comptes 2022 natures'!AT154 -> -97827.58 | E46: ='4.9 Comptes 2022 par habitant'!AT154 -> -96.097819 | F46: ='4.1 Comptes 2022 natures'!AT63 -> 0 | G46: ='4.1 Comptes 2022 natures'!AT139 -> 20000
A47: Courchavon | B47: ='4.1 Comptes 2022 natures'!AU155 -> -330157.1 | C47: ='4.1 Comptes 2022 natures'!AU156 -> 116657.02 | D47: ='4.1 Comptes 2022 natures'!AU154 -> -213500.08 | E47: ='4.9 Comptes 2022 par habitant'!AU154 -> -728.66922 | F47: ='4.1 Comptes 2022 natures'!AU63 -> 0 | G47: ='4.1 Comptes 2022 natures'!AU139 -> 50338
A48: Courgenay | B48: ='4.1 Comptes 2022 natures'!AV155 -> 34266.46 | C48: ='4.1 Comptes 2022 natures'!AV156 -> 140468.65 | D48: ='4.1 Comptes 2022 natures'!AV154 -> 174735.11 | E48: ='4.9 Comptes 2022 par habitant'!AV154 -> 71.759799 | F48: ='4.1 Comptes 2022 natures'!AV63 -> 100000 | G48: ='4.1 Comptes 2022 natures'!AV139 -> 0
A49: Courtedoux | B49: ='4.1 Comptes 2022 natures'!AW155 -> 51005.88 | C49: ='4.1 Comptes 2022 natures'!AW156 -> -547.55 | D49: ='4.1 Comptes 2022 natures'!AW154 -> 50458.33 | E49: ='4.9 Comptes 2022 par habitant'!AW154 -> 64.196349 | F49: ='4.1 Comptes 2022 natures'!AW63 -> 200000 | G49: ='4.1 Comptes 2022 natures'!AW139 -> 633
A50: Damphreux | B50: ='4.1 Comptes 2022 natures'!AX155 -> -43918.63 | C50: ='4.1 Comptes 2022 natures'!AX156 -> -262.5 | D50: ='4.1 Comptes 2022 natures'!AX154 -> -44181.13 | E50: ='4.9 Comptes 2022 par habitant'!AX154 -> -240.11484 | F50: ='4.1 Comptes 2022 natures'!AX63 -> 1717.95 | G50: ='4.1 Comptes 2022 natures'!AX139 -> 5207
A51: Fahy | B51: ='4.1 Comptes 2022 natures'!AY155 -> -172483.83 | C51: ='4.1 Comptes 2022 natures'!AY156 -> 85156.39 | D51: ='4.1 Comptes 2022 natures'!AY154 -> -87327.44 | E51: ='4.9 Comptes 2022 par habitant'!AY154 -> -262.24456 | F51: ='4.1 Comptes 2022 natures'!AY63 -> 0 | G51: ='4.1 Comptes 2022 natures'!AY139 -> 311
A52: Fontenais | B52: ='4.1 Comptes 2022 natures'!AZ155 -> -143672.58 | C52: ='4.1 Comptes 2022 natures'!AZ156 -> 150896.73 | D52: ='4.1 Comptes 2022 natures'!AZ154 -> 7224.15 | E52: ='4.9 Comptes 2022 par habitant'!AZ154 -> 4.3155018 | F52: ='4.1 Comptes 2022 natures'!AZ63 -> 0 | G52: ='4.1 Comptes 2022 natures'!AZ139 -> 151597
A53: Grandfontaine | B53: ='4.1 Comptes 2022 natures'!BA155 -> 251.69 | C53: ='4.1 Comptes 2022 natures'!BA156 -> 130926.95 | D53: ='4.1 Comptes 2022 natures'!BA154 -> 131178.64 | E53: ='4.9 Comptes 2022 par habitant'!BA154 -> 335.49524 | F53: ='4.1 Comptes 2022 natures'!BA63 -> 920 | G53: ='4.1 Comptes 2022 natures'!BA139 -> 319
A54: Haute-Ajoie | B54: ='4.1 Comptes 2022 natures'!BB155 -> 54631.45 | C54: ='4.1 Comptes 2022 natures'!BB156 -> 81280.52 | D54: ='4.1 Comptes 2022 natures'!BB154 -> 135911.97 | E54: ='4.9 Comptes 2022 par habitant'!BB154 -> 129.19389 | F54: ='4.1 Comptes 2022 natures'!BB63 -> 250253.45 | G54: ='4.1 Comptes 2022 natures'!BB139 -> 1083
A55: Lugnez | B55: ='4.1 Comptes 2022 natures'!BC155 -> 1611.37 | C55: ='4.1 Comptes 2022 natures'!BC156 -> 0 | D55: ='4.1 Comptes 2022 natures'!BC154 -> 1611.37 | E55: ='4.9 Comptes 2022 par habitant'!BC154 -> 8.6632796 | F55: ='4.1 Comptes 2022 natures'!BC63 -> 0 | G55: ='4.1 Comptes 2022 natures'!BC139 -> 235
A56: Porrentruy | B56: ='4.1 Comptes 2022 natures'!BD155 -> -412328.29 | C56: ='4.1 Comptes 2022 natures'!BD156 -> 1454351.7 | D56: ='4.1 Comptes 2022 natures'!BD154 -> 1042023.4 | E56: ='4.9 Comptes 2022 par habitant'!BD154 -> 161.77976 | F56: ='4.1 Comptes 2022 natures'!BD63 -> 0 | G56: ='4.1 Comptes 2022 natures'!BD139 -> 500000
A57: Vendlincourt | B57: ='4.1 Comptes 2022 natures'!BE155 -> 53968.13 | C57: ='4.1 Comptes 2022 natures'!BE156 -> 11088.07 | D57: ='4.1 Comptes 2022 natures'!BE154 -> 65056.2 | E57: ='4.9 Comptes 2022 par habitant'!BE154 -> 119.15055 | F57: ='4.1 Comptes 2022 natures'!BE63 -> 0 | G57: ='4.1 Comptes 2022 natures'!BE139 -> 0
A58: Total | B58: ='4.1 Comptes 2022 natures'!BF155 -> -1754910.2 | C58: ='4.1 Comptes 2022 natures'!BF156 -> 9343491.3 | D58: ='4.1 Comptes 2022 natures'!BF154 -> 7588581.1 | E58: ='4.9 Comptes 2022 par habitant'!BF154 -> 2378.4928 | F58: ='4.1 Comptes 2022 natures'!BF63 -> 6649597.2 | G58: ='4.1 Comptes 2022 natures'!BF139 -> 4389613.2
A59: District de Delémont | B59: ='4.1 Comptes 2022 natures'!BG155 -> -3470298.3 | C59: ='4.1 Comptes 2022 natures'!BG156 -> 5225025.8 | D59: ='4.1 Comptes 2022 natures'!BG154 -> 1754727.4 | E59: ='4.9 Comptes 2022 par habitant'!BG154 -> 988.72174 | F59: ='4.1 Comptes 2022 natures'!BG63 -> 2028637.1 | G59: ='4.1 Comptes 2022 natures'!BG139 -> 3383269.2
A60: District des Franches-Montagnes | B60: ='4.1 Comptes 2022 natures'!BH155 -> 2567102.9 | C60: ='4.1 Comptes 2022 natures'!BH156 -> 1585092.7 | D60: ='4.1 Comptes 2022 natures'!BH154 -> 4152195.7 | E60: ='4.9 Comptes 2022 par habitant'!BH154 -> 1838.3419 | F60: ='4.1 Comptes 2022 natures'!BH63 -> 1605000 | G60: ='4.1 Comptes 2022 natures'!BH139 -> 96
A61: District de Porrentruy | B61: ='4.1 Comptes 2022 natures'!BI155 -> -851714.75 | C61: ='4.1 Comptes 2022 natures'!BI156 -> 2533372.8 | D61: ='4.1 Comptes 2022 natures'!BI154 -> 1681658 | E61: ='4.9 Comptes 2022 par habitant'!BI154 -> -448.57082 | F61: ='4.1 Comptes 2022 natures'!BI63 -> 3015960.1 | G61: ='4.1 Comptes 2022 natures'!BI139 -> 1006248

Sheet 4.2 Comptes 2022 par commune
A2: Comptes de résultats par natures 2022
D4: Veuillez choisir votre commune ci-dessous
A5: Communes : | D5: Boécourt
E7: CHF
A8: 3 | D8: Charges | E8: =HLOOKUP(D5,'4.1 Comptes 2022 natures'!$E$4:$BE$159,2,0) -> 3735431.2
B9: 30 | D9: Charges du personnel | E9: =HLOOKUP($D$5,'4.1 Comptes 2022 natures'!$E$4:$BE$159,3,0) -> 474056.55
C10: 300 | D10: Autorités et commissions | E10: =HLOOKUP($D$5,'4.1 Comptes 2022 natures'!$E$4:$BE$159,4,0) -> 44845
C11: 301 | D11: Personnel administratif et d'exploitation | E11: =HLOOKUP($D$5,'4.1 Comptes 2022 natures'!$E$4:$BE$159,5,0) -> 356986.4
C12: 302 | D12: Enseignants | E12: =HLOOKUP($D$5,'4.1 Comptes 2022 natures'!$E$4:$BE$159,6,0) -> 0
C13: 303 | D13: Personnel temporaire administratif et d'exploitation | E13: =HLOOKUP($D$5,'4.1 Comptes 2022 natures'!$E$4:$BE$159,7,0) -> 0
C14: 304 | D14: Allocations et indemnités | E14: =HLOOKUP($D$5,'4.1 Comptes 2022 natures'!$E$4:$BE$159,8,0) -> 0
C15: 305 | D15: Charges de l'employeur | E15: =HLOOKUP($D$5,'4.1 Comptes 2022 natures'!$E$4:$BE$159,9,0) -> 71318.15
C16: 306 | D16: Prestations sociales de l'employeur | E16: =HLOOKUP($D$5,'4.1 Comptes 2022 natures'!$E$4:$BE$159,10,0) -> 0
C17: 309 | D17: Autres charges du personnel | E17: =HLOOKUP($D$5,'4.1 Comptes 2022 natures'!$E$4:$BE$159,11,0) -> 907
B19: 31 | D19: Charges de biens et de services et autres charges d'exploitation | E19: =SUM(E20:E29) -> 583887.39
C20: 310 | D20: Charges de matériel et de marchandises | E20: =HLOOKUP($D$5,'4.1 Comptes 2022 natures'!$E$4:$BE$159,14,0) -> 71520.05
C21: 311 | D21: Immobilisations ne pouvant être portées à l'actif | E21: =HLOOKUP($D$5,'4.1 Comptes 2022 natures'!$E$4:$BE$159,15,0) -> 23290.6
C22: 312 | D22: Alimentations et éliminations des biens-fonds du PA | E22: =HLOOKUP($D$5,'4.1 Comptes 2022 natures'!$E$4:$BE$159,16,0) -> 109076.9
C23: 313 | D23: Prestations de services et honoraires | E23: =HLOOKUP($D$5,'4.1 Comptes 2022 natures'!$E$4:$BE$159,17,0) -> 201212.12
C24: 314 | D24: Gros entretien et entretien courant du PA | E24: =HLOOKUP($D$5,'4.1 Comptes 2022 natures'!$E$4:$BE$159,18,0) -> 117627.35
C25: 315 | D25: Entretien des biens mobiliers et des immobilisations corporelles du PA | E25: =HLOOKUP($D$5,'4.1 Comptes 2022 natures'!$E$4:$BE$159,19,0) -> 50105.4
C26: 316 | D26: Loyers - crédits-bails (leasing) - baux à fermes - taxes d'utilisation | E26: =HLOOKUP($D$5,'4.1 Comptes 2022 natures'!$E$4:$BE$159,20,0) -> 3877.2
C27: 317 | D27: Indemnités et dédommagements | E27: =HLOOKUP($D$5,'4.1 Comptes 2022 natures'!$E$4:$BE$159,21,0) -> 22594.15
C28: 318 | D28: Réévaluations de créances | E28: =HLOOKUP($D$5,'4.1 Comptes 2022 natures'!$E$4:$BE$159,22,0) -> -25400.88
C29: 319 | D29: Divers charges d'exploitation | E29: =HLOOKUP($D$5,'4.1 Comptes 2022 natures'!$E$4:$BE$159,23,0) -> 9984.5
B31: 33 | D31: Amortissements du patrimoine administratif | E31: =SUM(E32:E33) -> 273439.17
C32: 330 | D32: Amortissements des immobilisations corporelles du PA | E32: =HLOOKUP($D$5,'4.1 Comptes 2022 natures'!$E$4:$BE$159,26,0) -> 273439.17
C33: 332 | D33: Amortissements des immobilisations incorporelles du PA | E33: =HLOOKUP($D$5,'4.1 Comptes 2022 natures'!$E$4:$BE$159,27,0) -> 0
B35: 34 | D35: Charges financières | E35: =SUM(E36:E41) -> 54405.36
C36: 340 | D36: Charges d'intérets | E36: =HLOOKUP($D$5,'4.1 Comptes 2022 natures'!$E$4:$BE$159,30,0) -> 54405.36
C37: 341 | D37: Pertes sur les placements financiers et les immobilisations du PF | E37: =HLOOKUP($D$5,'4.1 Comptes 2022 natures'!$E$4:$BE$159,31,0) -> 0
C38: 342 | D38: Frais d'acquisitions des capitaux et frais administratifs | E38: =HLOOKUP($D$5,'4.1 Comptes 2022 natures'!$E$4:$BE$159,32,0) -> 0
C39: 343 | D39: Charges pour les biens-fonds du PF | E39: =HLOOKUP($D$5,'4.1 Comptes 2022 natures'!$E$4:$BE$159,33,0) -> 0
C40: 344 | D40: Réévaluations des immobilisations du PF | E40: =HLOOKUP($D$5,'4.1 Comptes 2022 natures'!$E$4:$BE$159,34,0) -> 0
C41: 349 | D41: Autres charges financières | E41: =HLOOKUP($D$5,'4.1 Comptes 2022 natures'!$E$4:$BE$159,35,0) -> 0
B43: 35 | D43: Attributions aux financements spéciaux des capitaux de tiers | E43: =SUM(E44:E45) -> 13669.95
C44: 350 | D44: Attributions aux financements spéciaux des capitaux de tiers | E44: =HLOOKUP($D$5,'4.1 Comptes 2022 natures'!$E$4:$BE$159,38,0) -> 0
C45: 351 | D45: Attributions aux financements spéciaux du capital propres | E45: =HLOOKUP($D$5,'4.1 Comptes 2022 natures'!$E$4:$BE$159,39,0) -> 13669.95
B47: 36 | D47: Charges de transferts | E47: =SUM(E48:E55) -> 2335972.8
C48: 360 | D48: Parts de revenus destinés à des collectivités publiques | E48: =HLOOKUP($D$5,'4.1 Comptes 2022 natures'!$E$4:$BE$159,42,0) -> 5823.35
C49: 361 | D49: Dédommagements aux collectivités publiques | E49: =HLOOKUP($D$5,'4.1 Comptes 2022 natures'!$E$4:$BE$159,43,0) -> 1730003.4
C50: 362 | D50: Péréquation financière et compensation de charges | E50: =HLOOKUP($D$5,'4.1 Comptes 2022 natures'!$E$4:$BE$159,44,0) -> 38535
C51: 363 | D51: Subventions à des collectivités publiques et des tiers | E51: =HLOOKUP($D$5,'4.1 Comptes 2022 natures'!$E$4:$BE$159,45,0) -> 553705.75
C52: 364 | D52: Réévaluations des prets du PA | E52: =HLOOKUP($D$5,'4.1 Comptes 2022 natures'!$E$4:$BE$159,46,0) -> 0
C53: 365 | D53: Réévaluations des participations du PA | E53: =HLOOKUP($D$5,'4.1 Comptes 2022 natures'!$E$4:$BE$159,47,0) -> 0
C54: 366 | D54: Amortissements des subventions des investissements | E54: =HLOOKUP($D$5,'4.1 Comptes 2022 natures'!$E$4:$BE$159,48,0) -> 7905.29
C55: 369 | D55: Différentes charges de transfert à des collectivités publiques et tiers | E55: =HLOOKUP($D$5,'4.1 Comptes 2022 natures'!$E$4:$BE$159,49,0) -> 0
B57: 37 | D57: Subventions à redistribuer | E57: =SUM(E58) -> 0
C58: 370 | D58: Subventions à redistribuer à des collectivités publiques et des tiers | E58: =HLOOKUP($D$5,'4.1 Comptes 2022 natures'!$E$4:$BE$159,52,0) -> 0
B60: 38 | D60: Charges extraordinaires | E60: =SUM(E61:E66) -> 0
C61: 380 | D61: Charges extraordinaires du personnel administratif et d'exploitation | E61: =HLOOKUP($D$5,'4.1 Comptes 2022 natures'!$E$4:$BE$159,55,0) -> 0
C62: 381 | D62: charges extraordinaires de biens et de services d'exploitation | E62: =HLOOKUP($D$5,'4.1 Comptes 2022 natures'!$E$4:$BE$159,56,0) -> 0
C63: 384 | D63: Charges extraordinaires financières et comptables | E63: =HLOOKUP($D$5,'4.1 Comptes 2022 natures'!$E$4:$BE$159,57,0) -> 0
C64: 385 | D64: Attributions extraordinaires aux financements spéciaux | E64: =HLOOKUP($D$5,'4.1 Comptes 2022 natures'!$E$4:$BE$159,58,0) -> 0
C65: 386 | D65: Charges de transfert extraordinaires au collectivités et aux tiers | E65: =HLOOKUP($D$5,'4.1 Comptes 2022 natures'!$E$4:$BE$159,59,0) -> 0
C66: 389 | D66: Attributions au capital propre | E66: =HLOOKUP($D$5,'4.1 Comptes 2022 natures'!$E$4:$BE$159,60,0) -> 0
B68: 39 | D68: Imputations internes | E68: =SUM(E69:E76) -> 0
C69: 390 | D69: Approvisionnement en matériel et en marchandises | E69: =HLOOKUP($D$5,'4.1 Comptes 2022 natures'!$E$4:$BE$159,63,0) -> 0
C70: 391 | D70: Prestations de services | E70: =HLOOKUP($D$5,'4.1 Comptes 2022 natures'!$E$4:$BE$159,64,0) -> 0
C71: 392 | D71: Loyer, baux à ferme et frais d'utilisation | E71: =HLOOKUP($D$5,'4.1 Comptes 2022 natures'!$E$4:$BE$159,65,0) -> 0
C72: 393 | D72: Frais administratifs et d'exploitation | E72: =HLOOKUP($D$5,'4.1 Comptes 2022 natures'!$E$4:$BE$159,66,0) -> 0
C73: 394 | D73: Intérêts et charges financières théoriques | E73: =HLOOKUP($D$5,'4.1 Comptes 2022 natures'!$E$4:$BE$159,67,0) -> 0
C74: 395 | D74: Amortissements planifiés et non planifiés du PA | E74: =HLOOKUP($D$5,'4.1 Comptes 2022 natures'!$E$4:$BE$159,68,0) -> 0
C75: 398 | D75: Virements comptabiles | E75: =HLOOKUP($D$5,'4.1 Comptes 2022 natures'!$E$4:$BE$159,69,0) -> 0
C76: 399 | D76: Autres imputations internes | E76: =HLOOKUP($D$5,'4.1 Comptes 2022 natures'!$E$4:$BE$159,70,0) -> 0
A79: 4 | D79: Revenus | E79: =HLOOKUP($D$5,'4.1 Comptes 2022 natures'!$E$4:$BE$159,73,0) -> 3851613.9
B80: 40 | D80: Revenus fiscaux | E80: =SUM(E81:E84) -> 2612689
C81: 400 | D81: Impôts directs des personnes physiques | E81: =HLOOKUP($D$5,'4.1 Comptes 2022 natures'!$E$4:$BE$159,75,0) -> 2262700.1
C82: 401 | D82: Impôts directs des personnes morales | E82: =HLOOKUP($D$5,'4.1 Comptes 2022 natures'!$E$4:$BE$159,76,0) -> 104082.17
C83: 402 | D83: Autres impôts directs | E83: =HLOOKUP($D$5,'4.1 Comptes 2022 natures'!$E$4:$BE$159,77,0) -> 232616.5
C84: 403 | D84: Impôts sur la possession et les dépenses | E84: =HLOOKUP($D$5,'4.1 Comptes 2022 natures'!$E$4:$BE$159,78,0) -> 13290.2
B86: 41 | D86: Revenus de patentes et de concessions | E86: =SUM(E87:E90) -> 0
C87: 410 | D87: Revenus de patentes | E87: =HLOOKUP($D$5,'4.1 Comptes 2022 natures'!$E$4:$BE$159,81,0) -> 0
C88: 411 | D88: Revenus de la Banque Nationale | E88: =HLOOKUP($D$5,'4.1 Comptes 2022 natures'!$E$4:$BE$159,82,0) -> 0
C89: 412 | D89: Revenus des concessions | E89: =HLOOKUP($D$5,'4.1 Comptes 2022 natures'!$E$4:$BE$159,83,0) -> 0
C90: 413 | D90: Parts des revenus de loterie et paris | E90: =HLOOKUP($D$5,'4.1 Comptes 2022 natures'!$E$4:$BE$159,84,0) -> 0
B92: 42 | D92: Taxes | E92: =SUM(E93:E101) -> 758551.3
C93: 420 | D93: Taxes d'exemption et de compensation | E93: =HLOOKUP($D$5,'4.1 Comptes 2022 natures'!$E$4:$BE$159,87,0) -> 36366.4
C94: 421 | D94: Emoluments administratif | E94: =HLOOKUP($D$5,'4.1 Comptes 2022 natures'!$E$4:$BE$159,88,0) -> 14767.55
C95: 422 | D95: Taxes et émoluments hospitaliers et médico-sociaux et foyers | E95: =HLOOKUP($D$5,'4.1 Comptes 2022 natures'!$E$4:$BE$159,89,0) -> 0
C96: 423 | D96: Frais d'écolage | E96: =HLOOKUP($D$5,'4.1 Comptes 2022 natures'!$E$4:$BE$159,90,0) -> 2720
C97: 424 | D97: Taxes d'utilisation et de prestation de services | E97: =HLOOKUP($D$5,'4.1 Comptes 2022 natures'!$E$4:$BE$159,91,0) -> 615870.45
C98: 425 | D98: Revenus des ventes | E98: =HLOOKUP($D$5,'4.1 Comptes 2022 natures'!$E$4:$BE$159,92,0) -> 12011.4
C99: 426 | D99: remboursements | E99: =HLOOKUP($D$5,'4.1 Comptes 2022 natures'!$E$4:$BE$159,93,0) -> 76515.5
C100: 427 | D100: Amendes | E100: =HLOOKUP($D$5,'4.1 Comptes 2022 natures'!$E$4:$BE$159,94,0) -> 300
C101: 429 | D101: Autres taxes et compensations | E101: =HLOOKUP($D$5,'4.1 Comptes 2022 natures'!$E$4:$BE$159,95,0) -> 0
B103: 43 | D103: Revenus divers | E103: =SUM(E104:E107) -> 0
C104: 430 | D104: Revenus divers d'exploitation | E104: =HLOOKUP($D$5,'4.1 Comptes 2022 natures'!$E$4:$BE$159,98,0) -> 0
C105: 431 | D105: Inscriptions de prestations propres portées à l'actif | E105: =HLOOKUP($D$5,'4.1 Comptes 2022 natures'!$E$4:$BE$159,99,0) -> 0
C106: 432 | D106: Variation de stock | E106: =HLOOKUP($D$5,'4.1 Comptes 2022 natures'!$E$4:$BE$159,100,0) -> 0
C107: 439 | D107: Autres revenus divers | E107: =HLOOKUP($D$5,'4.1 Comptes 2022 natures'!$E$4:$BE$159,101,0) -> 0
B109: 44 | D109: Revenus financiers | E109: =SUM(E110:E119) -> 58184.76
C110: 440 | D110: Revenus des intérets | E110: =HLOOKUP($D$5,'4.1 Comptes 2022 natures'!$E$4:$BE$159,104,0) -> 20774.76
C111: 441 | D111: Gains réalisés du PF | E111: =HLOOKUP($D$5,'4.1 Comptes 2022 natures'!$E$4:$BE$159,105,0) -> 10419.9
C112: 442 | D112: Revenus de participations du PF | E112: =HLOOKUP($D$5,'4.1 Comptes 2022 natures'!$E$4:$BE$159,106,0) -> 177
C113: 443 | D113: Revenus des biens-fonds, des bâtiments et immeubles du PF | E113: =HLOOKUP($D$5,'4.1 Comptes 2022 natures'!$E$4:$BE$159,107,0) -> 23831.5
C114: 444 | D114: Réévaluations des immobilisations du PF | E114: =HLOOKUP($D$5,'4.1 Comptes 2022 natures'!$E$4:$BE$159,108,0) -> 0
C115: 445 | D115: Revenus financiers de prêts et de participation du PA | E115: =HLOOKUP($D$5,'4.1 Comptes 2022 natures'!$E$4:$BE$159,109,0) -> 0
C116: 446 | D116: Revenus financiers d'entreprises publiques | E116: =HLOOKUP($D$5,'4.1 Comptes 2022 natures'!$E$4:$BE$159,110,0) -> 0
C117: 447 | D117: Revenus des biens-fonds, des bâtiments et immeubles du PA | E117: =HLOOKUP($D$5,'4.1 Comptes 2022 natures'!$E$4:$BE$159,111,0) -> 2981.6
...

Sheet 4.9 Comptes 2022 par habitant
A2: Comptes de résultats par natures 2022
E3: ='Base de données pop.'!C2 -> 951 | F3: ='Base de données pop.'!C3 -> 258 | G3: ='Base de données pop.'!C4 -> 471 | H3: ='Base de données pop.'!C5 -> 441 | I3: ='Base de données pop.'!C6 -> 3686 | J3: ='Base de données pop.'!C7 -> 3313 | K3: ='Base de données pop.'!C8 -> 2654 | L3: ='Base de données pop.'!C9 -> 12636 | M3: ='Base de données pop.'!C10 -> 1360 | N3: ='Base de données pop.'!C11 -> 112 | O3: ='Base de données pop.'!C12 -> 7319 | P3: ='Base de données pop.'!C13 -> 522 | Q3: ='Base de données pop.'!C14 -> 106 | R3: ='Base de données pop.'!C15 -> 425 | S3: ='Base de données pop.'!C16 -> 350 | T3: ='Base de données pop.'!C17 -> 733 | U3: ='Base de données pop.'!C18 -> 270 | V3: ='Base de données pop.'!C19 -> 417 | W3: ='Base de données pop.'!C20 -> 3285 | X3: ='Base de données pop.'!C21 -> 308 | Y3: ='Base de données pop.'!C22 -> 1258 | Z3: ='Base de données pop.'!C23 -> 1524 | AA3: ='Base de données pop.'!C24 -> 87 | AB3: ='Base de données pop.'!C25 -> 156 | AC3: ='Base de données pop.'!C26 -> 510 | AD3: ='Base de données pop.'!C27 -> 705 | AE3: ='Base de données pop.'!C28 -> 551 | AF3: ='Base de données pop.'!C29 -> 511 | AG3: ='Base de données pop.'!C30 -> 1902 | AH3: ='Base de données pop.'!C31 -> 2575 | AI3: ='Base de données pop.'!C32 -> 228 | AJ3: ='Base de données pop.'!C33 -> 118 | AK3: ='Base de données pop.'!C34 -> 1882 | AL3: ='Base de données pop.'!C35 -> 1114 | AM3: ='Base de données pop.'!C36 -> 1217 | AN3: ='Base de données pop.'!C37 -> 117 | AO3: ='Base de données pop.'!C38 -> 1205 | AP3: ='Base de données pop.'!C39 -> 625 | AQ3: ='Base de données pop.'!C40 -> 631 | AR3: ='Base de données pop.'!C41 -> 1275 | AS3: ='Base de données pop.'!C42 -> 718 | AT3: ='Base de données pop.'!C43 -> 1018 | AU3: ='Base de données pop.'!C44 -> 293 | AV3: ='Base de données pop.'!C45 -> 2435 | AW3: ='Base de données pop.'!C46 -> 786 | AX3: ='Base de données pop.'!C47 -> 184 | AY3: ='Base de données pop.'!C48 -> 333 | AZ3: ='Base de données pop.'!C49 -> 1674 | BA3: ='Base de données pop.'!C50 -> 391 | BB3: ='Base de données pop.'!C51 -> 1052 | BC3: ='Base de données pop.'!C52 -> 186 | BD3: ='Base de données pop.'!C53 -> 6441 | BE3: ='Base de données pop.'!C54 -> 546 | BF3: =SUM(E3:BE3) -> 73865 | BG3: =SUM(E3:W3) -> 39309 | BH3: =SUM(X3:AJ3) -> 10433 | BI3: =SUM(AK3:BE3) -> 24123
E4: Boécourt | F4: Bourrignon | G4: Châtillon | H4: Courchapoix | I4: Courrendlin | J4: Courroux | K4: Courtételle | L4: Delémont | M4: Develier | N4: Ederswiler | O4: Haute-Sorne | P4: Mervelier | Q4: Mettembert | R4: Movelier | S4: Pleigne | T4: Rossemaison | U4: Saulcy | V4: Soyhières | W4: Val Terbi | X4: Le Bémont | Y4: Les Bois | Z4: Les Breuleux | AA4: La Chaux-B. | AB4: Les Enfers | AC4: Les Genevez | AD4: Lajoux | AE4: Montfaucon | AF4: Muriaux | AG4: Le Noirmont | AH4: Saignelégier | AI4: Saint-Brais | AJ4: Soubey | AK4: Alle | AL4: La Baroche | AM4: Basse-Allaine | AN4: Beurnevésin | AO4: Boncourt | AP4: Bonfol | AQ4: Bure | AR4: Clos du Doubs | AS4: Coeuve | AT4: Cornol | AU4: Courchavon | AV4: Courgenay | AW4: Courtedoux | AX4: Damphreux | AY4: Fahy | AZ4: Fontenais | BA4: Grandfontaine | BB4: Haute-Ajoie | BC4: Lugnez | BD4: Porrentruy | BE4: Vendlincourt | BF4: Total | BG4: Delémont | BH4: Franches-Montagnes | BI4: Porrentruy
A5: 3 | D5: Charges | E5: =E6+E16+E28+E32+E40+E44+E54+E57+E65 -> 3927.8982 | F5: =F6+F16+F28+F32+F40+F44+F54+F57+F65 -> 4863.095 | G5: =G6+G16+G28+G32+G40+G44+G54+G57+G65 -> 3423.4886 | H5: =H6+H16+H28+H32+H40+H44+H54+H57+H65 -> 4488.7936 | I5: =I6+I16+I28+I32+I40+I44+I54+I57+I65 -> 4479.4437 | J5: =J6+J16+J28+J32+J40+J44+J54+J57+J65 -> 4263.7454 | K5: =K6+K16+K28+K32+K40+K44+K54+K57+K65 -> 4341.7683 | L5: =L6+L16+L28+L32+L40+L44+L54+L57+L65 -> 8619.4625 | ... BI5: =BI6+BI16+BI28+BI32+BI40+BI44+BI54+BI57+BI65 -> 104220.25
B6: 30 | D6: Charges du personnel | E6: =E7+E8+E9+E10+E11+E12+E13+E14 -> 498.48218 | F6: =F7+F8+F9+F10+F11+F12+F13+F14 -> 215.61609 | G6: =G7+G8+G9+G10+G11+G12+G13+G14 -> 276.6431 | H6: =H7+H8+H9+H10+H11+H12+H13+H14 -> 697.81315 | I6: =I7+I8+I9+I10+I11+I12+I13+I14 -> 749.30297 | J6: =J7+J8+J9+J10+J11+J12+J13+J14 -> 907.18429 | K6: =K7+K8+K9+K10+K11+K12+K13+K14 -> 434.6772 | L6: =L7+L8+L9+L10+L11+L12+L13+L14 -> 1968.2079 | ... BI6: =BI7+BI8+BI9+BI10+BI11+BI12+BI13+BI14 -> 14220.359
C7: 300 | D7: Autorités et commissions | E7: ='4.1 Comptes 2022 natures'!E7/'4.1 Comptes 2022 natures'!E3 -> 47.155626 | F7: ='4.1 Comptes 2022 natures'!F7/'4.1 Comptes 2022 natures'!F3 -> 81.909884 | G7: ='4.1 Comptes 2022 natures'!G7/'4.1 Comptes 2022 natures'!G3 -> 56.566242 | H7: ='4.1 Comptes 2022 natures'!H7/'4.1 Comptes 2022 natures'!H3 -> 100.01417 | I7: ='4.1 Comptes 2022 natures'!I7/'4.1 Comptes 2022 natures'!I3 -> 47.87439 | J7: ='4.1 Comptes 2022 natures'!J7/'4.1 Comptes 2022 natures'!J3 -> 43.417235 | K7: ='4.1 Comptes 2022 natures'!K7/'4.1 Comptes 2022 natures'!K3 -> 47.37679 | L7: ='4.1 Comptes 2022 natures'!L7/'4.1 Comptes 2022 natures'!L3 -> 63.859548 | ... BE7: ='4.1 Comptes 2022 natures'!BE7/'4.1 Comptes 2022 natures'!BE3 -> 49.365201 | BF7: =SUM(E7:BE7) -> 3526.9882 | BG7: =SUM(E7:W7) -> 1397.8936 | BH7: =SUM(X7:AJ7) -> 896.51573 | BI7: =SUM(AK7:BE7) -> 1232.5789
C8: 301 | D8: Personnel administratif et d'exploitation | E8: ='4.1 Comptes 2022 natures'!E8/'4.1 Comptes 2022 natures'!E3 -> 375.38002 | F8: ='4.1 Comptes 2022 natures'!F8/'4.1 Comptes 2022 natures'!F3 -> 117.45155 | G8: ='4.1 Comptes 2022 natures'!G8/'4.1 Comptes 2022 natures'!G3 -> 183.45287 | H8: ='4.1 Comptes 2022 natures'!H8/'4.1 Comptes 2022 natures'!H3 -> 493.11723 | I8: ='4.1 Comptes 2022 natures'!I8/'4.1 Comptes 2022 natures'!I3 -> 560.1698 | J8: ='4.1 Comptes 2022 natures'!J8/'4.1 Comptes 2022 natures'!J3 -> 685.91111 | K8: ='4.1 Comptes 2022 natures'!K8/'4.1 Comptes 2022 natures'!K3 -> 306.57592 | L8: ='4.1 Comptes 2022 natures'!L8/'4.1 Comptes 2022 natures'!L3 -> 1561.0468 | ... BE8: ='4.1 Comptes 2022 natures'!BE8/'4.1 Comptes 2022 natures'!BE3 -> 447.4881 | BF8: =SUM(E8:BE8) -> 26741.699 | BG8: =SUM(E8:W8) -> 8760.4633 | BH8: =SUM(X8:AJ8) -> 7352.9793 | BI8: =SUM(AK8:BE8) -> 10628.256
C9: 302 | D9: Enseignants | E9: ='4.1 Comptes 2022 natures'!E9/'4.1 Comptes 2022 natures'!E3 -> 0 | F9: ='4.1 Comptes 2022 natures'!F9/'4.1 Comptes 2022 natures'!F3 -> 0 | G9: ='4.1 Comptes 2022 natures'!G9/'4.1 Comptes 2022 natures'!G3 -> 0 | H9: ='4.1 Comptes 2022 natures'!H9/'4.1 Comptes 2022 natures'!H3 -> 0 | I9: ='4.1 Comptes 2022 natures'!I9/'4.1 Comptes 2022 natures'!I3 -> 0 | J9: ='4.1 Comptes 2022 natures'!J9/'4.1 Comptes 2022 natures'!J3 -> 0 | K9: ='4.1 Comptes 2022 natures'!K9/'4.1 Comptes 2022 natures'!K3 -> 0 | L9: ='4.1 Comptes 2022 natures'!L9/'4.1 Comptes 2022 natures'!L3 -> 0 | ... BE9: ='4.1 Comptes 2022 natures'!BE9/'4.1 Comptes 2022 natures'!BE3 -> 0 | BF9: =SUM(E9:BE9) -> 2.4316509 | BG9: =SUM(E9:W9) -> 0 | BH9: =SUM(X9:AJ9) -> 2.4316509 | BI9: =SUM(AK9:BE9) -> 0
C10: 303 | D10: Personnel temporaire administratif et d'exploitation | E10: ='4.1 Comptes 2022 natures'!E10/'4.1 Comptes 2022 natures'!E3 -> 0 | F10: ='4.1 Comptes 2022 natures'!F10/'4.1 Comptes 2022 natures'!F3 -> 0 | G10: ='4.1 Comptes 2022 natures'!G10/'4.1 Comptes 2022 natures'!G3 -> 0 | H10: ='4.1 Comptes 2022 natures'!H10/'4.1 Comptes 2022 natures'!H3 -> 0 | I10: ='4.1 Comptes 2022 natures'!I10/'4.1 Comptes 2022 natures'!I3 -> 0 | J10: ='4.1 Comptes 2022 natures'!J10/'4.1 Comptes 2022 natures'!J3 -> 0 | K10: ='4.1 Comptes 2022 natures'!K10/'4.1 Comptes 2022 natures'!K3 -> 0 | L10: ='4.1 Comptes 2022 natures'!L10/'4.1 Comptes 2022 natures'!L3 -> 0 | ... BE10: ='4.1 Comptes 2022 natures'!BE10/'4.1 Comptes 2022 natures'!BE3 -> 0 | BF10: =SUM(E10:BE10) -> 6.2960708 | BG10: =SUM(E10:W10) -> 2.7056985 | BH10: =SUM(X10:AJ10) -> 0 | BI10: =SUM(AK10:BE10) -> 3.5903722
C11: 304 | D11: Allocations et indemnités | E11: ='4.1 Comptes 2022 natures'!E11/'4.1 Comptes 2022 natures'!E3 -> 0 | F11: ='4.1 Comptes 2022 natures'!F11/'4.1 Comptes 2022 natures'!F3 -> 0 | G11: ='4.1 Comptes 2022 natures'!G11/'4.1 Comptes 2022 natures'!G3 -> 0 | H11: ='4.1 Comptes 2022 natures'!H11/'4.1 Comptes 2022 natures'!H3 -> 0 | I11: ='4.1 Comptes 2022 natures'!I11/'4.1 Comptes 2022 natures'!I3 -> 0 | J11: ='4.1 Comptes 2022 natures'!J11/'4.1 Comptes 2022 natures'!J3 -> 5.4073649 | K11: ='4.1 Comptes 2022 natures'!K11/'4.1 Comptes 2022 natures'!K3 -> 0 | L11: ='4.1 Comptes 2022 natures'!L11/'4.1 Comptes 2022 natures'!L3 -> 0 | ... BE11: ='4.1 Comptes 2022 natures'!BE11/'4.1 Comptes 2022 natures'!BE3 -> 0 | BF11: =SUM(E11:BE11) -> 7.9010101 | BG11: =SUM(E11:W11) -> 5.4073649 | BH11: =SUM(X11:AJ11) -> 2.4936452 | BI11: =SUM(AK11:BE11) -> 0
C12: 305 | D12: Charges de l'employeur | E12: ='4.1 Comptes 2022 natures'!E12/'4.1 Comptes 2022 natures'!E3 -> 74.992797 | F12: ='4.1 Comptes 2022 natures'!F12/'4.1 Comptes 2022 natures'!F3 -> 14.016085 | G12: ='4.1 Comptes 2022 natures'!G12/'4.1 Comptes 2022 natures'!G3 -> 30.746178 | H12: ='4.1 Comptes 2022 natures'!H12/'4.1 Comptes 2022 natures'!H3 -> 98.608277 | I12: ='4.1 Comptes 2022 natures'!I12/'4.1 Comptes 2022 natures'!I3 -> 131.9729 | J12: ='4.1 Comptes 2022 natures'!J12/'4.1 Comptes 2022 natures'!J3 -> 161.73817 | K12: ='4.1 Comptes 2022 natures'!K12/'4.1 Comptes 2022 natures'!K3 -> 73.572438 | L12: ='4.1 Comptes 2022 natures'!L12/'4.1 Comptes 2022 natures'!L3 -> 320.95837 | ... BE12: ='4.1 Comptes 2022 natures'!BE12/'4.1 Comptes 2022 natures'!BE3 -> 91.270696 | BF12: =SUM(E12:BE12) -> 5258.2505 | BG12: =SUM(E12:W12) -> 1749.5007 | BH12: =SUM(X12:AJ12) -> 1361.4607 | BI12: =SUM(AK12:BE12) -> 2147.2891
C13: 306 | D13: Prestations sociales de l'employeur | E13: ='4.1 Comptes 2022 natures'!E13/'4.1 Comptes 2022 natures'!E3 -> 0 | F13: ='4.1 Comptes 2022 natures'!F13/'4.1 Comptes 2022 natures'!F3 -> 0 | G13: ='4.1 Comptes 2022 natures'!G13/'4.1 Comptes 2022 natures'!G3 -> 0 | H13: ='4.1 Comptes 2022 natures'!H13/'4.1 Comptes 2022 natures'!H3 -> 0 | I13: ='4.1 Comptes 2022 natures'!I13/'4.1 Comptes 2022 natures'!I3 -> 0.82196148 | J13: ='4.1 Comptes 2022 natures'!J13/'4.1 Comptes 2022 natures'!J3 -> 0 | K13: ='4.1 Comptes 2022 natures'!K13/'4.1 Comptes 2022 natures'!K3 -> 0 | L13: ='4.1 Comptes 2022 natures'!L13/'4.1 Comptes 2022 natures'!L3 -> 3.5674501 | ... BE13: ='4.1 Comptes 2022 natures'!BE13/'4.1 Comptes 2022 natures'!BE3 -> 0 | BF13: =SUM(E13:BE13) -> 16.847496 | BG13: =SUM(E13:W13) -> 4.3894116 | BH13: =SUM(X13:AJ13) -> 0.32808399 | BI13: =SUM(AK13:BE13) -> 12.13
C14: 309 | D14: Autres charges du personnel | E14: ='4.1 Comptes 2022 natures'!E14/'4.1 Comptes 2022 natures'!E3 -> 0.95373291 | F14: ='4.1 Comptes 2022 natures'!F14/'4.1 Comptes 2022 natures'!F3 -> 2.2385659 | G14: ='4.1 Comptes 2022 natures'!G14/'4.1 Comptes 2022 natures'!G3 -> 5.8778132 | H14: ='4.1 Comptes 2022 natures'!H14/'4.1 Comptes 2022 natures'!H3 -> 6.0734694 | I14: ='4.1 Comptes 2022 natures'!I14/'4.1 Comptes 2022 natures'!I3 -> 8.4639175 | J14: ='4.1 Comptes 2022 natures'!J14/'4.1 Comptes 2022 natures'!J3 -> 10.710411 | K14: ='4.1 Comptes 2022 natures'!K14/'4.1 Comptes 2022 natures'!K3 -> 7.1520535 | L14: ='4.1 Comptes 2022 natures'!L14/'4.1 Comptes 2022 natures'!L3 -> 18.775697 | ... BE14: ='4.1 Comptes 2022 natures'!BE14/'4.1 Comptes 2022 natures'!BE3 -> 0 | BF14: =SUM(E14:BE14) -> 666.87358 | BG14: =SUM(E14:W14) -> 323.17509 | BH14: =SUM(X14:AJ14) -> 147.18448 | BI14: =SUM(AK14:BE14) -> 196.51401
B16: 31 | D16: Charges de biens et de services et autres charges d'exploitation | E16: =E17+E18+E19+E20+E21+E22+E23+E24+E25+E26 -> 613.97202 | F16: =F17+F18+F19+F20+F21+F22+F23+F24+F25+F26 -> 889.01795 | G16: =G17+G18+G19+G20+G21+G22+G23+G24+G25+G26 -> 602.24028 | H16: =H17+H18+H19+H20+H21+H22+H23+H24+H25+H26 -> 949.14385 | I16: =I17+I18+I19+I20+I21+I22+I23+I24+I25+I26 -> 1077.0088 | J16: =J17+J18+J19+J20+J21+J22+J23+J24+J25+J26 -> 934.24419 | K16: =K17+K18+K19+K20+K21+K22+K23+K24+K25+K26 -> 718.88628 | L16: =L17+L18+L19+L20+L21+L22+L23+L24+L25+L26 -> 2291.0393 | ... BI16: =BI17+BI18+BI19+BI20+BI21+BI22+BI23+BI24+BI25+BI26 -> 20609.21
C17: 310 | D17: Charges de matériel et de marchandises | E17: ='4.1 Comptes 2022 natures'!E17/'4.1 Comptes 2022 natures'!E3 -> 75.2051 | F17: ='4.1 Comptes 2022 natures'!F17/'4.1 Comptes 2022 natures'!F3 -> 49.559884 | G17: ='4.1 Comptes 2022 natures'!G17/'4.1 Comptes 2022 natures'!G3 -> 59.00966 | H17: ='4.1 Comptes 2022 natures'!H17/'4.1 Comptes 2022 natures'!H3 -> 78.922018 | I17: ='4.1 Comptes 2022 natures'!I17/'4.1 Comptes 2022 natures'!I3 -> 94.970974 | J17: ='4.1 Comptes 2022 natures'!J17/'4.1 Comptes 2022 natures'!J3 -> 80.508765 | K17: ='4.1 Comptes 2022 natures'!K17/'4.1 Comptes 2022 natures'!K3 -> 74.952995 | L17: ='4.1 Comptes 2022 natures'!L17/'4.1 Comptes 2022 natures'!L3 -> 174.83951 | ... BE17: ='4.1 Comptes 2022 natures'!BE17/'4.1 Comptes 2022 natures'!BE3 -> 94.742399 | BF17: =SUM(E17:BE17) -> 5913.9456 | BG17: =SUM(E17:W17) -> 1732.9137 | BH17: =SUM(X17:AJ17) -> 2261.7843 | BI17: =SUM(AK17:BE17) -> 1919.2476
C18: 311 | D18: Immobilisation ne pouvant être portées à l'actif | E18: ='4.1 Comptes 2022 natures'!E18/'4.1 Comptes 2022 natures'!E3 -> 24.490641 | F18: ='4.1 Comptes 2022 natures'!F18/'4.1 Comptes 2022 natures'!F3 -> 51.768798 | G18: ='4.1 Comptes 2022 natures'!G18/'4.1 Comptes 2022 natures'!G3 -> 13.662102 | H18: ='4.1 Comptes 2022 natures'!H18/'4.1 Comptes 2022 natures'!H3 -> 22.402608 | I18: ='4.1 Comptes 2022 natures'!I18/'4.1 Comptes 2022 natures'!I3 -> 30.539083 | J18: ='4.1 Comptes 2022 natures'!J18/'4.1 Comptes 2022 natures'!J3 -> 41.140094 | K18: ='4.1 Comptes 2022 natures'!K18/'4.1 Comptes 2022 natures'!K3 -> 12.805162 | L18: ='4.1 Comptes 2022 natures'!L18/'4.1 Comptes 2022 natures'!L3 -> 51.179182 | ... BE18: ='4.1 Comptes 2022 natures'!BE18/'4.1 Comptes 2022 natures'!BE3 -> 41.352289 | BF18: =SUM(E18:BE18) -> 2024.2613 | BG18: =SUM(E18:W18) -> 713.26492 | BH18: =SUM(X18:AJ18) -> 380.49886 | BI18: =SUM(AK18:BE18) -> 930.49755
C19: 312 | D19: Alimentations et éliminations des biens-fonds du PA | E19: ='4.1 Comptes 2022 natures'!E19/'4.1 Comptes 2022 natures'!E3 -> 114.69706 | F19: ='4.1 Comptes 2022 natures'!F19/'4.1 Comptes 2022 natures'!F3 -> 190.66252 | G19: ='4.1 Comptes 2022 natures'!G19/'4.1 Comptes 2022 natures'!G3 -> 38.446072 | H19: ='4.1 Comptes 2022 natures'!H19/'4.1 Comptes 2022 natures'!H3 -> 370.42358 | I19: ='4.1 Comptes 2022 natures'!I19/'4.1 Comptes 2022 natures'!I3 -> 474.03306 | J19: ='4.1 Comptes 2022 natures'!J19/'4.1 Comptes 2022 natures'!J3 -> 455.03516 | K19: ='4.1 Comptes 2022 natures'!K19/'4.1 Comptes 2022 natures'!K3 -> 208.43772 | L19: ='4.1 Comptes 2022 natures'!L19/'4.1 Comptes 2022 natures'!L3 -> 1524.0033 | ... BE19: ='4.1 Comptes 2022 natures'!BE19/'4.1 Comptes 2022 natures'!BE3 -> 80.170238 | BF19: =SUM(E19:BE19) -> 13528.124 | BG19: =SUM(E19:W19) -> 5840.9236 | BH19: =SUM(X19:AJ19) -> 3942.7068 | BI19: =SUM(AK19:BE19) -> 3744.4938
C20: 313 | D20: Prestations de services et honoraires | E20: ='4.1 Comptes 2022 natures'!E20/'4.1 Comptes 2022 natures'!E3 -> 211.57952 | F20: ='4.1 Comptes 2022 natures'!F20/'4.1 Comptes 2022 natures'!F3 -> 360.805 | G20: ='4.1 Comptes 2022 natures'!G20/'4.1 Comptes 2022 natures'!G3 -> 293.13488 | H20: ='4.1 Comptes 2022 natures'!H20/'4.1 Comptes 2022 natures'!H3 -> 121.98193 | I20: ='4.1 Comptes 2022 natures'!I20/'4.1 Comptes 2022 natures'!I3 -> 213.07884 | J20: ='4.1 Comptes 2022 natures'!J20/'4.1 Comptes 2022 natures'!J3 -> 184.90647 | K20: ='4.1 Comptes 2022 natures'!K20/'4.1 Comptes 2022 natures'!K3 -> 162.33287 | L20: ='4.1 Comptes 2022 natures'!L20/'4.1 Comptes 2022 natures'!L3 -> 263.65675 | ... BE20: ='4.1 Comptes 2022 natures'!BE20/'4.1 Comptes 2022 natures'!BE3 -> 263.81194 | BF20: =SUM(E20:BE20) -> 18160.527 | BG20: =SUM(E20:W20) -> 4700.4456 | BH20: =SUM(X20:AJ20) -> 7271.7881 | BI20: =SUM(AK20:BE20) -> 6188.2934
C21: 314 | D21: Gros entretien et entretien courant du PA | E21: ='4.1 Comptes 2022 natures'!E21/'4.1 Comptes 2022 natures'!E3 -> 123.68807 | F21: ='4.1 Comptes 2022 natures'!F21/'4.1 Comptes 2022 natures'!F3 -> 143.59217 | G21: ='4.1 Comptes 2022 natures'!G21/'4.1 Comptes 2022 natures'!G3 -> 94.810191 | H21: ='4.1 Comptes 2022 natures'!H21/'4.1 Comptes 2022 natures'!H3 -> 83.22381 | I21: ='4.1 Comptes 2022 natures'!I21/'4.1 Comptes 2022 natures'!I3 -> 112.20018 | J21: ='4.1 Comptes 2022 natures'!J21/'4.1 Comptes 2022 natures'!J3 -> 80.461684 | K21: ='4.1 Comptes 2022 natures'!K21/'4.1 Comptes 2022 natures'!K3 -> 162.34094 | L21: ='4.1 Comptes 2022 natures'!L21/'4.1 Comptes 2022 natures'!L3 -> 83.76259 | ... BE21: ='4.1 Comptes 2022 natures'!BE21/'4.1 Comptes 2022 natures'!BE3 -> 338.37665 | BF21: =SUM(E21:BE21) -> 9796.9295 | BG21: =SUM(E21:W21) -> 2566.8056 | BH21: =SUM(X21:AJ21) -> 3208.9645 | BI21: =SUM(AK21:BE21) -> 4021.1595
C22: 315 | D22: Entretien des biens mobiliers et des immobilisations corporelles du PA | E22: ='4.1 Comptes 2022 natures'!E22/'4.1 Comptes 2022 natures'!E3 -> 52.687066 | F22: ='4.1 Comptes 2022 natures'!F22/'4.1 Comptes 2022 natures'!F3 -> 51.96686 | G22: ='4.1 Comptes 2022 natures'!G22/'4.1 Comptes 2022 natures'!G3 -> 7.2476645 | H22: ='4.1 Comptes 2022 natures'!H22/'4.1 Comptes 2022 natures'!H3 -> 62.869841 | I22: ='4.1 Comptes 2022 natures'!I22/'4.1 Comptes 2022 natures'!I3 -> 47.513755 | J22: ='4.1 Comptes 2022 natures'!J22/'4.1 Comptes 2022 natures'!J3 -> 9.1354362 | K22: ='4.1 Comptes 2022 natures'!K22/'4.1 Comptes 2022 natures'!K3 -> 27.553937 | L22: ='4.1 Comptes 2022 natures'!L22/'4.1 Comptes 2022 natures'!L3 -> 71.462084 | ... BE22: ='4.1 Comptes 2022 natures'!BE22/'4.1 Comptes 2022 natures'!BE3 -> 92.598718 | BF22: =SUM(E22:BE22) -> 2734.6347 | BG22: =SUM(E22:W22) -> 890.28866 | BH22: =SUM(X22:AJ22) -> 868.06352 | BI22: =SUM(AK22:BE22) -> 976.28248
C23: 316 | D23: Loyers - crédits-bails (leasing) - baux à fermes - taxes d'utilisation | E23: ='4.1 Comptes 2022 natures'!E23/'4.1 Comptes 2022 natures'!E3 -> 4.0769716 | F23: ='4.1 Comptes 2022 natures'!F23/'4.1 Comptes 2022 natures'!F3 -> 10.671318 | G23: ='4.1 Comptes 2022 natures'!G23/'4.1 Comptes 2022 natures'!G3 -> 1.5091295 | H23: ='4.1 Comptes 2022 natures'!H23/'4.1 Comptes 2022 natures'!H3 -> 145.50034 | I23: ='4.1 Comptes 2022 natures'!I23/'4.1 Comptes 2022 natures'!I3 -> 20.938999 | J23: ='4.1 Comptes 2022 natures'!J23/'4.1 Comptes 2022 natures'!J3 -> 11.093616 | K23: ='4.1 Comptes 2022 natures'!K23/'4.1 Comptes 2022 natures'!K3 -> 13.76006 | L23: ='4.1 Comptes 2022 natures'!L23/'4.1 Comptes 2022 natures'!L3 -> 62.183646 | ... BE23: ='4.1 Comptes 2022 natures'!BE23/'4.1 Comptes 2022 natures'!BE3 -> 1.0989011 | BF23: =SUM(E23:BE23) -> 1085.8063 | BG23: =SUM(E23:W23) -> 371.45982 | BH23: =SUM(X23:AJ23) -> 331.01314 | BI23: =SUM(AK23:BE23) -> 383.33338
C24: 317 | D24: Indemnités et dédommagements | E24: ='4.1 Comptes 2022 natures'!E24/'4.1 Comptes 2022 natures'!E3 -> 23.758307 | F24: ='4.1 Comptes 2022 natures'!F24/'4.1 Comptes 2022 natures'!F3 -> 9.6647287 | G24: ='4.1 Comptes 2022 natures'!G24/'4.1 Comptes 2022 natures'!G3 -> 2.1602972 | H24: ='4.1 Comptes 2022 natures'!H24/'4.1 Comptes 2022 natures'!H3 -> 12.897166 | I24: ='4.1 Comptes 2022 natures'!I24/'4.1 Comptes 2022 natures'!I3 -> 21.65392 | J24: ='4.1 Comptes 2022 natures'!J24/'4.1 Comptes 2022 natures'!J3 -> 13.793707 | K24: ='4.1 Comptes 2022 natures'!K24/'4.1 Comptes 2022 natures'!K3 -> 9.3377167 | L24: ='4.1 Comptes 2022 natures'!L24/'4.1 Comptes 2022 natures'!L3 -> 6.657815 | ... BE24: ='4.1 Comptes 2022 natures'!BE24/'4.1 Comptes 2022 natures'!BE3 -> 12.418407 | BF24: =SUM(E24:BE24) -> 711.86842 | BG24: =SUM(E24:W24) -> 282.1535 | BH24: =SUM(X24:AJ24) -> 166.24473 | BI24: =SUM(AK24:BE24) -> 263.4702
C25: 318 | D25: Réévaluations de créances | E25: ='4.1 Comptes 2022 natures'!E25/'4.1 Comptes 2022 natures'!E3 -> -26.709653 | F25: ='4.1 Comptes 2022 natures'!F25/'4.1 Comptes 2022 natures'!F3 -> 18.776279 | G25: ='4.1 Comptes 2022 natures'!G25/'4.1 Comptes 2022 natures'!G3 -> 69.206454 | H25: ='4.1 Comptes 2022 natures'!H25/'4.1 Comptes 2022 natures'!H3 -> 35.421542 | I25: ='4.1 Comptes 2022 natures'!I25/'4.1 Comptes 2022 natures'!I3 -> 50.924913 | J25: ='4.1 Comptes 2022 natures'!J25/'4.1 Comptes 2022 natures'!J3 -> 48.921002 | K25: ='4.1 Comptes 2022 natures'!K25/'4.1 Comptes 2022 natures'!K3 -> 36.464751 | L25: ='4.1 Comptes 2022 natures'!L25/'4.1 Comptes 2022 natures'!L3 -> 43.104027 | ... BE25: ='4.1 Comptes 2022 natures'!BE25/'4.1 Comptes 2022 natures'!BE3 -> 94.841777 | BF25: =SUM(E25:BE25) -> 2943.6522 | BG25: =SUM(E25:W25) -> 622.96955 | BH25: =SUM(X25:AJ25) -> 372.68356 | BI25: =SUM(AK25:BE25) -> 1947.999
C26: 319 | D26: Divers charges d'exploitation | E26: ='4.1 Comptes 2022 natures'!E26/'4.1 Comptes 2022 natures'!E3 -> 10.498948 | F26: ='4.1 Comptes 2022 natures'!F26/'4.1 Comptes 2022 natures'!F3 -> 1.5503876 | G26: ='4.1 Comptes 2022 natures'!G26/'4.1 Comptes 2022 natures'!G3 -> 23.053822 | H26: ='4.1 Comptes 2022 natures'!H26/'4.1 Comptes 2022 natures'!H3 -> 15.50102 | I26: ='4.1 Comptes 2022 natures'!I26/'4.1 Comptes 2022 natures'!I3 -> 11.155079 | J26: ='4.1 Comptes 2022 natures'!J26/'4.1 Comptes 2022 natures'!J3 -> 9.2482523 | K26: ='4.1 Comptes 2022 natures'!K26/'4.1 Comptes 2022 natures'!K3 -> 10.900136 | L26: ='4.1 Comptes 2022 natures'!L26/'4.1 Comptes 2022 natures'!L3 -> 10.190385 | ... BE26: ='4.1 Comptes 2022 natures'!BE26/'4.1 Comptes 2022 natures'!BE3 -> 8.71163 | BF26: =SUM(E26:BE26) -> 674.43863 | BG26: =SUM(E26:W26) -> 297.66078 | BH26: =SUM(X26:AJ26) -> 142.34497 | BI26: =SUM(AK26:BE26) -> 234.43288
B28: 33 | D28: Amortissements du patrimoine administratif | E28: =E29+E30 -> 287.52804 | F28: =F29+F30 -> 321.83721 | G28: =G29+G30 -> 166.69883 | H28: =H29+H30 -> 211.27052 | I28: =I29+I30 -> 232.95879 | J28: =J29+J30 -> 328.73095 | K28: =K29+K30 -> 238.32605 | L28: =L29+L30 -> 472.27325 | ... BI28: =BI29+BI30 -> 6714.4498
C29: 330 | D29: Amortissements des immobilisations corporelles du PA | E29: ='4.1 Comptes 2022 natures'!E29/'4.1 Comptes 2022 natures'!E3 -> 287.52804 | F29: ='4.1 Comptes 2022 natures'!F29/'4.1 Comptes 2022 natures'!F3 -> 274.24031 | G29: ='4.1 Comptes 2022 natures'!G29/'4.1 Comptes 2022 natures'!G3 -> 162.99076 | H29: ='4.1 Comptes 2022 natures'!H29/'4.1 Comptes 2022 natures'!H3 -> 211.27052 | I29: ='4.1 Comptes 2022 natures'!I29/'4.1 Comptes 2022 natures'!I3 -> 232.95879 | J29: ='4.1 Comptes 2022 natures'!J29/'4.1 Comptes 2022 natures'!J3 -> 322.51408 | K29: ='4.1 Comptes 2022 natures'!K29/'4.1 Comptes 2022 natures'!K3 -> 237.57711 | L29: ='4.1 Comptes 2022 natures'!L29/'4.1 Comptes 2022 natures'!L3 -> 463.00976 | ... BE29: ='4.1 Comptes 2022 natures'!BE29/'4.1 Comptes 2022 natures'!BE3 -> 169.13919 | BF29: =SUM(E29:BE29) -> 17859.305 | BG29: =SUM(E29:W29) -> 5122.0825 | BH29: =SUM(X29:AJ29) -> 6158.6408 | BI29: =SUM(AK29:BE29) -> 6578.5819
C30: 332 | D30: Amortissements des immobilisations incorporelles du PA | E30: ='4.1 Comptes 2022 natures'!E30/'4.1 Comptes 2022 natures'!E3 -> 0 | F30: ='4.1 Comptes 2022 natures'!F30/'4.1 Comptes 2022 natures'!F3 -> 47.596899 | G30: ='4.1 Comptes 2022 natures'!G30/'4.1 Comptes 2022 natures'!G3 -> 3.7080679 | H30: ='4.1 Comptes 2022 natures'!H30/'4.1 Comptes 2022 natures'!H3 -> 0 | I30: ='4.1 Comptes 2022 natures'!I30/'4.1 Comptes 2022 natures'!I3 -> 0 | J30: ='4.1 Comptes 2022 natures'!J30/'4.1 Comptes 2022 natures'!J3 -> 6.2168699 | K30: ='4.1 Comptes 2022 natures'!K30/'4.1 Comptes 2022 natures'!K3 -> 0.74894499 | L30: ='4.1 Comptes 2022 natures'!L30/'4.1 Comptes 2022 natures'!L3 -> 9.2634829 | ... BE30: ='4.1 Comptes 2022 natures'!BE30/'4.1 Comptes 2022 natures'!BE3 -> 0 | BF30: =SUM(E30:BE30) -> 306.44735 | BG30: =SUM(E30:W30) -> 143.03241 | BH30: =SUM(X30:AJ30) -> 27.547069 | BI30: =SUM(AK30:BE30) -> 135.86787
B32: 34 | D32: Charges financières | E32: =E33+E34+E35+E36+E37+E38 -> 57.20858 | F32: =F33+F34+F35+F36+F37+F38 -> 483.07981 | G32: =G33+G34+G35+G36+G37+G38 -> 158.52822 | H32: =H33+H34+H35+H36+H37+H38 -> 182.93027 | I32: =I33+I34+I35+I36+I37+I38 -> 124.23381 | J32: =J33+J34+J35+J36+J37+J38 -> 63.358352 | K32: =K33+K34+K35+K36+K37+K38 -> 61.685592 | L32: =L33+L34+L35+L36+L37+L38 -> 170.73624 | ... BI32: =BI33+BI34+BI35+BI36+BI37+BI38 -> 2360.9735
C33: 340 | D33: Charges d'intérets | E33: ='4.1 Comptes 2022 natures'!E33/'4.1 Comptes 2022 natures'!E3 -> 57.20858 | F33: ='4.1 Comptes 2022 natures'!F33/'4.1 Comptes 2022 natures'!F3 -> 109.03934 | G33: ='4.1 Comptes 2022 natures'!G33/'4.1 Comptes 2022 natures'!G3 -> 114.6952 | H33: ='4.1 Comptes 2022 natures'!H33/'4.1 Comptes 2022 natures'!H3 -> 129.47585 | I33: ='4.1 Comptes 2022 natures'!I33/'4.1 Comptes 2022 natures'!I3 -> 80.143489 | J33: ='4.1 Comptes 2022 natures'!J33/'4.1 Comptes 2022 natures'!J3 -> 58.510598 | K33: ='4.1 Comptes 2022 natures'!K33/'4.1 Comptes 2022 natures'!K3 -> 38.712754 | L33: ='4.1 Comptes 2022 natures'!L33/'4.1 Comptes 2022 natures'!L3 -> 143.22637 | ... BE33: ='4.1 Comptes 2022 natures'!BE33/'4.1 Comptes 2022 natures'!BE3 -> 67.566429 | BF33: =SUM(E33:BE33) -> 4009.4466 | BG33: =SUM(E33:W33) -> 1530.4687 | BH33: =SUM(X33:AJ33) -> 698.37913 | BI33: =SUM(AK33:BE33) -> 1780.5988
C34: 341 | D34: Pertes sur les placements financiers et les immobilisations du PF | E34: ='4.1 Comptes 2022 natures'!E34/'4.1 Comptes 2022 natures'!E3 -> 0 | F34: ='4.1 Comptes 2022 natures'!F34/'4.1 Comptes 2022 natures'!F3 -> 0 | G34: ='4.1 Comptes 2022 natures'!G34/'4.1 Comptes 2022 natures'!G3 -> 0 | H34: ='4.1 Comptes 2022 natures'!H34/'4.1 Comptes 2022 natures'!H3 -> 0 | I34: ='4.1 Comptes 2022 natures'!I34/'4.1 Comptes 2022 natures'!I3 -> 0 | J34: ='4.1 Comptes 2022 natures'!J34/'4.1 Comptes 2022 natures'!J3 -> 0 | K34: ='4.1 Comptes 2022 natures'!K34/'4.1 Comptes 2022 natures'!K3 -> 0 | L34: ='4.1 Comptes 2022 natures'!L34/'4.1 Comptes 2022 natures'!L3 -> 0 | ... BE34: ='4.1 Comptes 2022 natures'!BE34/'4.1 Comptes 2022 natures'!BE3 -> 0 | BF34: =SUM(E34:BE34) -> 274.03151 | BG34: =SUM(E34:W34) -> 256.848 | BH34: =SUM(X34:AJ34) -> 9.6465957 | BI34: =SUM(AK34:BE34) -> 7.5369192
C35: 342 | D35: Frais d'acquisitions des capitaux et frais administratifs | E35: ='4.1 Comptes 2022 natures'!E35/'4.1 Comptes 2022 natures'!E3 -> 0 | F35: ='4.1 Comptes 2022 natures'!F35/'4.1 Comptes 2022 natures'!F3 -> 0 | G35: ='4.1 Comptes 2022 natures'!G35/'4.1 Comptes 2022 natures'!G3 -> 0 | H35: ='4.1 Comptes 2022 natures'!H35/'4.1 Comptes 2022 natures'!H3 -> 0 | I35: ='4.1 Comptes 2022 natures'!I35/'4.1 Comptes 2022 natures'!I3 -> 0 | J35: ='4.1 Comptes 2022 natures'!J35/'4.1 Comptes 2022 natures'!J3 -> 0 | K35: ='4.1 Comptes 2022 natures'!K35/'4.1 Comptes 2022 natures'!K3 -> 0 | L35: ='4.1 Comptes 2022 natures'!L35/'4.1 Comptes 2022 natures'!L3 -> 0 | ... BE35: ='4.1 Comptes 2022 natures'!BE35/'4.1 Comptes 2022 natures'!BE3 -> 0 | BF35: =SUM(E35:BE35) -> 0.88195402 | BG35: =SUM(E35:W35) -> 0.004761035 | BH35: =SUM(X35:AJ35) -> 0.87719298 | BI35: =SUM(AK35:BE35) -> 0
C36: 343 | D36: Charges pour les biens-fonds du PF | E36: ='4.1 Comptes 2022 natures'!E36/'4.1 Comptes 2022 natures'!E3 -> 0 | F36: ='4.1 Comptes 2022 natures'!F36/'4.1 Comptes 2022 natures'!F3 -> 35.587558 | G36: ='4.1 Comptes 2022 natures'!G36/'4.1 Comptes 2022 natures'!G3 -> 43.833015 | H36: ='4.1 Comptes 2022 natures'!H36/'4.1 Comptes 2022 natures'!H3 -> 53.454422 | I36: ='4.1 Comptes 2022 natures'!I36/'4.1 Comptes 2022 natures'!I3 -> 44.090323 | J36: ='4.1 Comptes 2022 natures'!J36/'4.1 Comptes 2022 natures'!J3 -> 4.8477543 | K36: ='4.1 Comptes 2022 natures'!K36/'4.1 Comptes 2022 natures'!K3 -> 22.674932 | L36: ='4.1 Comptes 2022 natures'!L36/'4.1 Comptes 2022 natures'!L3 -> 27.509865 | ... BE36: ='4.1 Comptes 2022 natures'!BE36/'4.1 Comptes 2022 natures'!BE3 -> 34.705495 | BF36: =SUM(E36:BE36) -> 1414.7118 | BG36: =SUM(E36:W36) -> 386.0863 | BH36: =SUM(X36:AJ36) -> 503.46967 | BI36: =SUM(AK36:BE36) -> 525.15586
C37: 344 | D37: Réévaluations des immobilisations du PF | E37: ='4.1 Comptes 2022 natures'!E37/'4.1 Comptes 2022 natures'!E3 -> 0 | F37: ='4.1 Comptes 2022 natures'!F37/'4.1 Comptes 2022 natures'!F3 -> 338.44961 | G37: ='4.1 Comptes 2022 natures'!G37/'4.1 Comptes 2022 natures'!G3 -> 0 | H37: ='4.1 Comptes 2022 natures'!H37/'4.1 Comptes 2022 natures'!H3 -> 0 | I37: ='4.1 Comptes 2022 natures'!I37/'4.1 Comptes 2022 natures'!I3 -> 0 | J37: ='4.1 Comptes 2022 natures'!J37/'4.1 Comptes 2022 natures'!J3 -> 0 | K37: ='4.1 Comptes 2022 natures'!K37/'4.1 Comptes 2022 natures'!K3 -> 0.29790505 | L37: ='4.1 Comptes 2022 natures'!L37/'4.1 Comptes 2022 natures'!L3 -> 0 | ... BE37: ='4.1 Comptes 2022 natures'!BE37/'4.1 Comptes 2022 natures'!BE3 -> 0 | BF37: =SUM(E37:BE37) -> 382.80053 | BG37: =SUM(E37:W37) -> 340.00297 | BH37: =SUM(X37:AJ37) -> 26.29661 | BI37: =SUM(AK37:BE37) -> 16.500946
C38: 349 | D38: Autres charges financières | E38: ='4.1 Comptes 2022 natures'!E38/'4.1 Comptes 2022 natures'!E3 -> 0 | F38: ='4.1 Comptes 2022 natures'!F38/'4.1 Comptes 2022 natures'!F3 -> 0.0032945736 | G38: ='4.1 Comptes 2022 natures'!G38/'4.1 Comptes 2022 natures'!G3 -> 0 | H38: ='4.1 Comptes 2022 natures'!H38/'4.1 Comptes 2022 natures'!H3 -> 0 | I38: ='4.1 Comptes 2022 natures'!I38/'4.1 Comptes 2022 natures'!I3 -> 0 | J38: ='4.1 Comptes 2022 natures'!J38/'4.1 Comptes 2022 natures'!J3 -> 0 | K38: ='4.1 Comptes 2022 natures'!K38/'4.1 Comptes 2022 natures'!K3 -> 0 | L38: ='4.1 Comptes 2022 natures'!L38/'4.1 Comptes 2022 natures'!L3 -> 0 | ... BE38: ='4.1 Comptes 2022 natures'!BE38/'4.1 Comptes 2022 natures'!BE3 -> 4.4930403 | BF38: =SUM(E38:BE38) -> 67.009078 | BG38: =SUM(E38:W38) -> -0.012017328 | BH38: =SUM(X38:AJ38) -> 35.840069 | BI38: =SUM(AK38:BE38) -> 31.181026
B40: 35 | D40: Attributions aux financements spéciaux des capitaux de tiers | E40: =E41+E42 -> 14.37429 | F40: =F41+F42 -> 86.919845 | G40: =G41+G42 -> 11.309023 | H40: =H41+H42 -> 0 | I40: =I41+I42 -> 77.894343 | J40: =J41+J42 -> 2.487383 | K40: =K41+K42 -> 11.255991 | L40: =L41+L42 -> 0 | ... BI40: =BI41+BI42 -> 865.10662
C41: 350 | D41: Attributions aux financements spéciaux des capitaux de tiers | E41: ='4.1 Comptes 2022 natures'!E41/'4.1 Comptes 2022 natures'!E3 -> 0 | F41: ='4.1 Comptes 2022 natures'!F41/'4.1 Comptes 2022 natures'!F3 -> 0 | G41: ='4.1 Comptes 2022 natures'!G41/'4.1 Comptes 2022 natures'!G3 -> 0 | H41: ='4.1 Comptes 2022 natures'!H41/'4.1 Comptes 2022 natures'!H3 -> 0 | I41: ='4.1 Comptes 2022 natures'!I41/'4.1 Comptes 2022 natures'!I3 -> 3.4779029 | J41: ='4.1 Comptes 2022 natures'!J41/'4.1 Comptes 2022 natures'!J3 -> 0 | K41: ='4.1 Comptes 2022 natures'!K41/'4.1 Comptes 2022 natures'!K3 -> 0 | L41: ='4.1 Comptes 2022 natures'!L41/'4.1 Comptes 2022 natures'!L3 -> 0 | ... BE41: ='4.1 Comptes 2022 natures'!BE41/'4.1 Comptes 2022 natures'!BE3 -> 0 | BF41: =SUM(E41:BE41) -> 199.56692 | BG41: =SUM(E41:W41) -> 173.12076 | BH41: =SUM(X41:AJ41) -> 0.46162281 | BI41: =SUM(AK41:BE41) -> 25.984538
C42: 351 | D42: Attributions aux financements spéciaux du capital propres | E42: ='4.1 Comptes 2022 natures'!E42/'4.1 Comptes 2022 natures'!E3 -> 14.37429 | F42: ='4.1 Comptes 2022 natures'!F42/'4.1 Comptes 2022 natures'!F3 -> 86.919845 | G42: ='4.1 Comptes 2022 natures'!G42/'4.1 Comptes 2022 natures'!G3 -> 11.309023 | H42: ='4.1 Comptes 2022 natures'!H42/'4.1 Comptes 2022 natures'!H3 -> 0 | I42: ='4.1 Comptes 2022 natures'!I42/'4.1 Comptes 2022 natures'!I3 -> 74.416441 | J42: ='4.1 Comptes 2022 natures'!J42/'4.1 Comptes 2022 natures'!J3 -> 2.487383 | K42: ='4.1 Comptes 2022 natures'!K42/'4.1 Comptes 2022 natures'!K3 -> 11.255991 | L42: ='4.1 Comptes 2022 natures'!L42/'4.1 Comptes 2022 natures'!L3 -> 0 | ... BE42: ='4.1 Comptes 2022 natures'!BE42/'4.1 Comptes 2022 natures'!BE3 -> 19.262436 | BF42: =SUM(E42:BE42) -> 1761.4768 | BG42: =SUM(E42:W42) -> 406.79982 | BH42: =SUM(X42:AJ42) -> 515.55486 | BI42: =SUM(AK42:BE42) -> 839.12208
B44: 36 | D44: Charges de transferts | E44: =E45+E46+E47+E48+E49+E50+E51+E52 -> 2456.3331 | F44: =F45+F46+F47+F48+F49+F50+F51+F52 -> 2773.6192 | G44: =G45+G46+G47+G48+G49+G50+G51+G52 -> 2184.7991 | H44: =H45+H46+H47+H48+H49+H50+H51+H52 -> 2355.129 | I44: =I45+I46+I47+I48+I49+I50+I51+I52 -> 2052.2772 | J44: =J45+J46+J47+J48+J49+J50+J51+J52 -> 2005.7632 | K44: =K45+K46+K47+K48+K49+K50+K51+K52 -> 2561.9563 | L44: =L45+L46+L47+L48+L49+L50+L51+L52 -> 3363.2774 | ... BI44: =BI45+BI46+BI47+BI48+BI49+BI50+BI51+BI52 -> 56032.86
C45: 360 | D45: Parts de revenus destinés à des collectivités publiques | E45: ='4.1 Comptes 2022 natures'!E45/'4.1 Comptes 2022 natures'!E3 -> 6.1233964 | F45: ='4.1 Comptes 2022 natures'!F45/'4.1 Comptes 2022 natures'!F3 -> 5.9689922 | G45: ='4.1 Comptes 2022 natures'!G45/'4.1 Comptes 2022 natures'!G3 -> 3.1422505 | H45: ='4.1 Comptes 2022 natures'!H45/'4.1 Comptes 2022 natures'!H3 -> 2.3129252 | I45: ='4.1 Comptes 2022 natures'!I45/'4.1 Comptes 2022 natures'!I3 -> 4.8924986 | J45: ='4.1 Comptes 2022 natures'!J45/'4.1 Comptes 2022 natures'!J3 -> 36.390085 | K45: ='4.1 Comptes 2022 natures'!K45/'4.1 Comptes 2022 natures'!K3 -> 1.6654107 | L45: ='4.1 Comptes 2022 natures'!L45/'4.1 Comptes 2022 natures'!L3 -> 2.3049818 | ... BE45: ='4.1 Comptes 2022 natures'!BE45/'4.1 Comptes 2022 natures'!BE3 -> 4.1025641 | BF45: =SUM(E45:BE45) -> 320.78881 | BG45: =SUM(E45:W45) -> 112.76819 | BH45: =SUM(X45:AJ45) -> 136.52885 | BI45: =SUM(AK45:BE45) -> 71.49177
C46: 361 | D46: Dédommagements aux collectivités publiques | E46: ='4.1 Comptes 2022 natures'!E46/'4.1 Comptes 2022 natures'!E3 -> 1819.1413 | F46: ='4.1 Comptes 2022 natures'!F46/'4.1 Comptes 2022 natures'!F3 -> 1846.7421 | G46: ='4.1 Comptes 2022 natures'!G46/'4.1 Comptes 2022 natures'!G3 -> 1776.7663 | H46: ='4.1 Comptes 2022 natures'!H46/'4.1 Comptes 2022 natures'!H3 -> 1686.273 | I46: ='4.1 Comptes 2022 natures'!I46/'4.1 Comptes 2022 natures'!I3 -> 1281.6869 | J46: ='4.1 Comptes 2022 natures'!J46/'4.1 Comptes 2022 natures'!J3 -> 1300.3525 | K46: ='4.1 Comptes 2022 natures'!K46/'4.1 Comptes 2022 natures'!K3 -> 1821.7014 | L46: ='4.1 Comptes 2022 natures'!L46/'4.1 Comptes 2022 natures'!L3 -> 1463.8859 | ... BE46: ='4.1 Comptes 2022 natures'!BE46/'4.1 Comptes 2022 natures'!BE3 -> 1961.7918 | BF46: =SUM(E46:BE46) -> 91260.019 | BG46: =SUM(E46:W46) -> 31129.418 | BH46: =SUM(X46:AJ46) -> 22063.712 | BI46: =SUM(AK46:BE46) -> 38066.889
C47: 362 | D47: Péréquation financière et compensation de charges | E47: ='4.1 Comptes 2022 natures'!E47/'4.1 Comptes 2022 natures'!E3 -> 40.520505 | F47: ='4.1 Comptes 2022 natures'!F47/'4.1 Comptes 2022 natures'!F3 -> 24.802326 | G47: ='4.1 Comptes 2022 natures'!G47/'4.1 Comptes 2022 natures'!G3 -> 0 | H47: ='4.1 Comptes 2022 natures'!H47/'4.1 Comptes 2022 natures'!H3 -> 0 | I47: ='4.1 Comptes 2022 natures'!I47/'4.1 Comptes 2022 natures'!I3 -> 39.107434 | J47: ='4.1 Comptes 2022 natures'!J47/'4.1 Comptes 2022 natures'!J3 -> 39.949894 | K47: ='4.1 Comptes 2022 natures'!K47/'4.1 Comptes 2022 natures'!K3 -> 80.235494 | L47: ='4.1 Comptes 2022 natures'!L47/'4.1 Comptes 2022 natures'!L3 -> 33.776551 | ... BE47: ='4.1 Comptes 2022 natures'!BE47/'4.1 Comptes 2022 natures'!BE3 -> 0 | BF47: =SUM(E47:BE47) -> 5869.4324 | BG47: =SUM(E47:W47) -> 461.72391 | BH47: =SUM(X47:AJ47) -> 2735.4238 | BI47: =SUM(AK47:BE47) -> 2672.2847
C48: 363 | D48: Subventions à des collectivités publiques et des tiers | E48: ='4.1 Comptes 2022 natures'!E48/'4.1 Comptes 2022 natures'!E3 -> 582.23528 | F48: ='4.1 Comptes 2022 natures'!F48/'4.1 Comptes 2022 natures'!F3 -> 888.98953 | G48: ='4.1 Comptes 2022 natures'!G48/'4.1 Comptes 2022 natures'!G3 -> 404.89055 | H48: ='4.1 Comptes 2022 natures'!H48/'4.1 Comptes 2022 natures'!H3 -> 576.75488 | I48: ='4.1 Comptes 2022 natures'!I48/'4.1 Comptes 2022 natures'!I3 -> 726.11784 | J48: ='4.1 Comptes 2022 natures'!J48/'4.1 Comptes 2022 natures'!J3 -> 629.07076 | K48: ='4.1 Comptes 2022 natures'!K48/'4.1 Comptes 2022 natures'!K3 -> 603.84101 | L48: ='4.1 Comptes 2022 natures'!L48/'4.1 Comptes 2022 natures'!L3 -> 1497.3936 | ... BE48: ='4.1 Comptes 2022 natures'!BE48/'4.1 Comptes 2022 natures'!BE3 -> 730.27253 | BF48: =SUM(E48:BE48) -> 36458.63 | BG48: =SUM(E48:W48) -> 12362.801 | BH48: =SUM(X48:AJ48) -> 8952.4502 | BI48: =SUM(AK48:BE48) -> 15143.379
C49: 364 | D49: Réévaluations des prets du PA | E49: ='4.1 Comptes 2022 natures'!E49/'4.1 Comptes 2022 natures'!E3 -> 0 | F49: ='4.1 Comptes 2022 natures'!F49/'4.1 Comptes 2022 natures'!F3 -> 0 | G49: ='4.1 Comptes 2022 natures'!G49/'4.1 Comptes 2022 natures'!G3 -> 0 | H49: ='4.1 Comptes 2022 natures'!H49/'4.1 Comptes 2022 natures'!H3 -> 0 | I49: ='4.1 Comptes 2022 natures'!I49/'4.1 Comptes 2022 natures'!I3 -> 0 | J49: ='4.1 Comptes 2022 natures'!J49/'4.1 Comptes 2022 natures'!J3 -> 0 | K49: ='4.1 Comptes 2022 natures'!K49/'4.1 Comptes 2022 natures'!K3 -> 0 | L49: ='4.1 Comptes 2022 natures'!L49/'4.1 Comptes 2022 natures'!L3 -> 0 | ... BE49: ='4.1 Comptes 2022 natures'!BE49/'4.1 Comptes 2022 natures'!BE3 -> 0 | BF49: =SUM(E49:BE49) -> 0 | BG49: =SUM(E49:W49) -> 0 | BH49: =SUM(X49:AJ49) -> 0 | BI49: =SUM(AK49:BE49) -> 0
C50: 365 | D50: Réévaluations des participations du PA | E50: ='4.1 Comptes 2022 natures'!E50/'4.1 Comptes 2022 natures'!E3 -> 0 | F50: ='4.1 Comptes 2022 natures'!F50/'4.1 Comptes 2022 natures'!F3 -> 0 | G50: ='4.1 Comptes 2022 natures'!G50/'4.1 Comptes 2022 natures'!G3 -> 0 | H50: ='4.1 Comptes 2022 natures'!H50/'4.1 Comptes 2022 natures'!H3 -> 0 | I50: ='4.1 Comptes 2022 natures'!I50/'4.1 Comptes 2022 natures'!I3 -> 0 | J50: ='4.1 Comptes 2022 natures'!J50/'4.1 Comptes 2022 natures'!J3 -> 0 | K50: ='4.1 Comptes 2022 natures'!K50/'4.1 Comptes 2022 natures'!K3 -> 0 | L50: ='4.1 Comptes 2022 natures'!L50/'4.1 Comptes 2022 natures'!L3 -> 0 | ... BE50: ='4.1 Comptes 2022 natures'!BE50/'4.1 Comptes 2022 natures'!BE3 -> 0 | BF50: =SUM(E50:BE50) -> 37.76583 | BG50: =SUM(E50:W50) -> 30 | BH50: =SUM(X50:AJ50) -> 0 | BI50: =SUM(AK50:BE50) -> 7.7658303
C51: 366 | D51: Amortissements des subventions des investissements | E51: ='4.1 Comptes 2022 natures'!E51/'4.1 Comptes 2022 natures'!E3 -> 8.3126078 | F51: ='4.1 Comptes 2022 natures'!F51/'4.1 Comptes 2022 natures'!F3 -> 0 | G51: ='4.1 Comptes 2022 natures'!G51/'4.1 Comptes 2022 natures'!G3 -> 0 | H51: ='4.1 Comptes 2022 natures'!H51/'4.1 Comptes 2022 natures'!H3 -> 0 | I51: ='4.1 Comptes 2022 natures'!I51/'4.1 Comptes 2022 natures'!I3 -> 0.47254476 | J51: ='4.1 Comptes 2022 natures'!J51/'4.1 Comptes 2022 natures'!J3 -> 0 | K51: ='4.1 Comptes 2022 natures'!K51/'4.1 Comptes 2022 natures'!K3 -> 54.512999 | L51: ='4.1 Comptes 2022 natures'!L51/'4.1 Comptes 2022 natures'!L3 -> 0 | ... BE51: ='4.1 Comptes 2022 natures'!BE51/'4.1 Comptes 2022 natures'!BE3 -> 0 | BF51: =SUM(E51:BE51) -> 134.57942 | BG51: =SUM(E51:W51) -> 123.83488 | BH51: =SUM(X51:AJ51) -> 0 | BI51: =SUM(AK51:BE51) -> 10.744546
C52: 369 | D52: Différentes charges de transfert à des collectivités publiques et tiers | E52: ='4.1 Comptes 2022 natures'!E52/'4.1 Comptes 2022 natures'!E3 -> 0 | F52: ='4.1 Comptes 2022 natures'!F52/'4.1 Comptes 2022 natures'!F3 -> 7.1162791 | G52: ='4.1 Comptes 2022 natures'!G52/'4.1 Comptes 2022 natures'!G3 -> 0 | H52: ='4.1 Comptes 2022 natures'!H52/'4.1 Comptes 2022 natures'!H3 -> 89.788186 | I52: ='4.1 Comptes 2022 natures'!I52/'4.1 Comptes 2022 natures'!I3 -> 0 | J52: ='4.1 Comptes 2022 natures'!J52/'4.1 Comptes 2022 natures'!J3 -> 0 | K52: ='4.1 Comptes 2022 natures'!K52/'4.1 Comptes 2022 natures'!K3 -> 0 | L52: ='4.1 Comptes 2022 natures'!L52/'4.1 Comptes 2022 natures'!L3 -> 365.91637 | ... BE52: ='4.1 Comptes 2022 natures'!BE52/'4.1 Comptes 2022 natures'!BE3 -> 9.0824176 | BF52: =SUM(E52:BE52) -> 804.12568 | BG52: =SUM(E52:W52) -> 654.54907 | BH52: =SUM(X52:AJ52) -> 89.271096 | BI52: =SUM(AK52:BE52) -> 60.305516
B54: 37 | D54: Subventions à redistribuer | E54: =E55 -> 0 | F54: =F55 -> 0 | G54: =G55 -> 0 | H54: =H55 -> 0 | I54: =I55 -> 0 | J54: =J55 -> 0 | K54: =K55 -> 0 | L54: =L55 -> 0 | ... BI54: =BI55 -> 76.244662
C55: 370 | D55: Subventions à redistribuer à des collectivités publiques et des tiers | E55: ='4.1 Comptes 2022 natures'!E55/'4.1 Comptes 2022 natures'!E3 -> 0 | F55: ='4.1 Comptes 2022 natures'!F55/'4.1 Comptes 2022 natures'!F3 -> 0 | G55: ='4.1 Comptes 2022 natures'!G55/'4.1 Comptes 2022 natures'!G3 -> 0 | H55: ='4.1 Comptes 2022 natures'!H55/'4.1 Comptes 2022 natures'!H3 -> 0 | I55: ='4.1 Comptes 2022 natures'!I55/'4.1 Comptes 2022 natures'!I3 -> 0 | J55: ='4.1 Comptes 2022 natures'!J55/'4.1 Comptes 2022 natures'!J3 -> 0 | K55: ='4.1 Comptes 2022 natures'!K55/'4.1 Comptes 2022 natures'!K3 -> 0 | L55: ='4.1 Comptes 2022 natures'!L55/'4.1 Comptes 2022 natures'!L3 -> 0 | ... BE55: ='4.1 Comptes 2022 natures'!BE55/'4.1 Comptes 2022 natures'!BE3 -> 0 | BF55: =SUM(E55:BE55) -> 6853.6718 | BG55: =SUM(E55:W55) -> 0 | BH55: =SUM(X55:AJ55) -> 6777.4271 | BI55: =SUM(AK55:BE55) -> 76.244662
B57: 38 | D57: Charges extraordinaires | E57: =E58+E59+E60+E61+E62+E63 -> 0 | F57: =F58+F59+F60+F61+F62+F63 -> 0 | G57: =G58+G59+G60+G61+G62+G63 -> 0 | H57: =H58+H59+H60+H61+H62+H63 -> 0.76984127 | I57: =I58+I59+I60+I61+I62+I63 -> 81.313093 | J57: =J58+J59+J60+J61+J62+J63 -> 2.2155146 | K57: =K58+K59+K60+K61+K62+K63 -> 244.91334 | L57: =L58+L59+L60+L61+L62+L63 -> 0 | ... BI57: =BI58+BI59+BI60+BI61+BI62+BI63 -> 2591.3718
C58: 380 | D58: Charges extraordinaires du personnel administratif et d'exploitation | E58: ='4.1 Comptes 2022 natures'!E58/'4.1 Comptes 2022 natures'!E3 -> 0 | F58: ='4.1 Comptes 2022 natures'!F58/'4.1 Comptes 2022 natures'!F3 -> 0 | G58: ='4.1 Comptes 2022 natures'!G58/'4.1 Comptes 2022 natures'!G3 -> 0 | H58: ='4.1 Comptes 2022 natures'!H58/'4.1 Comptes 2022 natures'!H3 -> 0 | I58: ='4.1 Comptes 2022 natures'!I58/'4.1 Comptes 2022 natures'!I3 -> 0 | J58: ='4.1 Comptes 2022 natures'!J58/'4.1 Comptes 2022 natures'!J3 -> 0 | K58: ='4.1 Comptes 2022 natures'!K58/'4.1 Comptes 2022 natures'!K3 -> 0 | L58: ='4.1 Comptes 2022 natures'!L58/'4.1 Comptes 2022 natures'!L3 -> 0 | ... BE58: ='4.1 Comptes 2022 natures'!BE58/'4.1 Comptes 2022 natures'!BE3 -> 0 | BF58: =SUM(E58:BE58) -> 0 | BG58: =SUM(E58:W58) -> 0 | BH58: =SUM(X58:AJ58) -> 0 | BI58: =SUM(AK58:BE58) -> 0
C59: 381 | D59: charges extraordinaires de biens et de services d'exploitation | E59: ='4.1 Comptes 2022 natures'!E59/'4.1 Comptes 2022 natures'!E3 -> 0 | F59: ='4.1 Comptes 2022 natures'!F59/'4.1 Comptes 2022 natures'!F3 -> 0 | G59: ='4.1 Comptes 2022 natures'!G59/'4.1 Comptes 2022 natures'!G3 -> 0 | H59: ='4.1 Comptes 2022 natures'!H59/'4.1 Comptes 2022 natures'!H3 -> 0.76984127 | I59: ='4.1 Comptes 2022 natures'!I59/'4.1 Comptes 2022 natures'!I3 -> 0 | J59: ='4.1 Comptes 2022 natures'!J59/'4.1 Comptes 2022 natures'!J3 -> 2.2155146 | K59: ='4.1 Comptes 2022 natures'!K59/'4.1 Comptes 2022 natures'!K3 -> 0 | L59: ='4.1 Comptes 2022 natures'!L59/'4.1 Comptes 2022 natures'!L3 -> 0 | ... BE59: ='4.1 Comptes 2022 natures'!BE59/'4.1 Comptes 2022 natures'!BE3 -> 0 | BF59: =SUM(E59:BE59) -> 11.935281 | BG59: =SUM(E59:W59) -> 11.935281 | BH59: =SUM(X59:AJ59) -> 0 | BI59: =SUM(AK59:BE59) -> 0
C60: 384 | D60: Charges extraordinaires financières et comptables | E60: ='4.1 Comptes 2022 natures'!E60/'4.1 Comptes 2022 natures'!E3 -> 0 | F60: ='4.1 Comptes 2022 natures'!F60/'4.1 Comptes 2022 natures'!F3 -> 0 | G60: ='4.1 Comptes 2022 natures'!G60/'4.1 Comptes 2022 natures'!G3 -> 0 | H60: ='4.1 Comptes 2022 natures'!H60/'4.1 Comptes 2022 natures'!H3 -> 0 | I60: ='4.1 Comptes 2022 natures'!I60/'4.1 Comptes 2022 natures'!I3 -> -0.075946826 | J60: ='4.1 Comptes 2022 natures'!J60/'4.1 Comptes 2022 natures'!J3 -> 0 | K60: ='4.1 Comptes 2022 natures'!K60/'4.1 Comptes 2022 natures'!K3 -> 0 | L60: ='4.1 Comptes 2022 natures'!L60/'4.1 Comptes 2022 natures'!L3 -> 0 | ... BE60: ='4.1 Comptes 2022 natures'!BE60/'4.1 Comptes 2022 natures'!BE3 -> 0 | BF60: =SUM(E60:BE60) -> 6.3793564 | BG60: =SUM(E60:W60) -> -0.075946826 | BH60: =SUM(X60:AJ60) -> 0.079491256 | BI60: =SUM(AK60:BE60) -> 6.375812
C61: 385 | D61: Attributions extraordinaires aux financements spéciaux | E61: ='4.1 Comptes 2022 natures'!E61/'4.1 Comptes 2022 natures'!E3 -> 0 | F61: ='4.1 Comptes 2022 natures'!F61/'4.1 Comptes 2022 natures'!F3 -> 0 | G61: ='4.1 Comptes 2022 natures'!G61/'4.1 Comptes 2022 natures'!G3 -> 0 | H61: ='4.1 Comptes 2022 natures'!H61/'4.1 Comptes 2022 natures'!H3 -> 0 | I61: ='4.1 Comptes 2022 natures'!I61/'4.1 Comptes 2022 natures'!I3 -> 0 | J61: ='4.1 Comptes 2022 natures'!J61/'4.1 Comptes 2022 natures'!J3 -> 0 | K61: ='4.1 Comptes 2022 natures'!K61/'4.1 Comptes 2022 natures'!K3 -> 0 | L61: ='4.1 Comptes 2022 natures'!L61/'4.1 Comptes 2022 natures'!L3 -> 0 | ... BE61: ='4.1 Comptes 2022 natures'!BE61/'4.1 Comptes 2022 natures'!BE3 -> 0 | BF61: =SUM(E61:BE61) -> 0 | BG61: =SUM(E61:W61) -> 0 | BH61: =SUM(X61:AJ61) -> 0 | BI61: =SUM(AK61:BE61) -> 0
C62: 386 | D62: Charges de transfert extraordinaires au collectivités et aux tiers | E62: ='4.1 Comptes 2022 natures'!E62/'4.1 Comptes 2022 natures'!E3 -> 0 | F62: ='4.1 Comptes 2022 natures'!F62/'4.1 Comptes 2022 natures'!F3 -> 0 | G62: ='4.1 Comptes 2022 natures'!G62/'4.1 Comptes 2022 natures'!G3 -> 0 | H62: ='4.1 Comptes 2022 natures'!H62/'4.1 Comptes 2022 natures'!H3 -> 0 | I62: ='4.1 Comptes 2022 natures'!I62/'4.1 Comptes 2022 natures'!I3 -> 0 | J62: ='4.1 Comptes 2022 natures'!J62/'4.1 Comptes 2022 natures'!J3 -> 0 | K62: ='4.1 Comptes 2022 natures'!K62/'4.1 Comptes 2022 natures'!K3 -> 0 | L62: ='4.1 Comptes 2022 natures'!L62/'4.1 Comptes 2022 natures'!L3 -> 0 | ... BE62: ='4.1 Comptes 2022 natures'!BE62/'4.1 Comptes 2022 natures'!BE3 -> 0 | BF62: =SUM(E62:BE62) -> 3.2198582 | BG62: =SUM(E62:W62) -> 0 | BH62: =SUM(X62:AJ62) -> 3.2198582 | BI62: =SUM(AK62:BE62) -> 0
C63: 389 | D63: Attributions au captial propre | E63: ='4.1 Comptes 2022 natures'!E63/'4.1 Comptes 2022 natures'!E3 -> 0 | F63: ='4.1 Comptes 2022 natures'!F63/'4.1 Comptes 2022 natures'!F3 -> 0 | G63: ='4.1 Comptes 2022 natures'!G63/'4.1 Comptes 2022 natures'!G3 -> 0 | H63: ='4.1 Comptes 2022 natures'!H63/'4.1 Comptes 2022 natures'!H3 -> 0 | I63: ='4.1 Comptes 2022 natures'!I63/'4.1 Comptes 2022 natures'!I3 -> 81.38904 | J63: ='4.1 Comptes 2022 natures'!J63/'4.1 Comptes 2022 natures'!J3 -> 0 | K63: ='4.1 Comptes 2022 natures'!K63/'4.1 Comptes 2022 natures'!K3 -> 244.91334 | L63: ='4.1 Comptes 2022 natures'!L63/'4.1 Comptes 2022 natures'!L3 -> 0 | ... BE63: ='4.1 Comptes 2022 natures'!BE63/'4.1 Comptes 2022 natures'!BE3 -> 0 | BF63: =SUM(E63:BE63) -> 5952.9929 | BG63: =SUM(E63:W63) -> 691.57147 | BH63: =SUM(X63:AJ63) -> 2676.4255 | BI63: =SUM(AK63:BE63) -> 2584.9959
B65: 39 | D65: Imputations internes | E65: =E66+E67+E68+E69+E70+E71+E72+E73 -> 0 | F65: =F66+F67+F68+F69+F70+F71+F72+F73 -> 93.004961 | G65: =G66+G67+G68+G69+G70+G71+G72+G73 -> 23.270064 | H65: =H66+H67+H68+H69+H70+H71+H72+H73 -> 91.736961 | I65: =I66+I67+I68+I69+I70+I71+I72+I73 -> 84.454693 | J65: =J66+J67+J68+J69+J70+J71+J72+J73 -> 19.761545 | K65: =K66+K67+K68+K69+K70+K71+K72+K73 -> 70.06754 | L65: =L66+L67+L68+L69+L70+L71+L72+L73 -> 353.92844 | ... BI65: =BI66+BI67+BI68+BI69+BI70+BI71+BI72+BI73 -> 749.67289
C66: 390 | D66: Approvisionnement en matériel et en marchandises | E66: ='4.1 Comptes 2022 natures'!E66/'4.1 Comptes 2022 natures'!E3 -> 0 | F66: ='4.1 Comptes 2022 natures'!F66/'4.1 Comptes 2022 natures'!F3 -> 0.7751938 | G66: ='4.1 Comptes 2022 natures'!G66/'4.1 Comptes 2022 natures'!G3 -> 0 | H66: ='4.1 Comptes 2022 natures'!H66/'4.1 Comptes 2022 natures'!H3 -> 0 | I66: ='4.1 Comptes 2022 natures'!I66/'4.1 Comptes 2022 natures'!I3 -> 0 | J66: ='4.1 Comptes 2022 natures'!J66/'4.1 Comptes 2022 natures'!J3 -> 0 | K66: ='4.1 Comptes 2022 natures'!K66/'4.1 Comptes 2022 natures'!K3 -> 0 | L66: ='4.1 Comptes 2022 natures'!L66/'4.1 Comptes 2022 natures'!L3 -> 3.9569484 | ... BE66: ='4.1 Comptes 2022 natures'!BE66/'4.1 Comptes 2022 natures'!BE3 -> 0 | BF66: =SUM(E66:BE66) -> 16.277543 | BG66: =SUM(E66:W66) -> 9.5718772 | BH66: =SUM(X66:AJ66) -> 5.4256654 | BI66: =SUM(AK66:BE66) -> 1.28
C67: 391 | D67: Prestations de services | E67: ='4.1 Comptes 2022 natures'!E67/'4.1 Comptes 2022 natures'!E3 -> 0 | F67: ='4.1 Comptes 2022 natures'!F67/'4.1 Comptes 2022 natures'!F3 -> 15.181395 | G67: ='4.1 Comptes 2022 natures'!G67/'4.1 Comptes 2022 natures'!G3 -> 9.9397028 | H67: ='4.1 Comptes 2022 natures'!H67/'4.1 Comptes 2022 natures'!H3 -> 90.929705 | I67: ='4.1 Comptes 2022 natures'!I67/'4.1 Comptes 2022 natures'!I3 -> 2.3060228 | J67: ='4.1 Comptes 2022 natures'!J67/'4.1 Comptes 2022 natures'!J3 -> 19.761545 | K67: ='4.1 Comptes 2022 natures'!K67/'4.1 Comptes 2022 natures'!K3 -> 41.942351 | L67: ='4.1 Comptes 2022 natures'!L67/'4.1 Comptes 2022 natures'!L3 -> 116.34448 | ... BE67: ='4.1 Comptes 2022 natures'!BE67/'4.1 Comptes 2022 natures'!BE3 -> 28.388278 | BF67: =SUM(E67:BE67) -> 1759.6041 | BG67: =SUM(E67:W67) -> 722.47808 | BH67: =SUM(X67:AJ67) -> 545.46396 | BI67: =SUM(AK67:BE67) -> 491.66207
C68: 392 | D68: Loyer, baux à ferme et frais d'utilisation | E68: ='4.1 Comptes 2022 natures'!E68/'4.1 Comptes 2022 natures'!E3 -> 0 | F68: ='4.1 Comptes 2022 natures'!F68/'4.1 Comptes 2022 natures'!F3 -> 0 | G68: ='4.1 Comptes 2022 natures'!G68/'4.1 Comptes 2022 natures'!G3 -> 0 | H68: ='4.1 Comptes 2022 natures'!H68/'4.1 Comptes 2022 natures'!H3 -> 0 | I68: ='4.1 Comptes 2022 natures'!I68/'4.1 Comptes 2022 natures'!I3 -> 0 | J68: ='4.1 Comptes 2022 natures'!J68/'4.1 Comptes 2022 natures'!J3 -> 0 | K68: ='4.1 Comptes 2022 natures'!K68/'4.1 Comptes 2022 natures'!K3 -> 0 | L68: ='4.1 Comptes 2022 natures'!L68/'4.1 Comptes 2022 natures'!L3 -> 4.7483381 | ... BE68: ='4.1 Comptes 2022 natures'!BE68/'4.1 Comptes 2022 natures'!BE3 -> 0 | BF68: =SUM(E68:BE68) -> 59.866448 | BG68: =SUM(E68:W68) -> 4.7483381 | BH68: =SUM(X68:AJ68) -> 55.11811 | BI68: =SUM(AK68:BE68) -> 0
C69: 393 | D69: Frais administratifs et d'exploitation | E69: ='4.1 Comptes 2022 natures'!E69/'4.1 Comptes 2022 natures'!E3 -> 0 | F69: ='4.1 Comptes 2022 natures'!F69/'4.1 Comptes 2022 natures'!F3 -> 0 | G69: ='4.1 Comptes 2022 natures'!G69/'4.1 Comptes 2022 natures'!G3 -> 6.4469214 | H69: ='4.1 Comptes 2022 natures'!H69/'4.1 Comptes 2022 natures'!H3 -> 0 | I69: ='4.1 Comptes 2022 natures'!I69/'4.1 Comptes 2022 natures'!I3 -> 0 | J69: ='4.1 Comptes 2022 natures'!J69/'4.1 Comptes 2022 natures'!J3 -> 0 | K69: ='4.1 Comptes 2022 natures'!K69/'4.1 Comptes 2022 natures'!K3 -> 5.6868877 | L69: ='4.1 Comptes 2022 natures'!L69/'4.1 Comptes 2022 natures'!L3 -> 0 | ... BE69: ='4.1 Comptes 2022 natures'!BE69/'4.1 Comptes 2022 natures'!BE3 -> 0 | BF69: =SUM(E69:BE69) -> 33.161618 | BG69: =SUM(E69:W69) -> 13.747203 | BH69: =SUM(X69:AJ69) -> 0 | BI69: =SUM(AK69:BE69) -> 19.414415
C70: 394 | D70: Intérêts et charges financières théoriques | E70: ='4.1 Comptes 2022 natures'!E70/'4.1 Comptes 2022 natures'!E3 -> 0 | F70: ='4.1 Comptes 2022 natures'!F70/'4.1 Comptes 2022 natures'!F3 -> 77.048372 | G70: ='4.1 Comptes 2022 natures'!G70/'4.1 Comptes 2022 natures'!G3 -> 6.8834395 | H70: ='4.1 Comptes 2022 natures'!H70/'4.1 Comptes 2022 natures'!H3 -> 0 | I70: ='4.1 Comptes 2022 natures'!I70/'4.1 Comptes 2022 natures'!I3 -> 82.148671 | J70: ='4.1 Comptes 2022 natures'!J70/'4.1 Comptes 2022 natures'!J3 -> 0 | K70: ='4.1 Comptes 2022 natures'!K70/'4.1 Comptes 2022 natures'!K3 -> 22.438301 | L70: ='4.1 Comptes 2022 natures'!L70/'4.1 Comptes 2022 natures'!L3 -> 39.507518 | ... BE70: ='4.1 Comptes 2022 natures'!BE70/'4.1 Comptes 2022 natures'!BE3 -> 0 | BF70: =SUM(E70:BE70) -> 486.99907 | BG70: =SUM(E70:W70) -> 251.77346 | BH70: =SUM(X70:AJ70) -> 0 | BI70: =SUM(AK70:BE70) -> 235.22561
C71: 395 | D71: Amortissements planifiés et non planifiés du PA | E71: ='4.1 Comptes 2022 natures'!E71/'4.1 Comptes 2022 natures'!E3 -> 0 | F71: ='4.1 Comptes 2022 natures'!F71/'4.1 Comptes 2022 natures'!F3 -> 0 | G71: ='4.1 Comptes 2022 natures'!G71/'4.1 Comptes 2022 natures'!G3 -> 0 | H71: ='4.1 Comptes 2022 natures'!H71/'4.1 Comptes 2022 natures'!H3 -> 0.80725624 | I71: ='4.1 Comptes 2022 natures'!I71/'4.1 Comptes 2022 natures'!I3 -> 0 | J71: ='4.1 Comptes 2022 natures'!J71/'4.1 Comptes 2022 natures'!J3 -> 0 | K71: ='4.1 Comptes 2022 natures'!K71/'4.1 Comptes 2022 natures'!K3 -> 0 | L71: ='4.1 Comptes 2022 natures'!L71/'4.1 Comptes 2022 natures'!L3 -> 0 | ... BE71: ='4.1 Comptes 2022 natures'!BE71/'4.1 Comptes 2022 natures'!BE3 -> 0 | BF71: =SUM(E71:BE71) -> 0.80725624 | BG71: =SUM(E71:W71) -> 0.80725624 | BH71: =SUM(X71:AJ71) -> 0 | BI71: =SUM(AK71:BE71) -> 0
C72: 398 | D72: Virements comptabiles | E72: ='4.1 Comptes 2022 natures'!E72/'4.1 Comptes 2022 natures'!E3 -> 0 | F72: ='4.1 Comptes 2022 natures'!F72/'4.1 Comptes 2022 natures'!F3 -> 0 | G72: ='4.1 Comptes 2022 natures'!G72/'4.1 Comptes 2022 natures'!G3 -> 0 | H72: ='4.1 Comptes 2022 natures'!H72/'4.1 Comptes 2022 natures'!H3 -> 0 | I72: ='4.1 Comptes 2022 natures'!I72/'4.1 Comptes 2022 natures'!I3 -> 0 | J72: ='4.1 Comptes 2022 natures'!J72/'4.1 Comptes 2022 natures'!J3 -> 0 | K72: ='4.1 Comptes 2022 natures'!K72/'4.1 Comptes 2022 natures'!K3 -> 0 | L72: ='4.1 Comptes 2022 natures'!L72/'4.1 Comptes 2022 natures'!L3 -> 189.5246 | ... BE72: ='4.1 Comptes 2022 natures'!BE72/'4.1 Comptes 2022 natures'!BE3 -> 0 | BF72: =SUM(E72:BE72) -> 189.5246 | BG72: =SUM(E72:W72) -> 189.5246 | BH72: =SUM(X72:AJ72) -> 0 | BI72: =SUM(AK72:BE72) -> 0
C73: 399 | D73: Autres imputations internes | E73: ='4.1 Comptes 2022 natures'!E73/'4.1 Comptes 2022 natures'!E3 -> 0 | F73: ='4.1 Comptes 2022 natures'!F73/'4.1 Comptes 2022 natures'!F3 -> 0 | G73: ='4.1 Comptes 2022 natures'!G73/'4.1 Comptes 2022 natures'!G3 -> 0 | H73: ='4.1 Comptes 2022 natures'!H73/'4.1 Comptes 2022 natures'!H3 -> 0 | I73: ='4.1 Comptes 2022 natures'!I73/'4.1 Comptes 2022 natures'!I3 -> 0 | J73: ='4.1 Comptes 2022 natures'!J73/'4.1 Comptes 2022 natures'!J3 -> 0 | K73: ='4.1 Comptes 2022 natures'!K73/'4.1 Comptes 2022 natures'!K3 -> 0 | L73: ='4.1 Comptes 2022 natures'!L73/'4.1 Comptes 2022 natures'!L3 -> -0.15344808 | ... BE73: ='4.1 Comptes 2022 natures'!BE73/'4.1 Comptes 2022 natures'!BE3 -> 0 | BF73: =SUM(E73:BE73) -> 3.581188 | BG73: =SUM(E73:W73) -> 1.4903875 | BH73: =SUM(X73:AJ73) -> 0 | BI73: =SUM(AK73:BE73) -> 2.0908005
BF74: =SUM(E74:BE74) -> 0 | BG74: =SUM(E74:W74) -> 0 | BH74: =SUM(X74:AJ74) -> 0 | BI74: =SUM(AK74:BE74) -> 0
A76: 4 | D76: Revenus | E76: =E77+E83+E89+E100+E106+E118+E122+E129+E132+E141 -> 4050.0672 | F76: =F77+F83+F89+F100+F106+F118+F122+F129+F132+F141 -> 4084.8066 | G76: =G77+G83+G89+G100+G106+G118+G122+G129+G132+G141 -> 4012.5345 | H76: =H77+H83+H89+H100+H106+H118+H122+H129+H132+H141 -> 4364.3129 | I76: =I77+I83+I89+I100+I106+I118+I122+I129+I132+I141 -> 4524.689 | J76: =J77+J83+J89+J100+J106+J118+J122+J129+J132+J141 -> 4359.5483 | K76: =K77+K83+K89+K100+K106+K118+K122+K129+K132+K141 -> 4518.7396 | L76: =L77+L83+L89+L100+L106+L118+L122+L129+L132+L141 -> 8536.9896 | ... BI76: =BI77+BI83+BI89+BI100+BI106+BI118+BI122+BI129+BI132+BI141 -> 103771.68
B77: 40 | D77: Revenus fiscaux | E77: =E78+E79+E80+E81 -> 2747.307 | F77: =F78+F79+F80+F81 -> 2088.3508 | G77: =G78+G79+G80+G81 -> 2807.1986 | H77: =H78+H79+H80+H81 -> 2406.5885 | I77: =I78+I79+I80+I81 -> 2559.7448 | J77: =J78+J79+J80+J81 -> 2760.7348 | K77: =K78+K79+K80+K81 -> 3117.1692 | L77: =L78+L79+L80+L81 -> 3002.1894 | ... BI77: =BI78+BI79+BI80+BI81 -> 61230.981
C78: 400 | D78: Impôts directs des personnes physiques | E78: ='4.1 Comptes 2022 natures'!E78/'4.1 Comptes 2022 natures'!E3 -> 2379.2851 | F78: ='4.1 Comptes 2022 natures'!F78/'4.1 Comptes 2022 natures'!F3 -> 1529.3969 | G78: ='4.1 Comptes 2022 natures'!G78/'4.1 Comptes 2022 natures'!G3 -> 2418.5308 | H78: ='4.1 Comptes 2022 natures'!H78/'4.1 Comptes 2022 natures'!H3 -> 2155.6835 | I78: ='4.1 Comptes 2022 natures'!I78/'4.1 Comptes 2022 natures'!I3 -> 2081.316 | J78: ='4.1 Comptes 2022 natures'!J78/'4.1 Comptes 2022 natures'!J3 -> 2316.5759 | K78: ='4.1 Comptes 2022 natures'!K78/'4.1 Comptes 2022 natures'!K3 -> 2452.5843 | L78: ='4.1 Comptes 2022 natures'!L78/'4.1 Comptes 2022 natures'!L3 -> 2309.9264 | ... BE78: ='4.1 Comptes 2022 natures'!BE78/'4.1 Comptes 2022 natures'!BE3 -> 2228.8084 | BF78: =SUM(E78:BE78) -> 117189.59 | BG78: =SUM(E78:W78) -> 40885.353 | BH78: =SUM(X78:AJ78) -> 29891.023 | BI78: =SUM(AK78:BE78) -> 46413.209
C79: 401 | D79: Impôts directs des personnes morales | E79: ='4.1 Comptes 2022 natures'!E79/'4.1 Comptes 2022 natures'!E3 -> 109.44497 | F79: ='4.1 Comptes 2022 natures'!F79/'4.1 Comptes 2022 natures'!F3 -> 16.277907 | G79: ='4.1 Comptes 2022 natures'!G79/'4.1 Comptes 2022 natures'!G3 -> -18.559342 | H79: ='4.1 Comptes 2022 natures'!H79/'4.1 Comptes 2022 natures'!H3 -> -35.852381 | I79: ='4.1 Comptes 2022 natures'!I79/'4.1 Comptes 2022 natures'!I3 -> 111.38528 | J79: ='4.1 Comptes 2022 natures'!J79/'4.1 Comptes 2022 natures'!J3 -> 131.3339 | K79: ='4.1 Comptes 2022 natures'!K79/'4.1 Comptes 2022 natures'!K3 -> 436.64335 | L79: ='4.1 Comptes 2022 natures'!L79/'4.1 Comptes 2022 natures'!L3 -> 327.06685 | ... BE79: ='4.1 Comptes 2022 natures'!BE79/'4.1 Comptes 2022 natures'!BE3 -> 211.43507 | BF79: =SUM(E79:BE79) -> 14626.183 | BG79: =SUM(E79:W79) -> 2213.5587 | BH79: =SUM(X79:AJ79) -> 5967.1513 | BI79: =SUM(AK79:BE79) -> 6445.473
C80: 402 | D80: Autres impôts directs | E80: ='4.1 Comptes 2022 natures'!E80/'4.1 Comptes 2022 natures'!E3 -> 244.602 | F80: ='4.1 Comptes 2022 natures'!F80/'4.1 Comptes 2022 natures'!F3 -> 522.47442 | G80: ='4.1 Comptes 2022 natures'!G80/'4.1 Comptes 2022 natures'!G3 -> 394.85849 | H80: ='4.1 Comptes 2022 natures'!H80/'4.1 Comptes 2022 natures'!H3 -> 280.2495 | I80: ='4.1 Comptes 2022 natures'!I80/'4.1 Comptes 2022 natures'!I3 -> 350.10071 | J80: ='4.1 Comptes 2022 natures'!J80/'4.1 Comptes 2022 natures'!J3 -> 306.34296 | K80: ='4.1 Comptes 2022 natures'!K80/'4.1 Comptes 2022 natures'!K3 -> 219.67511 | L80: ='4.1 Comptes 2022 natures'!L80/'4.1 Comptes 2022 natures'!L3 -> 357.74758 | ... BE80: ='4.1 Comptes 2022 natures'!BE80/'4.1 Comptes 2022 natures'!BE3 -> 370.49037 | BF80: =SUM(E80:BE80) -> 19508.226 | BG80: =SUM(E80:W80) -> 6293.7711 | BH80: =SUM(X80:AJ80) -> 5333.4895 | BI80: =SUM(AK80:BE80) -> 7880.9656
C81: 403 | D81: Impôts sur la possession et les dépenses | E81: ='4.1 Comptes 2022 natures'!E81/'4.1 Comptes 2022 natures'!E3 -> 13.974974 | F81: ='4.1 Comptes 2022 natures'!F81/'4.1 Comptes 2022 natures'!F3 -> 20.20155 | G81: ='4.1 Comptes 2022 natures'!G81/'4.1 Comptes 2022 natures'!G3 -> 12.368577 | H81: ='4.1 Comptes 2022 natures'!H81/'4.1 Comptes 2022 natures'!H3 -> 6.5079365 | I81: ='4.1 Comptes 2022 natures'!I81/'4.1 Comptes 2022 natures'!I3 -> 16.942865 | J81: ='4.1 Comptes 2022 natures'!J81/'4.1 Comptes 2022 natures'!J3 -> 6.4820404 | K81: ='4.1 Comptes 2022 natures'!K81/'4.1 Comptes 2022 natures'!K3 -> 8.2663527 | L81: ='4.1 Comptes 2022 natures'!L81/'4.1 Comptes 2022 natures'!L3 -> 7.4485597 | ... BE81: ='4.1 Comptes 2022 natures'!BE81/'4.1 Comptes 2022 natures'!BE3 -> 15.419048 | BF81: =SUM(E81:BE81) -> 1693.0701 | BG81: =SUM(E81:W81) -> 440.51221 | BH81: =SUM(X81:AJ81) -> 761.225 | BI81: =SUM(AK81:BE81) -> 491.33286
B83: 41 | D83: Revenus de patentes et de concessions | E83: =E84+E85+E86+E87 -> 0 | F83: =F84+F85+F86+F87 -> 49.846744 | G83: =G84+G85+G86+G87 -> 0 | H83: =H84+H85+H86+H87 -> 0 | I83: =I84+I85+I86+I87 -> 0 | J83: =J84+J85+J86+J87 -> 0 | K83: =K84+K85+K86+K87 -> 0 | L83: =L84+L85+L86+L87 -> 0 | ... BI83: =BI84+BI85+BI86+BI87 -> 257.66129
C84: 410 | D84: Revenus de patentes | E84: ='4.1 Comptes 2022 natures'!E84/'4.1 Comptes 2022 natures'!E3 -> 0 | F84: ='4.1 Comptes 2022 natures'!F84/'4.1 Comptes 2022 natures'!F3 -> 0 | G84: ='4.1 Comptes 2022 natures'!G84/'4.1 Comptes 2022 natures'!G3 -> 0 | H84: ='4.1 Comptes 2022 natures'!H84/'4.1 Comptes 2022 natures'!H3 -> 0 | I84: ='4.1 Comptes 2022 natures'!I84/'4.1 Comptes 2022 natures'!I3 -> 0 | J84: ='4.1 Comptes 2022 natures'!J84/'4.1 Comptes 2022 natures'!J3 -> 0 | K84: ='4.1 Comptes 2022 natures'!K84/'4.1 Comptes 2022 natures'!K3 -> 0 | L84: ='4.1 Comptes 2022 natures'!L84/'4.1 Comptes 2022 natures'!L3 -> 0 | ... BE84: ='4.1 Comptes 2022 natures'!BE84/'4.1 Comptes 2022 natures'!BE3 -> 0.45787546 | BF84: =SUM(E84:BE84) -> 2.1291847 | BG84: =SUM(E84:W84) -> 0 | BH84: =SUM(X84:AJ84) -> 0 | BI84: =SUM(AK84:BE84) -> 2.1291847
C85: 411 | D85: Revenus de la Banque Nationale | E85: ='4.1 Comptes 2022 natures'!E85/'4.1 Comptes 2022 natures'!E3 -> 0 | F85: ='4.1 Comptes 2022 natures'!F85/'4.1 Comptes 2022 natures'!F3 -> 0 | G85: ='4.1 Comptes 2022 natures'!G85/'4.1 Comptes 2022 natures'!G3 -> 0 | H85: ='4.1 Comptes 2022 natures'!H85/'4.1 Comptes 2022 natures'!H3 -> 0 | I85: ='4.1 Comptes 2022 natures'!I85/'4.1 Comptes 2022 natures'!I3 -> 0 | J85: ='4.1 Comptes 2022 natures'!J85/'4.1 Comptes 2022 natures'!J3 -> 0 | K85: ='4.1 Comptes 2022 natures'!K85/'4.1 Comptes 2022 natures'!K3 -> 0 | L85: ='4.1 Comptes 2022 natures'!L85/'4.1 Comptes 2022 natures'!L3 -> 0 | ... BE85: ='4.1 Comptes 2022 natures'!BE85/'4.1 Comptes 2022 natures'!BE3 -> 0 | BF85: =SUM(E85:BE85) -> 0 | BG85: =SUM(E85:W85) -> 0 | BH85: =SUM(X85:AJ85) -> 0 | BI85: =SUM(AK85:BE85) -> 0
C86: 412 | D86: Revenus des concessions | E86: ='4.1 Comptes 2022 natures'!E86/'4.1 Comptes 2022 natures'!E3 -> 0 | F86: ='4.1 Comptes 2022 natures'!F86/'4.1 Comptes 2022 natures'!F3 -> 49.846744 | G86: ='4.1 Comptes 2022 natures'!G86/'4.1 Comptes 2022 natures'!G3 -> 0 | H86: ='4.1 Comptes 2022 natures'!H86/'4.1 Comptes 2022 natures'!H3 -> 0 | I86: ='4.1 Comptes 2022 natures'!I86/'4.1 Comptes 2022 natures'!I3 -> 0 | J86: ='4.1 Comptes 2022 natures'!J86/'4.1 Comptes 2022 natures'!J3 -> 0 | K86: ='4.1 Comptes 2022 natures'!K86/'4.1 Comptes 2022 natures'!K3 -> 0 | L86: ='4.1 Comptes 2022 natures'!L86/'4.1 Comptes 2022 natures'!L3 -> 0 | ... BE86: ='4.1 Comptes 2022 natures'!BE86/'4.1 Comptes 2022 natures'!BE3 -> 1.0636447 | BF86: =SUM(E86:BE86) -> 970.7759 | BG86: =SUM(E86:W86) -> 140.53405 | BH86: =SUM(X86:AJ86) -> 574.70974 | BI86: =SUM(AK86:BE86) -> 255.53211
C87: 413 | D87: Parts des revenus de loterie et paris | E87: ='4.1 Comptes 2022 natures'!E87/'4.1 Comptes 2022 natures'!E3 -> 0 | F87: ='4.1 Comptes 2022 natures'!F87/'4.1 Comptes 2022 natures'!F3 -> 0 | G87: ='4.1 Comptes 2022 natures'!G87/'4.1 Comptes 2022 natures'!G3 -> 0 | H87: ='4.1 Comptes 2022 natures'!H87/'4.1 Comptes 2022 natures'!H3 -> 0 | I87: ='4.1 Comptes 2022 natures'!I87/'4.1 Comptes 2022 natures'!I3 -> 0 | J87: ='4.1 Comptes 2022 natures'!J87/'4.1 Comptes 2022 natures'!J3 -> 0 | K87: ='4.1 Comptes 2022 natures'!K87/'4.1 Comptes 2022 natures'!K3 -> 0 | L87: ='4.1 Comptes 2022 natures'!L87/'4.1 Comptes 2022 natures'!L3 -> 0 | ... BE87: ='4.1 Comptes 2022 natures'!BE87/'4.1 Comptes 2022 natures'!BE3 -> 0 | BF87: =SUM(E87:BE87) -> 0 | BG87: =SUM(E87:W87) -> 0 | BH87: =SUM(X87:AJ87) -> 0 | BI87: =SUM(AK87:BE87) -> 0
B89: 42 | D89: Taxes | E89: =E90+E91+E92+E93+E94+E95+E96+E97+E98 -> 797.63544 | F89: =F90+F91+F92+F93+F94+F95+F96+F97+F98 -> 772.85996 | G89: =G90+G91+G92+G93+G94+G95+G96+G97+G98 -> 426.09554 | H89: =H90+H91+H92+H93+H94+H95+H96+H97+H98 -> 1228.0244 | I89: =I90+I91+I92+I93+I94+I95+I96+I97+I98 -> 1165.4337 | J89: =J90+J91+J92+J93+J94+J95+J96+J97+J98 -> 1075.65 | K89: =K90+K91+K92+K93+K94+K95+K96+K97+K98 -> 767.51205 | L89: =L90+L91+L92+L93+L94+L95+L96+L97+L98 -> 2810.6553 | ... BI89: =BI90+BI91+BI92+BI93+BI94+BI95+BI96+BI97+BI98 -> 18457.865
C90: 420 | D90: Taxes d'exemption et de compensation | E90: ='4.1 Comptes 2022 natures'!E90/'4.1 Comptes 2022 natures'!E3 -> 38.240168 | F90: ='4.1 Comptes 2022 natures'!F90/'4.1 Comptes 2022 natures'!F3 -> 33.143217 | G90: ='4.1 Comptes 2022 natures'!G90/'4.1 Comptes 2022 natures'!G3 -> 44.726327 | H90: ='4.1 Comptes 2022 natures'!H90/'4.1 Comptes 2022 natures'!H3 -> 34.468367 | I90: ='4.1 Comptes 2022 natures'!I90/'4.1 Comptes 2022 natures'!I3 -> 46.125746 | J90: ='4.1 Comptes 2022 natures'!J90/'4.1 Comptes 2022 natures'!J3 -> 45.800453 | K90: ='4.1 Comptes 2022 natures'!K90/'4.1 Comptes 2022 natures'!K3 -> 50.575207 | L90: ='4.1 Comptes 2022 natures'!L90/'4.1 Comptes 2022 natures'!L3 -> 41.250985 | ... BE90: ='4.1 Comptes 2022 natures'!BE90/'4.1 Comptes 2022 natures'!BE3 -> 22.337729 | BF90: =SUM(E90:BE90) -> 1727.9917 | BG90: =SUM(E90:W90) -> 733.13979 | BH90: =SUM(X90:AJ90) -> 469.38491 | BI90: =SUM(AK90:BE90) -> 525.46703
C91: 421 | D91: Emoluments administratif | E91: ='4.1 Comptes 2022 natures'!E91/'4.1 Comptes 2022 natures'!E3 -> 15.528444 | F91: ='4.1 Comptes 2022 natures'!F91/'4.1 Comptes 2022 natures'!F3 -> 8.4300388 | G91: ='4.1 Comptes 2022 natures'!G91/'4.1 Comptes 2022 natures'!G3 -> 4.3864119 | H91: ='4.1 Comptes 2022 natures'!H91/'4.1 Comptes 2022 natures'!H3 -> 25.44161 | I91: ='4.1 Comptes 2022 natures'!I91/'4.1 Comptes 2022 natures'!I3 -> 26.085803 | J91: ='4.1 Comptes 2022 natures'!J91/'4.1 Comptes 2022 natures'!J3 -> 14.430924 | K91: ='4.1 Comptes 2022 natures'!K91/'4.1 Comptes 2022 natures'!K3 -> 10.38425 | L91: ='4.1 Comptes 2022 natures'!L91/'4.1 Comptes 2022 natures'!L3 -> 86.672491 | ... BE91: ='4.1 Comptes 2022 natures'!BE91/'4.1 Comptes 2022 natures'!BE3 -> 25.358297 | BF91: =SUM(E91:BE91) -> 1137.828 | BG91: =SUM(E91:W91) -> 536.88181 | BH91: =SUM(X91:AJ91) -> 159.25004 | BI91: =SUM(AK91:BE91) -> 441.69616
C92: 422 | D92: Taxes et émoluments hospitaliers et médico-sociaux et foyers | E92: ='4.1 Comptes 2022 natures'!E92/'4.1 Comptes 2022 natures'!E3 -> 0 | F92: ='4.1 Comptes 2022 natures'!F92/'4.1 Comptes 2022 natures'!F3 -> 0 | G92: ='4.1 Comptes 2022 natures'!G92/'4.1 Comptes 2022 natures'!G3 -> 0 | H92: ='4.1 Comptes 2022 natures'!H92/'4.1 Comptes 2022 natures'!H3 -> 0 | I92: ='4.1 Comptes 2022 natures'!I92/'4.1 Comptes 2022 natures'!I3 -> 0 | J92: ='4.1 Comptes 2022 natures'!J92/'4.1 Comptes 2022 natures'!J3 -> 0 | K92: ='4.1 Comptes 2022 natures'!K92/'4.1 Comptes 2022 natures'!K3 -> 0 | L92: ='4.1 Comptes 2022 natures'!L92/'4.1 Comptes 2022 natures'!L3 -> 0 | ... BE92: ='4.1 Comptes 2022 natures'!BE92/'4.1 Comptes 2022 natures'!BE3 -> 0 | BF92: =SUM(E92:BE92) -> 0 | BG92: =SUM(E92:W92) -> 0 | BH92: =SUM(X92:AJ92) -> 0 | BI92: =SUM(AK92:BE92) -> 0
C93: 423 | D93: Frais d'écolage | E93: ='4.1 Comptes 2022 natures'!E93/'4.1 Comptes 2022 natures'!E3 -> 2.8601472 | F93: ='4.1 Comptes 2022 natures'!F93/'4.1 Comptes 2022 natures'!F3 -> 0 | G93: ='4.1 Comptes 2022 natures'!G93/'4.1 Comptes 2022 natures'!G3 -> 0 | H93: ='4.1 Comptes 2022 natures'!H93/'4.1 Comptes 2022 natures'!H3 -> 0 | I93: ='4.1 Comptes 2022 natures'!I93/'4.1 Comptes 2022 natures'!I3 -> 1.0689094 | J93: ='4.1 Comptes 2022 natures'!J93/'4.1 Comptes 2022 natures'!J3 -> 0 | K93: ='4.1 Comptes 2022 natures'!K93/'4.1 Comptes 2022 natures'!K3 -> 0 | L93: ='4.1 Comptes 2022 natures'!L93/'4.1 Comptes 2022 natures'!L3 -> 3.296692 | ... BE93: ='4.1 Comptes 2022 natures'!BE93/'4.1 Comptes 2022 natures'!BE3 -> 0 | BF93: =SUM(E93:BE93) -> 553.43679 | BG93: =SUM(E93:W93) -> 40.945018 | BH93: =SUM(X93:AJ93) -> 350.05176 | BI93: =SUM(AK93:BE93) -> 162.44002
C94: 424 | D94: Taxes d'utilisation et de prestation de services | E94: ='4.1 Comptes 2022 natures'!E94/'4.1 Comptes 2022 natures'!E3 -> 647.603 | F94: ='4.1 Comptes 2022 natures'!F94/'4.1 Comptes 2022 natures'!F3 -> 686.72643 | G94: ='4.1 Comptes 2022 natures'!G94/'4.1 Comptes 2022 natures'!G3 -> 353.43408 | H94: ='4.1 Comptes 2022 natures'!H94/'4.1 Comptes 2022 natures'!H3 -> 1068.6194 | I94: ='4.1 Comptes 2022 natures'!I94/'4.1 Comptes 2022 natures'!I3 -> 1043.543 | J94: ='4.1 Comptes 2022 natures'!J94/'4.1 Comptes 2022 natures'!J3 -> 981.07625 | K94: ='4.1 Comptes 2022 natures'!K94/'4.1 Comptes 2022 natures'!K3 -> 591.94633 | L94: ='4.1 Comptes 2022 natures'!L94/'4.1 Comptes 2022 natures'!L3 -> 2603.8637 | ... BE94: ='4.1 Comptes 2022 natures'!BE94/'4.1 Comptes 2022 natures'!BE3 -> 442.73223 | BF94: =SUM(E94:BE94) -> 38123.069 | BG94: =SUM(E94:W94) -> 14409.482 | BH94: =SUM(X94:AJ94) -> 10447.254 | BI94: =SUM(AK94:BE94) -> 13266.332
C95: 425 | D95: Revenus des ventes | E95: ='4.1 Comptes 2022 natures'!E95/'4.1 Comptes 2022 natures'!E3 -> 12.630284 | F95: ='4.1 Comptes 2022 natures'!F95/'4.1 Comptes 2022 natures'!F3 -> 26.823256 | G95: ='4.1 Comptes 2022 natures'!G95/'4.1 Comptes 2022 natures'!G3 -> 0.11549894 | H95: ='4.1 Comptes 2022 natures'!H95/'4.1 Comptes 2022 natures'!H3 -> 1.2244898 | I95: ='4.1 Comptes 2022 natures'!I95/'4.1 Comptes 2022 natures'!I3 -> 14.250271 | J95: ='4.1 Comptes 2022 natures'!J95/'4.1 Comptes 2022 natures'!J3 -> 10.736414 | K95: ='4.1 Comptes 2022 natures'!K95/'4.1 Comptes 2022 natures'!K3 -> 8.1424077 | L95: ='4.1 Comptes 2022 natures'!L95/'4.1 Comptes 2022 natures'!L3 -> 23.254424 | ... BE95: ='4.1 Comptes 2022 natures'!BE95/'4.1 Comptes 2022 natures'!BE3 -> 199.53352 | BF95: =SUM(E95:BE95) -> 6735.9901 | BG95: =SUM(E95:W95) -> 265.28484 | BH95: =SUM(X95:AJ95) -> 3356.5007 | BI95: =SUM(AK95:BE95) -> 3114.2046
C96: 426 | D96: remboursements | E96: ='4.1 Comptes 2022 natures'!E96/'4.1 Comptes 2022 natures'!E3 -> 80.457939 | F96: ='4.1 Comptes 2022 natures'!F96/'4.1 Comptes 2022 natures'!F3 -> 17.737016 | G96: ='4.1 Comptes 2022 natures'!G96/'4.1 Comptes 2022 natures'!G3 -> 23.433227 | H96: ='4.1 Comptes 2022 natures'!H96/'4.1 Comptes 2022 natures'!H3 -> 98.270612 | I96: ='4.1 Comptes 2022 natures'!I96/'4.1 Comptes 2022 natures'!I3 -> 33.291074 | J96: ='4.1 Comptes 2022 natures'!J96/'4.1 Comptes 2022 natures'!J3 -> 23.455065 | K96: ='4.1 Comptes 2022 natures'!K96/'4.1 Comptes 2022 natures'!K3 -> 106.35083 | L96: ='4.1 Comptes 2022 natures'!L96/'4.1 Comptes 2022 natures'!L3 -> 38.182167 | ... BE96: ='4.1 Comptes 2022 natures'!BE96/'4.1 Comptes 2022 natures'!BE3 -> 86.550549 | BF96: =SUM(E96:BE96) -> 2865.6873 | BG96: =SUM(E96:W96) -> 1178.954 | BH96: =SUM(X96:AJ96) -> 773.38884 | BI96: =SUM(AK96:BE96) -> 913.34446
C97: 427 | D97: Amendes | E97: ='4.1 Comptes 2022 natures'!E97/'4.1 Comptes 2022 natures'!E3 -> 0.31545741 | F97: ='4.1 Comptes 2022 natures'!F97/'4.1 Comptes 2022 natures'!F3 -> 0 | G97: ='4.1 Comptes 2022 natures'!G97/'4.1 Comptes 2022 natures'!G3 -> 0 | H97: ='4.1 Comptes 2022 natures'!H97/'4.1 Comptes 2022 natures'!H3 -> 0 | I97: ='4.1 Comptes 2022 natures'!I97/'4.1 Comptes 2022 natures'!I3 -> 1.0689094 | J97: ='4.1 Comptes 2022 natures'!J97/'4.1 Comptes 2022 natures'!J3 -> 0.15092062 | K97: ='4.1 Comptes 2022 natures'!K97/'4.1 Comptes 2022 natures'!K3 -> 0.11303693 | L97: ='4.1 Comptes 2022 natures'!L97/'4.1 Comptes 2022 natures'!L3 -> 14.134865 | ... BE97: ='4.1 Comptes 2022 natures'!BE97/'4.1 Comptes 2022 natures'!BE3 -> 0 | BF97: =SUM(E97:BE97) -> 53.368066 | BG97: =SUM(E97:W97) -> 19.83308 | BH97: =SUM(X97:AJ97) -> 14.770968 | BI97: =SUM(AK97:BE97) -> 18.764018
C98: 429 | D98: Autres taxes et compensations | E98: ='4.1 Comptes 2022 natures'!E98/'4.1 Comptes 2022 natures'!E3 -> 0 | F98: ='4.1 Comptes 2022 natures'!F98/'4.1 Comptes 2022 natures'!F3 -> 0 | G98: ='4.1 Comptes 2022 natures'!G98/'4.1 Comptes 2022 natures'!G3 -> 0 | H98: ='4.1 Comptes 2022 natures'!H98/'4.1 Comptes 2022 natures'!H3 -> 0 | I98: ='4.1 Comptes 2022 natures'!I98/'4.1 Comptes 2022 natures'!I3 -> 0 | J98: ='4.1 Comptes 2022 natures'!J98/'4.1 Comptes 2022 natures'!J3 -> 0 | K98: ='4.1 Comptes 2022 natures'!K98/'4.1 Comptes 2022 natures'!K3 -> 0 | L98: ='4.1 Comptes 2022 natures'!L98/'4.1 Comptes 2022 natures'!L3 -> 0 | ... BE98: ='4.1 Comptes 2022 natures'!BE98/'4.1 Comptes 2022 natures'!BE3 -> 0 | BF98: =SUM(E98:BE98) -> 128.14365 | BG98: =SUM(E98:W98) -> 1.0598256 | BH98: =SUM(X98:AJ98) -> 111.46658 | BI98: =SUM(AK98:BE98) -> 15.617248
B100: 43 | D100: Revenus divers | E100: =E101+E102+E103+E104 -> 0 | F100: =F101+F102+F103+F104 -> 4.9141085 | G100: =G101+G102+G103+G104 -> 0 | H100: =H101+H102+H103+H104 -> 0 | I100: =I101+I102+I103+I104 -> 0 | J100: =J101+J102+J103+J104 -> 0 | K100: =K101+K102+K103+K104 -> 0.076865109 | L100: =L101+L102+L103+L104 -> 167.34415 | ... BI100: =BI101+BI102+BI103+BI104 -> 41.717236
C101: 430 | D101: Revenus divers d'exploitation | E101: ='4.1 Comptes 2022 natures'!E101/'4.1 Comptes 2022 natures'!E3 -> 0 | F101: ='4.1 Comptes 2022 natures'!F101/'4.1 Comptes 2022 natures'!F3 -> 4.9141085 | G101: ='4.1 Comptes 2022 natures'!G101/'4.1 Comptes 2022 natures'!G3 -> 0 | H101: ='4.1 Comptes 2022 natures'!H101/'4.1 Comptes 2022 natures'!H3 -> 0 | I101: ='4.1 Comptes 2022 natures'!I101/'4.1 Comptes 2022 natures'!I3 -> 0 | J101: ='4.1 Comptes 2022 natures'!J101/'4.1 Comptes 2022 natures'!J3 -> 0 | K101: ='4.1 Comptes 2022 natures'!K101/'4.1 Comptes 2022 natures'!K3 -> 0.076865109 | L101: ='4.1 Comptes 2022 natures'!L101/'4.1 Comptes 2022 natures'!L3 -> 167.34415 | ... BE101: ='4.1 Comptes 2022 natures'!BE101/'4.1 Comptes 2022 natures'!BE3 -> 0 | BF101: =SUM(E101:BE101) -> 250.25444 | BG101: =SUM(E101:W101) -> 178.58962 | BH101: =SUM(X101:AJ101) -> 31.983203 | BI101: =SUM(AK101:BE101) -> 39.681613
C102: 431 | D102: Inscriptions de prestations propres portées à l'actif | E102: ='4.1 Comptes 2022 natures'!E102/'4.1 Comptes 2022 natures'!E3 -> 0 | F102: ='4.1 Comptes 2022 natures'!F102/'4.1 Comptes 2022 natures'!F3 -> 0 | G102: ='4.1 Comptes 2022 natures'!G102/'4.1 Comptes 2022 natures'!G3 -> 0 | H102: ='4.1 Comptes 2022 natures'!H102/'4.1 Comptes 2022 natures'!H3 -> 0 | I102: ='4.1 Comptes 2022 natures'!I102/'4.1 Comptes 2022 natures'!I3 -> 0 | J102: ='4.1 Comptes 2022 natures'!J102/'4.1 Comptes 2022 natures'!J3 -> 0 | K102: ='4.1 Comptes 2022 natures'!K102/'4.1 Comptes 2022 natures'!K3 -> 0 | L102: ='4.1 Comptes 2022 natures'!L102/'4.1 Comptes 2022 natures'!L3 -> 0 | ... BE102: ='4.1 Comptes 2022 natures'!BE102/'4.1 Comptes 2022 natures'!BE3 -> 0 | BF102: =SUM(E102:BE102) -> 19.110098 | BG102: =SUM(E102:W102) -> 1.2604181 | BH102: =SUM(X102:AJ102) -> 17.849679 | BI102: =SUM(AK102:BE102) -> 0
